Workbook
Name PRINTALL: #REF!
Name PRINTBALSHALL: #REF!
Name PRINTRESTRICTED: #REF!

Sheet Budget Summary
B1: Northfork Special Service District
B2: Budget Summary
F4: 2018 Adopted | H4: 2018 Amended | J4: 2019 Amended | N4: 2020 Adopted | P4: 2020 | R4: 2021 | T4: 2021 | V4: 2021 Adopted | X4: 2021 Amended | Z4: 2022 Adopted | AB4: 2022 | AD4: 2022 Amended | AF4: 2023 Adopted | AH4: 2023 Amended | AJ4: 2024 Adopted | AL4: 2024 Amended | AN4: 2025 Adopted | AP4: 2025 Amended | AR4: 2026 Adopted | AT4: 2026 Amended | AV4: 2027 Proposed
D5: 2017 Actual | F5: Budget | H5: Budget | J5: Budget | L5: 2019 Actual | N5: Budget | P5: Actual | R5: Estimate | T5: Actual | V5: Budget | X5: Budget | Z5: Budget | AB5: Estimate | AD5: Budget | AF5: Budget | AH5: Budget | AJ5: Budget | AL5: Budget | AN5: Budget | AP5: Budget | AR5: Budget | AT5: Budget | AV5: Budget
A7: Groupin Code | B7: Operating Revenues:
A8: 30 | B8: Charges for services | D8: 1277132 | F8: 1617868 | H8: -11400 | J8: 62917 | L8: 1733125 | N8: 45600 | P8: 4347358 | R8: 4820274 | T8: 2661964 | V8: 2318848 | X8: 2562717.5 | Z8: 2342823.2 | AB8: 5355860 | AD8: 2730600 | AF8: 2855000 | AH8: 2973022.7 | AJ8: 3484700 | AL8: 3794980 | AN8: 3094980 | AP8: 3494980 | AR8: 3484700 | AT8: 4792700 | AV8: 4341802.3
A9: 40 | B9: Miscellaneous revenue | J9: 0 | L9: 0 | N9: 0 | P9: 775 | R9: 0 | T9: 1431 | V9: 0 | X9: 1400 | Z9: 1000 | AB9: 0 | AD9: 1000 | AF9: 2000 | AH9: 2510.25 | AJ9: 1300 | AL9: 1300 | AN9: 1300 | AP9: 1300 | AR9: 1300 | AT9: 1300 | AV9: 1300
D10: 1277132 | F10: 1617868 | H10: -11400 | J10: 62917 | L10: 1733125 | N10: 45600 | P10: 4348133 | R10: 4820274 | T10: 2663395 | V10: 2318848 | X10: 2564117.5 | Z10: 2343823.2 | AB10: 5355860 | AD10: 2731600 | AF10: 2857000 | AH10: 2975533 | AJ10: 3486000 | AL10: 3796280 | AN10: 3096280 | AP10: 4794000 | AR10: 3486000 | AT10: 4794000 | AV10: 4343102.3
B12: Operating Expenses:
A13: 100 | B13: Salaries and Benefits | D13: 538876 | F13: 703532 | H13: 247460 | J13: 62460 | L13: 794102 | N13: 17180.67 | P13: 2451155 | R13: 2715723.6 | T13: 1107697 | V13: 1200143.6 | X13: 1279237.1 | Z13: 1364359.7 | AB13: 3017470.7 | AD13: 1366380.8 | AF13: 1802542 | AH13: 1965129.8 | AJ13: 2863446.5 | AL13: 2453643 | AN13: 2277235.4 | AP13: 2342334.4 | AR13: 2863446.5 | AT13: 3122407.5 | AV13: 3119493.8
A14: 200 | B14: General and Administrative | D14: 278958 | F14: 526999 | H14: 47273 | J14: 31994 | L14: 385622 | N14: -103976 | P14: 960311 | R14: 782660.4 | T14: 472530 | V14: 559776.67 | X14: 648275.84 | Z14: 551614.11 | AB14: 869622.67 | AD14: 776411.44 | AF14: 591272.11 | AH14: 662560.03 | AJ14: 1044960.9 | AL14: 847867 | AN14: 793644.88 | AP14: 1125414.9 | AR14: 1044960.9 | AT14: 1188011.5 | AV14: 1170860.5
A15: 500 | B15: Repairs and Maintenance | D15: 119175 | F15: 0 | H15: 298100 | J15: 682646 | L15: 72629 | N15: 763727 | P15: 248740 | R15: 208657.2 | T15: 150498 | V15: 142150 | X15: 196900 | Z15: 143150 | AB15: 231841.33 | AD15: 164950 | AF15: 148950 | AH15: 147624.77 | AJ15: 254200 | AL15: 249200 | AN15: 235500 | AP15: 285200 | AR15: 254200 | AT15: 285770 | AV15: 264350
A16: 700 | B16: Depreciation and Amortization | D16: 244207 | F16: 247094 | H16: 1300 | J16: 34600 | L16: 339893 | N16: 3000 | P16: 450618 | R16: 225309.6 | T16: 367933 | V16: 339500 | X16: 354690 | Z16: 355000 | AB16: 250344 | AD16: 365000 | AF16: 365000 | AH16: 337000 | AJ16: 310882 | AL16: 330882 | AN16: 310882 | AP16: 330882 | AR16: 310882 | AT16: 310882 | AV16: 310882
A17: 600 | B17: Bad Debt | D17: 58095 | F17: 0 | H17: -10400 | J17: -60000 | L17: 171 | N17: -60000 | P17: 0 | R17: 0 | T17: 0 | V17: 0 | X17: 0 | Z17: 0 | AB17: 0 | AH17: 0 | AJ17: 0 | AL17: 0 | AN17: 0 | AP17: 0 | AR17: 0 | AT17: 0 | AV17: 0
B18: Total operating expenses | D18: 1239311 | F18: 1477625 | H18: 583733 | J18: 751700 | L18: 1592417 | N18: 619931.67 | P18: 4110824 | R18: 3932350.8 | T18: 2098658 | V18: 2241570.3 | X18: 2479102.9 | Z18: 2414123.8 | AB18: 4369278.7 | AD18: 2672742.2 | AF18: 2907764.1 | AH18: 3112314.6 | AJ18: 4473489.4 | AL18: 3881592 | AN18: 3617262.2 | AP18: 4907071 | AR18: 4473489.4 | AT18: 4907071 | AV18: 4865586.2
B19: Operating income | D19: 37821 | F19: 140243 | H19: -595133 | J19: -688783 | L19: 140708 | N19: -574331.67 | P19: 237309 | R19: 887923.2 | T19: 564737 | V19: 77277.71 | X19: 85014.603 | Z19: -70300.62 | AB19: 986581.33 | AD19: 58857.78 | AF19: -50764.125 | AH19: -136781.62 | AJ19: -987489.38 | AL19: -85312.04 | AN19: -520982.24 | AP19: -113070.98 | AR19: -987489.38 | AT19: -113070.98 | AV19: -522483.93
B21: Nonoperating Revenues (Expenses)
A22: 950 | B22: Property Taxes | D22: 160986 | F22: 145000 | H22: -65 | J22: -50 | L22: 168294 | N22: -50 | P22: 205354 | R22: 166404 | T22: 179064 | V22: 160000 | X22: 160000 | Z22: 160000 | AB22: 180000 | AD22: 160000 | AF22: 165000 | AH22: 165000 | AJ22: 165000 | AL22: 165000 | AN22: 165000 | AP22: 165000 | AR22: 165000 | AT22: 165000 | AV22: 165000
A23: 60 | B23: Donations | D23: 62080 | F23: 15000 | H23: -2400 | J23: -9000 | L23: 66305 | N23: -9000 | P23: 436435 | R23: 175648.8 | T23: 18200 | V23: 15000 | X23: 15000 | Z23: 15000 | AB23: 195165.33 | AD23: 15000 | AF23: 20000 | AH23: 18013.9 | AJ23: 15000 | AL23: 15000 | AN23: 15000 | AP23: 15000 | AR23: 15000 | AT23: 15000 | AV23: 15000
A24: 960 | B24: Interest income | D24: 45267 | F24: 8500 | H24: 375400 | J24: 522000 | L24: 108661 | N24: 500000 | P24: 10009291 | R24: 46628.4 | T24: 131030 | V24: 25200 | X24: 25200 | Z24: 25200 | AB24: 51809.333 | AD24: 66000 | AF24: 79000 | AH24: 181209.84 | AJ24: 189000 | AL24: 379000 | AN24: 379000 | AP24: 379000 | AR24: 189000 | AT24: 203000 | AV24: 202000
A25: 70 | B25: Grant revenue | D25: 0 | F25: 0 | H25: 0 | J25: -2000 | L25: 27282 | N25: -2000 | P25: 19533 | R25: 15018 | T25: -7496 | V25: 94000 | X25: 118900 | Z25: 100000 | AB25: 3100000 | AD25: 100000 | AF25: 165000 | AH25: 10846000 | AJ25: 3850000 | AL25: 9040000 | AN25: 12040000 | AP25: 12040000 | AR25: 3850000 | AT25: 2729841.6 | AV25: 1515250
B26: Gain (loss) on the disposal of capital assets | L26: -940 | P26: 0 | R26: -2784627.6 | T26: -11032 | Z26: 0 | AD26: 0 | AF26: 0 | AH26: 0 | AJ26: 0 | AL26: 0 | AN26: 0 | AP26: 0 | AR26: 0 | AT26: 0 | AV26: 0
A27: 710 | B27: capital outlay | J27: 0 | L27: 0 | N27: 0 | P27: -39296 | R27: 0 | T27: 0 | V27: 0 | X27: 0 | Z27: 0 | AB27: -6841000 | AD27: -1611000 | AF27: 0 | AH27: 0 | AJ27: 0 | AL27: 0 | AN27: 0 | AP27: 0 | AR27: 0 | AT27: 0 | AV27: 0
A28: 620 | B28: Interest Expense | D28: -137305 | F28: -458875 | J28: -17450 | L28: -126266 | N28: -133574 | P28: -41359 | R28: -103910 | T28: -90634 | V28: -103910 | X28: -77910 | Z28: -101125.38 | AB28: 85000 | AD28: -95110 | AF28: -86589 | AH28: -86589 | AJ28: -164178 | AL28: -164178 | AN28: -164178 | AP28: -164178 | AR28: -164178 | AT28: -164178 | AV28: -164178
B29: Total nonoperating revenue (expense) | D29: 131028 | F29: -290375 | H29: 372935 | J29: 493500 | L29: 243336 | N29: 355376 | P29: 10589958 | R29: -2484838.4 | T29: 219132 | V29: 190290 | X29: 241190 | Z29: 199074.62 | AB29: -3229025.3 | AD29: -1365110 | AF29: 342411 | AH29: 11123635 | AJ29: 4054822 | AL29: 9434822 | AN29: 12434822 | AP29: 2948663.6 | AR29: 4054822 | AT29: 2948663.6 | AV29: 1733072
B30: Additions (reductions) in net position | D30: 168849 | F30: -150132 | H30: -222198 | J30: -195283 | L30: 384044 | N30: -218955.67 | P30: 10827267 | R30: -1596915.2 | T30: 783869 | V30: 267567.71 | X30: 326204.6 | Z30: 128774 | AB30: -2242444 | AD30: -1306252.2 | AF30: 291646.87 | AH30: 10986853 | AJ30: 3067332.6 | AL30: 9349510 | AN30: 11913840 | AP30: 2835592.6 | AR30: 3067332.6 | AT30: 2835592.6 | AV30: 1210588.1
B32: Debt Service and Capital Outlay
B33: Debt Service (principal payments) | D33: 380755 | F33: 0 | H33: 253118 | J33: 223974.71 | L33: -418975 | N33: 418497.76 | P33: 418975 | R33: 435628 | T33: 435628 | V33: 421691.93 | X33: 435628.32 | Z33: 410870.97 | AB33: 435628 | AD33: 410871 | AF33: 401116 | AH33: -401116.1 | AJ33: 0 | AL33: 0 | AN33: 421312 | AP33: 0 | AR33: -366133.21 | AT33: -366133.21 | AV33: -162531.4
A34: 710 | B34: Capital outlay | D34: 1702811 | F34: 5000 | H34: 18200 | J34: 1250000 | L34: -587232 | N34: 0 | P34: 833496 | R34: 0 | T34: 0 | V34: 0 | X34: 0 | Z34: 0 | AB34: 0 | AD34: 234000 | AF34: 4281000 | AH34: -10398000 | AJ34: -5255000 | AL34: -9706000 | AN34: -29381000 | AP34: -10415500 | AR34: -5255000 | AT34: -6025000 | AV34: -3249000
B35: Total debt service and capital outlay | D35: 2083566 | F35: 5000 | H35: 271318 | J35: 1473974.7 | L35: -1006207 | N35: 418497.76 | P35: 1252471 | R35: 435628 | T35: 435628 | V35: 421691.93 | X35: 435628.32 | Z35: 410870.97 | AB35: 435628 | AD35: 644871 | AF35: 4682116 | AH35: -10799116 | AJ35: -5255000 | AL35: -9706000 | AN35: -28959688 | AP35: -6391133.2 | AR35: -5621133.2 | AT35: -6391133.2 | AV35: -3411531.4
B37: Total net change | D37: -1914717 | F37: -155132 | H37: -493516 | J37: -1669257.7 | L37: -622163 | N37: -637453.43 | P37: 9574796 | R37: -2032543.2 | T37: 348241 | V37: -154124.22 | X37: -109423.72 | Z37: -282096.97 | AB37: -2678072 | AD37: -1951123.2 | AF37: -4390469.1 | AH37: 187737.02 | AJ37: -2187667.4 | AL37: -356490.04 | AN37: -17045848 | AP37: -3555540.6 | AR37: -2553800.6 | AT37: -3555540.6 | AV37: -2200943.3
B38: Bonds or other financing | AJ38: 0 | AL38: 0 | AN38: 14000000 | AP38: 3000000 | AR38: 0 | AT38: 0 | AV38: 0
B39: Amount transferred (To)/From reserves | D39: 1914717 | F39: 155132 | H39: 493516 | J39: 1669257.7 | L39: 622163 | N39: 637453.43 | P39: -9574796 | R39: 2032543.2 | T39: -348241 | V39: 154124.22 | X39: 109423.72 | Z39: 282096.97 | AB39: 2678072 | AD39: 1951123.2 | AF39: 4390469.1 | AH39: -187737.02 | AJ39: 2187667.4 | AL39: 356490.04 | AN39: 3045848.2 | AP39: 3555540.6 | AR39: 2553800.6 | AT39: 3555540.6 | AV39: 2200943.3
B40: Budget Balance | D40: 0 | F40: 0 | H40: 0 | J40: 0 | L40: 0 | N40: 0 | P40: 0 | R40: 0 | T40: 0 | V40: 0 | X40: 0 | Z40: 0 | AB40: 0 | AD40: 0 | AF40: 0 | AH40: 0 | AJ40: 0 | AL40: 0 | AN40: 0 | AP40: 0 | AR40: 0 | AT40: 0 | AV40: 0

Sheet 27 Proposed Budget by Dept
B1: Northfork Special Service District
B2: 2027 Proposed Budget by Department
F4: 2018 Adopted | H4: 2018 Amended | J4: 20 | L4: 22 | N4: 51 | P4: 52 | R4: 53
D5: 2017 Actual | F5: Budget | H5: Budget | J5: Fire/EMS | L5: Wildland | N5: Water | P5: Sewer | R5: Garbage | T5: Total
B7: Operating Revenues:
A8: 30 | B8: Charges for services | D8: 1277132 | F8: 1617868 | H8: -11400 | J8: 1189078.3 | L8: 1686024 | N8: 752720 | P8: 685480 | R8: 28500 | T8: 4341802.3
A9: 40 | B9: Miscellaneous revenue | J9: 1300 | L9: 0 | N9: 0 | P9: 0 | R9: 0 | T9: 1300
D10: 1277132 | F10: 1617868 | H10: -11400 | J10: 1190378.3 | L10: 1686024 | N10: 752720 | P10: 685480 | R10: 28500 | T10: 4343102.3
B12: Operating Expenses:
A13: 100 | B13: Salaries and Benefits | D13: 538876 | F13: 703532 | H13: 247460 | J13: 1115849.5 | L13: 1239165.6 | N13: 376088.8 | P13: 376050.4 | R13: 12339.491 | T13: 3119493.8
A14: 200 | B14: General and Administrative | D14: 278958 | F14: 526999 | H14: 47273 | J14: 287720.49 | L14: 214000 | N14: 328300 | P14: 322600 | R14: 18240 | T14: 1170860.5
A15: 500 | B15: Repairs and Maintenance | D15: 119175 | F15: 0 | H15: 298100 | J15: 49000 | L15: 52000 | N15: 116000 | P15: 43350 | R15: 4000 | T15: 264350
A16: 700 | B16: Depreciation | D16: 58095 | F16: 0 | H16: 1300 | J16: 110000 | L16: 0 | N16: 87202 | P16: 111558 | R16: 2122 | T16: 310882
A17: 600 | B17: Bad Debt | J17: 0 | L17: 0 | N17: 0 | P17: 0 | R17: 0 | T17: 0
B18: Total operating expenses | D18: 995104 | F18: 1230531 | H18: 594133 | J18: 1562570 | L18: 1505165.6 | N18: 907590.8 | P18: 853558.4 | R18: 36701.491 | T18: 4865586.2
B19: Operating income | D19: 282028 | F19: 387337 | H19: -605533 | J19: -372191.65 | L19: 180858.42 | N19: -154870.8 | P19: -168078.4 | R19: -8201.4908 | T19: -522483.93
B21: Nonoperating Revenues (Expenses)
A22: 950 | B22: Property Taxes | D22: 160986 | F22: 145000 | H22: -65 | J22: 85000 | L22: 0 | N22: 80000 | P22: 0 | R22: 0 | T22: 165000
A23: 60 | B23: Donations | D23: 62080 | F23: 15000 | H23: -2400 | J23: 15000 | L23: 0 | N23: 0 | P23: 0 | R23: 0 | T23: 15000
A24: 960 | B24: Interest income | D24: 45267 | F24: 8500 | H24: 375400 | J24: 40000 | L24: 12000 | N24: 100000 | P24: 50000 | R24: 0 | T24: 202000
A25: 70 | B25: Grant revenue | D25: 0 | F25: 0 | H25: 0 | J25: 55250 | L25: 60000 | N25: 1400000 | P25: 0 | R25: 0 | T25: 1515250
A26: 620 | B26: Interest Expense | D26: -137305 | F26: -458875 | H26: -21496 | J26: -9000 | L26: 0 | N26: -91558 | P26: -63620 | R26: 0 | T26: -164178
B27: Total nonoperating revenue (expense) | D27: 131028 | F27: -290375 | H27: 351439 | J27: 186250 | L27: 72000 | N27: 1488442 | P27: -13620 | R27: 0 | T27: 1733072
B28: Additions (reductions) in net position | D28: 413056 | F28: 96962 | H28: -254094 | J28: -185941.65 | L28: 252858.42 | N28: 1333571.2 | P28: -181698.4 | R28: -8201.4908 | T28: 1210588.1
B30: Debt Service and Capital Outlay
A31: 970 | B31: Debt Service (principal payments) | D31: 380755 | F31: 0 | H31: 63118 | J31: -21531.4 | L31: 0 | N31: -141000 | P31: 0 | R31: 0 | T31: -162531.4
A32: 710 | B32: Capital outlay | D32: 1702811 | F32: 5000 | H32: 18200 | J32: -619000 | L32: 0 | N32: -1590000 | P32: -1040000 | R32: 0 | T32: -3249000
B33: Total debt service and capital outlay | D33: 2083566 | F33: 5000 | H33: 81318 | J33: -640531.4 | L33: 0 | N33: -1731000 | P33: -1040000 | R33: 0 | T33: -3411531.4
B35: Net increase (decrease) | J35: -826473.05 | L35: 252858.42 | N35: -397428.8 | P35: -1221698.4 | R35: -8201.4908 | T35: -2200943.3

Sheet Budget State 27 Proposed
B1: Northfork Special Service District
B2: 2027 Proposed Budget
D4: 2025 | F4: 2026 | H4: 2027 Amended
D5: Actual | F5: Estimate | H5: Budget
A7: Grouping Code | B7: Operating Revenues:
A8: 30 | B8: Charges for services | D8: 4347358 | F8: 5355860 | H8: 4341802.3
A9: 40 | B9: Miscellaneous revenue | D9: 775 | F9: 0 | H9: 1300
D10: 4348133 | F10: 5355860 | H10: 4343102.3
B12: Operating Expenses:
A13: 100 | B13: Salaries and Benefits | D13: 2451155 | F13: 3017470.7 | H13: 3119493.8
A14: 200 | B14: General and Administrative | D14: 960311 | F14: 869622.67 | H14: 1170860.5
A15: 500 | B15: Repairs and Maintenance | D15: 248740 | F15: 231841.33 | H15: 264350
A16: 700 | B16: Depreciation and Amortization | D16: 450618 | F16: 250344 | H16: 310882
A17: 600 | B17: Bad Debt | D17: 0 | F17: 0 | H17: 0
B18: Total operating expenses | D18: 4110824 | F18: 4369278.7 | H18: 4865586.2
B19: Operating income | D19: 237309 | F19: 986581.33 | H19: -522483.93
B21: Nonoperating Revenues (Expenses)
A22: 950 | B22: Property Taxes | D22: 205354 | F22: 180000 | H22: 165000
A23: 60 | B23: Donations | D23: 19533 | F23: 16686.667 | H23: 15000
A24: 960 | B24: Interest income | D24: 436435 | F24: 195165.33 | H24: 202000
A25: 70 | B25: Grant revenue | D25: 10009291 | F25: 51809.333 | H25: 1515250
B26: Gain (loss) on the disposal of capital assets | D26: -39296 | F26: 0 | H26: 0
A27: 710 | B27: capital outlay | D27: 0 | F27: 0 | H27: 0
A28: 620 | B28: Interest Expense | D28: -41359 | F28: -96061 | H28: -164178
B29: Total nonoperating revenue (expense) | D29: 10589958 | F29: 347600.33 | H29: 1733072
B30: Additions (reductions) in net position | D30: 10827267 | F30: 1334181.7 | H30: 1210588.1
B32: Debt Service and Capital Outlay
B33: Debt Service (principal payments) | D33: -416209 | F33: -366133.21 | H33: -162531.4
B34: Capital outlay | D34: 0 | F34: -3094030.7 | H34: -3249000
B35: Total debt service and capital outlay | D35: -416209 | F35: -3460163.9 | H35: -3411531.4
B37: Total net change | D37: 10411058 | F37: -2125982.2 | H37: -2200943.3
B38: Amount transferred (To)/From reserves | D38: -10411058 | F38: 2125982.2 | H38: 2200943.3
B39: Budget Balance | D39: 0 | F39: 0 | H39: 0

Sheet 26 Amended Budget by Dept
B1: Northfork Special Service District
B2: 2026 Amended Budget by Department
F4: 2018 Adopted | H4: 2018 Amended | J4: 20 | L4: 22 | N4: 51 | P4: 52 | R4: 53
D5: 2017 Actual | F5: Budget | H5: Budget | J5: Fire/EMS | L5: Wildland | N5: Water | P5: Sewer | R5: Garbage | T5: Total
B7: Operating Revenues:
A8: 30 | B8: Charges for services | D8: 1277132 | F8: 1617868 | H8: -11400 | J8: 1126000 | L8: 2200000 | N8: 752720 | P8: 685480 | R8: 28500 | T8: 4792700
A9: 40 | B9: Miscellaneous revenue | J9: 1300 | L9: 0 | N9: 0 | P9: 0 | R9: 0 | T9: 1300
D10: 1277132 | F10: 1617868 | H10: -11400 | J10: 1127300 | L10: 2200000 | N10: 752720 | P10: 685480 | R10: 28500 | T10: 4794000
B12: Operating Expenses:
A13: 100 | B13: Salaries and Benefits | D13: 538876 | F13: 703532 | H13: 247460 | J13: 1341654.3 | L13: 1017018 | N13: 376046.52 | P13: 376008.12 | R13: 11680.549 | T13: 3122407.5
A14: 200 | B14: General and Administrative | D14: 278958 | F14: 526999 | H14: 47273 | J14: 319871.51 | L14: 212000 | N14: 315300 | P14: 322600 | R14: 18240 | T14: 1188011.5
A15: 500 | B15: Repairs and Maintenance | D15: 119175 | F15: 0 | H15: 298100 | J15: 51070 | L15: 57000 | N15: 120350 | P15: 53350 | R15: 4000 | T15: 285770
A16: 700 | B16: Depreciation | D16: 58095 | F16: 0 | H16: 1300 | J16: 110000 | L16: 0 | N16: 87202 | P16: 111558 | R16: 2122 | T16: 310882
A17: 600 | B17: Bad Debt | J17: 0 | L17: 0 | N17: 0 | P17: 0 | R17: 0 | T17: 0
B18: Total operating expenses | D18: 995104 | F18: 1230531 | H18: 594133 | J18: 1822595.8 | L18: 1286018 | N18: 898898.52 | P18: 863516.12 | R18: 36042.549 | T18: 4907071
B19: Operating income | D19: 282028 | F19: 387337 | H19: -605533 | J19: -695295.8 | L19: 913982 | N19: -146178.52 | P19: -178036.12 | R19: -7542.5493 | T19: -113070.98
B21: Nonoperating Revenues (Expenses)
A22: 950 | B22: Property Taxes | D22: 160986 | F22: 145000 | H22: -65 | J22: 85000 | L22: 0 | N22: 80000 | P22: 0 | R22: 0 | T22: 165000
A23: 60 | B23: Donations | D23: 62080 | F23: 15000 | H23: -2400 | J23: 15000 | L23: 0 | N23: 0 | P23: 0 | R23: 0 | T23: 15000
A24: 960 | B24: Interest income | D24: 45267 | F24: 8500 | H24: 375400 | J24: 39000 | L24: 14000 | N24: 100000 | P24: 50000 | R24: 0 | T24: 203000
A25: 70 | B25: Grant revenue | D25: 0 | F25: 0 | H25: 0 | J25: 100000 | L25: 10000 | N25: 0 | P25: 2619841.6 | R25: 0 | T25: 2729841.6
A26: 620 | B26: Interest Expense | D26: -137305 | F26: -458875 | H26: -21496 | J26: -9000 | L26: 0 | N26: -91558 | P26: -63620 | R26: 0 | T26: -164178
B27: Total nonoperating revenue (expense) | D27: 131028 | F27: -290375 | H27: 351439 | J27: 230000 | L27: 24000 | N27: 88442 | P27: 2606221.6 | R27: 0 | T27: 2948663.6
B28: Additions (reductions) in net position | D28: 413056 | F28: 96962 | H28: -254094 | J28: -465295.8 | L28: 937982 | N28: -57736.517 | P28: 2428185.5 | R28: -7542.5493 | T28: 2835592.6
B30: Debt Service and Capital Outlay
A31: 970 | B31: Debt Service (principal payments) | D31: 380755 | F31: 0 | H31: 63118 | J31: -57808 | L31: 0 | N31: -138000 | P31: -170325.21 | R31: 0 | T31: -366133.21
A32: 710 | B32: Capital outlay | D32: 1702811 | F32: 5000 | H32: 18200 | J32: 0 | L32: -515000 | N32: -930000 | P32: -4580000 | R32: 0 | T32: -6025000
B33: Total debt service and capital outlay | D33: 2083566 | F33: 5000 | H33: 81318 | J33: -57808 | L33: -515000 | N33: -1068000 | P33: -4750325.2 | R33: 0 | T33: -6391133.2
B35: Net increase (decrease) | J35: -523103.8 | L35: 422982 | N35: -1125736.5 | P35: -2322139.7 | R35: -7542.5493 | T35: -3555540.6

Sheet Budget State 26 Amended
B1: Northfork Special Service District
B2: 2026 Amended Budget
D4: 2025 | F4: 2026 | H4: 2026 Amended
D5: Actual | F5: Estimate | H5: Budget
A7: Grouping Code | B7: Operating Revenues:
A8: 30 | B8: Charges for services | D8: 4347358 | F8: 5355860 | H8: 4792700
A9: 40 | B9: Miscellaneous revenue | D9: 775 | F9: 0 | H9: 1300
D10: 4348133 | F10: 5355860 | H10: 4794000
B12: Operating Expenses:
A13: 100 | B13: Salaries and Benefits | D13: 2451155 | F13: 3017470.7 | H13: 3122407.5
A14: 200 | B14: General and Administrative | D14: 960311 | F14: 869622.67 | H14: 1188011.5
A15: 500 | B15: Repairs and Maintenance | D15: 248740 | F15: 231841.33 | H15: 285770
A16: 700 | B16: Depreciation and Amortization | D16: 450618 | F16: 250344 | H16: 310882
A17: 600 | B17: Bad Debt | D17: 0 | F17: 0 | H17: 0
B18: Total operating expenses | D18: 4110824 | F18: 4369278.7 | H18: 4907071
B19: Operating income | D19: 237309 | F19: 986581.33 | H19: -113070.98
B21: Nonoperating Revenues (Expenses)
A22: 950 | B22: Property Taxes | D22: 205354 | F22: 180000 | H22: 165000
A23: 60 | B23: Donations | D23: 19533 | F23: 16686.667 | H23: 15000
A24: 960 | B24: Interest income | D24: 436435 | F24: 195165.33 | H24: 203000
A25: 70 | B25: Grant revenue | D25: 10009291 | F25: 51809.333 | H25: 2729841.6
B26: Gain (loss) on the disposal of capital assets | D26: -39296 | F26: 0 | H26: 0
A27: 710 | B27: capital outlay | D27: 0 | F27: 0 | H27: 0
A28: 620 | B28: Interest Expense | D28: -41359 | F28: -96061 | H28: -164178
B29: Total nonoperating revenue (expense) | D29: 10589958 | F29: 347600.33 | H29: 2948663.6
B30: Additions (reductions) in net position | D30: 10827267 | F30: 1334181.7 | H30: 2835592.6
B32: Debt Service and Capital Outlay
B33: Debt Service (principal payments) | D33: -416209 | F33: -366133.21 | H33: -366133.21
B34: Capital outlay | D34: 0 | F34: -3094030.7 | H34: -6025000
B35: Total debt service and capital outlay | D35: -416209 | F35: -3460163.9 | H35: -6391133.2
B37: Total net change | D37: 10411058 | F37: -2125982.2 | H37: -3555540.6
B38: Amount transferred (To)/From reserves | D38: -10411058 | F38: 2125982.2 | H38: 3555540.6
B39: Budget Balance | D39: 0 | F39: 0 | H39: 0

Sheet COA
A1: Account | B1: Description | C1: Fund | D1: Type | G1: Type | H1: Fund | I1: Grouping Code | J1: Grouping Code Name | K1: New Account Number | L1: Account Name
A2: 20-10000 | B2: Cash Combined Fund | C2: 20 | D2: A | G2: A | H2: 20 | I2: 10000 | J2: Cash and Cash Equivalents | K2: 20-10000 | L2: Cash Combined Fund
A3: 20-10400 | B3: Petty Cash | C3: 20 | D3: A | G3: A | H3: 20 | I3: 10000 | J3: Cash and Cash Equivalents | K3: 20-10400 | L3: Petty Cash
A4: 20-10500 | B4: Restricted Cash Clearing | C4: 20 | D4: A | G4: A | H4: 20 | I4: 16200 | J4: Noncurrent restricted cash and investments | K4: 20-10500 | L4: Restricted Cash
A5: 20-10610 | B5: 0348 PTIF Fire Reserve | C5: 20 | D5: A | G5: A | H5: 20 | I5: 10000 | J5: Cash and Cash Equivalents | K5: 20-10610 | L5: 0348 PTIF Fire Reserve
A6: 20-10611 | B6: 8554 PTIF Hazmat Reserve | C6: 20 | D6: A | G6: A | H6: 20 | I6: 16200 | J6: Noncurrent restricted cash and investments | K6: 20-10611 | L6: 8554 PTIF Hazmat Reserve
A7: 20-10612 | B7: 0348 PTIF Fire Reserve DUE2WL | C7: 20 | D7: A | G7: A | H7: 20 | I7: 10000 | J7: Cash and Cash Equivalents | K7: 20-10612 | L7: 0348 PTIF Fire Reserve DUE2WL
A8: 20-11500 | B8: Accounts Receivable | C8: 20 | D8: A | G8: A | H8: 20 | I8: 11500 | J8: Accounts Receivable | K8: 20-11500 | L8: Accounts Receivable
A9: 20-11520 | B9: Property Tax Receivable | C9: 20 | D9: A | G9: A | H9: 20 | I9: 11510 | J9: Property Tax Receivable | K9: 20-11520 | L9: Property Tax Receivable
A10: 20-11570 | B10: Allow for Doubtful Accts | C10: 20 | D10: A | G10: A | H10: 20 | I10: 11500 | J10: Accounts Receivable | K10: 20-11570 | L10: Allow for Doubtful Accts
A11: 20-14300 | B11: Prepaid Expenses | C11: 20 | D11: A | G11: A | H11: 20 | I11: 14300 | J11: Prepaid Expenses | K11: 20-14300 | L11: Prepaid Expenses
A12: 20-16000 | B12: Administrative Equipment | C12: 20 | D12: A | G12: A | H12: 20 | I12: 16320 | J12: Equipment | K12: 20-16000 | L12: Administrative Equipment
A13: 20-16005 | B13: Land | C13: 20 | D13: A | G13: A | H13: 20 | I13: 16350 | J13: Land | K13: 20-16005 | L13: Land
... A40: 20-28510 | B40: Zions Bank - Station 2 Note | C40: 20 | D40: L | G40: L | H40: 20 | I40: 22250 | J40: Compensated Absences Noncurrent | K40: 20-25125 | L40: Compensated Absences Noncurrent
A41: 20-28511 | B41: Note Current Portion | C41: 20 | D41: L | G41: L | H41: 20 | I41: 0 | J41: #N/A | K41: 20-25150 | L41: Accrued Sick Pay
A42: 20-28520 | B42: Oshkosh Capital - Fire Tender | C42: 20 | D42: L | G42: L | H42: 20 | I42: 28000 | J42: Accrued Interest Payable | K42: 20-28000 | L42: Accrued Interest Payable
A43: 20-28521 | B43: Lease Current Portion | C43: 20 | D43: L | G43: L | H43: 20 | I43: 28510 | J43: Notes Payable - Noncurrent | K43: 20-28510 | L43: Zions Bank - Station 2 Note
A44: 20-28550 | B44: Hinklease Truck Lease | C44: 20 | D44: L | G44: L | H44: 20 | I44: 28505 | J44: Notes Payable - Current | K44: 20-28511 | L44: Note Current Portion
A45: 20-28551 | B45: Lease Current Portion | C45: 20 | D45: L | G45: L | H45: 20 | I45: 28520 | J45: Capital Leases Payable - Noncurrent | K45: 20-28520 | L45: Oshkosh Capital - Fire Tender
A46: 20-28560 | B46: Station Expansion Bond | C46: 20 | D46: L | G46: L | H46: 20 | I46: 28521 | J46: Capital Leases Payable - Current | K46: 20-28521 | L46: Lease Current Portion
A47: 20-28561 | B47: Station Bond Current Portion | C47: 20 | D47: L | G47: L | H47: 20 | I47: 28505 | J47: Notes Payable - Current | K47: 20-28551 | L47: Ambulance Lease Current Portion
A48: 20-28570 | B48: Ambulance Lease | C48: 20 | D48: L | G48: L | H48: 20 | I48: 28540 | J48: Bonds Payable - Noncurrent | K48: 20-28560 | L48: Station Expansion Bond Payable
A49: 20-29100 | B49: Fund Balance | C49: 20 | D49: F | G49: L | H49: 20 | I49: 28541 | J49: Bonds Payable - Current | K49: 20-28561 | L49: Station Bond Current Portion
A50: 20-30-200 | B50: Fire Response | C50: 20 | D50: R | G50: L | H50: 20 | I50: 28510 | J50: Notes Payable - Noncurrent | K50: 20-28570 | L50: Ambulance Lease
A51: 20-30-400 | B51: Fire Fees | C51: 20 | D51: R | G51: C | H51: 20 | I51: 29100 | J51: Unrestricted | K51: 20-29100 | L51: Fund Balance
A52: 20-30-410 | B52: Fire/EMS Grants | C52: 20 | D52: R | G52: R | H52: 20 | I52: 30 | J52: Charges for services | K52: 20-30-200 | L52: Fire Response
A53: 20-30-425 | B53: Ambulance Income | C53: 20 | D53: R | G53: R | H53: 20 | I53: 30 | J53: Charges for services | K53: 20-30-400 | L53: Fire Fees
... A61: 20-45-600 | B61: Salaries & Wages | C61: 20 | D61: E | G61: R | H61: 20 | I61: 30 | J61: Charges for services | K61: 20-30-520 | L61: Contract Fees - Utah County
A62: 20-45-601 | B62: Payroll Taxes | C62: 20 | D62: E | G62: R | H62: 20 | J62: #N/A | K62: 20-30-525 | L62: Transfer from Capital Reserves
A63: 20-45-602 | B63: Retirement | C63: 20 | D63: E | G63: E | H63: 20 | I63: 100 | J63: Salaries and Benefits | K63: 20-45-600 | L63: Salaries & Wages
A64: 20-45-603 | B64: Medical, LTD, Life, AD&D | C64: 20 | D64: E | G64: E | H64: 20 | I64: 100 | J64: Salaries and Benefits | K64: 20-45-601 | L64: Payroll Taxes
A65: 20-45-604 | B65: Worker's Compensation | C65: 20 | D65: E | G65: E | H65: 20 | I65: 100 | J65: Salaries and Benefits | K65: 20-45-602 | L65: Retirement
A66: 20-45-607 | B66: Vacation/Sick/Holiday | C66: 20 | D66: E | G66: E | H66: 20 | I66: 100 | J66: Salaries and Benefits | K66: 20-45-603 | L66: Medical, LTD, Life, AD&D
A67: 20-45-608 | B67: Flex Plan | C67: 20 | D67: E | G67: E | H67: 20 | I67: 100 | J67: Salaries and Benefits | K67: 20-45-604 | L67: Worker's Compensation
A68: 20-45-609 | B68: Employee/Vol Incentives | C68: 20 | D68: E | G68: E | H68: 20 | I68: 100 | J68: Salaries and Benefits | K68: 20-45-607 | L68: Vacation/Sick/Holiday
A69: 20-45-610 | B69: Other Benefits | C69: 20 | D69: E | G69: E | H69: 20 | I69: 100 | J69: Salaries and Benefits | K69: 20-45-608 | L69: Flex Plan
A70: 20-45-612 | B70: Equipment & Supplies | C70: 20 | D70: E | G70: E | H70: 20 | I70: 100 | J70: Salaries and Benefits | K70: 20-45-609 | L70: Volunteer Incentives
A71: 20-45-614 | B71: Medical Supplies and Equipment | C71: 20 | D71: E | G71: E | H71: 20 | I71: 100 | J71: Salaries and Benefits | K71: 20-45-610 | L71: Volunteer Recruitment
A72: 20-45-615 | B72: Dues & Subscriptions | C72: 20 | D72: E | G72: E | H72: 20 | I72: 200 | J72: General and Administrative | K72: 20-45-612 | L72: Supplies
A73: 20-45-618 | B73: Accounting Services | C73: 20 | D73: E | G73: E | H73: 20 | I73: 200 | J73: General and Administrative | K73: 20-45-614 | L73: Medical Supplies & Equipment
A74: 20-45-619 | B74: IT Services | C74: 20 | D74: E | G74: E | H74: 20 | I74: 200 | J74: General and Administrative | K74: 20-45-615 | L74: Dues and Subscriptions
... A173: 51-22600 | B173: Payroll Benefits Payable | C173: 51 | D173: L | G173: A | H173: 51 | I173: 11510 | J173: Property Tax Receivable | K173: 51-11520 | L173: Property Tax Receivable
A174: 51-22700 | B174: Worker's Comp Payable | C174: 51 | D174: L | G174: A | H174: 51 | I174: 0 | J174: #N/A | K174: 51-11550 | L174: Water Assessment Receivable
A175: 51-22800 | B175: Flex/LTD Payable | C175: 51 | D175: L | G175: A | H175: 51 | I175: 11500 | J175: Accounts Receivable | K175: 51-11570 | L175: Allow for Doubtful Accts
A176: 51-23000 | B176: Unearned Revenue | C176: 51 | D176: L | G176: A | H176: 51 | I176: 11570 | J176: Allowance for Uncollectible Accounts Receivable | K176: 51-11575 | L176: Prior Year Write Offs
A177: 51-25100 | B177: Accrued Vacation | C177: 51 | D177: L | G177: A | H177: 51 | I177: 14300 | J177: Prepaid Expenses | K177: 51-14300 | L177: Prepaid Expenses
A178: 51-25125 | B178: Compensated Absences Noncurren | C178: 51 | D178: L | G178: A | H178: 51 | I178: 16320 | J178: Equipment | K178: 51-16100 | L178: PW Fixed Assets
A179: 51-25150 | B179: Accrued Sick Pay | C179: 51 | D179: L | G179: A | H179: 51 | I179: 16300 | J179: Water Shares | K179: 51-16300 | L179: Water Rights
A180: 51-28000 | B180: Accrued Interest Payable | C180: 51 | D180: L | G180: A | H180: 51 | I180: 16310 | J180: Water System | K180: 51-16310 | L180: Water System
A181: 51-28500 | B181: GMAC Credit - Water System | C181: 51 | D181: L | G181: A | H181: 51 | I181: 16310 | J181: Water System | K181: 51-16320 | L181: Water Tanks & Well
A182: 51-28511 | B182: Note Current Portion | C182: 51 | D182: L | G182: A | H182: 51 | I182: 16320 | J182: Equipment | K182: 51-16330 | L182: Water Telemetry System
A183: 51-28521 | B183: Lease Current Portion | C183: 51 | D183: L | G183: A | H183: 51 | I183: 16500 | J183: Right to use assets | K183: 51-16500 | L183: RUA - Equipment
A184: 51-28540 | B184: Bond for Stewart Tank & Well | C184: 51 | D184: L | G184: A | H184: 51 | I184: 16600 | J184: Construction In Progress | K184: 51-16600 | L184: Construction In Progress
A185: 51-28541 | B185: Bond Current Portion | C185: 51 | D185: L | G185: A | H185: 51 | I185: 16900 | J185: Accumulated Depreciation | K185: 51-16900 | L185: Accumulated Depreciation
A186: 51-28550 | B186: Hinklease Truck Lease | C186: 51 | D186: L | G186: A | H186: 51 | I186: 17000 | J186: Net Pension Asset | K186: 51-17000 | L186: Net Pension Asset
... A203: 51-30-500 | B203: Property Tax Income | C203: 51 | D203: R | G203: L | H203: 51 | I203: 28510 | J203: Notes Payable - Noncurrent | K203: 51-28500 | L203: GMAC Credit - Water System
A204: 51-30-505 | B204: Interest on Investments | C204: 51 | D204: R | G204: L | H204: 51 | I204: 0 | J204: #N/A | K204: 51-28511 | L204: Note Current Portion
A205: 51-30-525 | B205: Transfer from Capital Reserves | C205: 51 | D205: R | G205: L | H205: 51 | I205: 28521 | J205: Capital Leases Payable - Current | K205: 51-28521 | L205: Leases Current Portion
A206: 51-30-970 | B206: Bond Interest Income | C206: 51 | D206: R | G206: L | H206: 51 | I206: 28540 | J206: Bonds Payable - Noncurrent | K206: 51-28540 | L206: Bond for Stewart Tank and Well
A207: 51-50-155 | B207: Retirement | C207: 51 | D207: E | G207: L | H207: 51 | I207: 28541 | J207: Bonds Payable - Current | K207: 51-28541 | L207: Bond Current Portion
A208: 51-50-160 | B208: Medical, LTD, Life, AD&D NOUSE | C208: 51 | D208: E | G208: L | H208: 51 | I208: 28521 | J208: Capital Leases Payable - Current | K208: 51-28550 | L208: Hinklease Truck Lease
A209: 51-50-165 | B209: Worker's Compensation | C209: 51 | D209: E | G209: L | H209: 51 | I209: 28520 | J209: Capital Leases Payable - Noncurrent | K209: 51-28570 | L209: Leases
A210: 51-50-170 | B210: Vacation/Sick/Holiday | C210: 51 | D210: E | G210: C | H210: 51 | I210: 29100 | J210: Unrestricted | K210: 51-29100 | L210: Fund Balance
A211: 51-50-175 | B211: Flex Plan | C211: 51 | D211: E | G211: R | H211: 51 | I211: 70 | J211: Grant revenue | K211: 51-30-410 | L211: Well Grant
A212: 51-50-600 | B212: Salaries & Wages | C212: 51 | D212: E | G212: R | H212: 51 | I212: 30 | J212: Charges for services | K212: 51-30-430 | L212: Water Income
A213: 51-50-601 | B213: Payroll Taxes | C213: 51 | D213: E | G213: R | H213: 51 | I213: 30 | J213: Charges for services | K213: 51-30-435 | L213: Water Line Repairs
A214: 51-50-602 | B214: Retirement | C214: 51 | D214: E | G214: R | H214: 51 | I214: 30 | J214: Charges for services | K214: 51-30-440 | L214: Water Stand-by Fee
A215: 51-50-603 | B215: Medical, LTD, Life, AD&D | C215: 51 | D215: E | G215: R | H215: 51 | I215: 30 | J215: Charges for services | K215: 51-30-445 | L215: Excess Water Usage
A216: 51-50-604 | B216: Worker's Compensation | C216: 51 | D216: E | G216: R | H216: 51 | I216: 30 | J216: Charges for services | K216: 51-30-446 | L216: Access Fee
... A222: 51-50-615 | B222: Dues & Subscriptions | C222: 51 | D222: E | G222: R | H222: 51 | I222: 960 | J222: Interest income | K222: 51-30-505 | L222: Interest on Investments
A223: 51-50-618 | B223: Accounting Services | C223: 51 | D223: E | G223: R | H223: 51 | I223: 0 | J223: #N/A | K223: 51-30-525 | L223: Transfer from Capital Reserves
A224: 51-50-619 | B224: IT Services | C224: 51 | D224: E | G224: R | H224: 51 | I224: 960 | J224: Interest income | K224: 51-30-970 | L224: Bond Interest Income
A225: 51-50-620 | B225: Software | C225: 51 | D225: E | G225: E | H225: 51 | I225: 100 | J225: Salaries and Benefits | K225: 51-50-600 | L225: Salaries and Wages
A226: 51-50-622 | B226: Legal Services | C226: 51 | D226: E | G226: E | H226: 51 | I226: 100 | J226: Salaries and Benefits | K226: 51-50-601 | L226: Payroll Taxes
A227: 51-50-623 | B227: Advertising | C227: 51 | D227: E | G227: E | H227: 51 | I227: 100 | J227: Salaries and Benefits | K227: 51-50-602 | L227: Retirement
A228: 51-50-625 | B228: Special Studies | C228: 51 | D228: E | G228: E | H228: 51 | I228: 100 | J228: Salaries and Benefits | K228: 51-50-603 | L228: Medical, LTD, Life, AD&D
A229: 51-50-629 | B229: Utilities-Communications | C229: 51 | D229: E | G229: E | H229: 51 | I229: 100 | J229: Salaries and Benefits | K229: 51-50-604 | L229: Worker's Compensation
A230: 51-50-635 | B230: Insurance | C230: 51 | D230: E | G230: E | H230: 51 | I230: 100 | J230: Salaries and Benefits | K230: 51-50-607 | L230: Vacation/Sick/Holiday
A231: 51-50-654 | B231: Vehicle Repairs & Maint | C231: 51 | D231: E | G231: E | H231: 51 | I231: 100 | J231: Salaries and Benefits | K231: 51-50-608 | L231: Flex Plan
A232: 51-50-658 | B232: Vehicle Fuel | C232: 51 | D232: E | G232: E | H232: 51 | I232: 100 | J232: Salaries and Benefits | K232: 51-50-609 | L232: Employee/Vol Incentives
A233: 51-50-659 | B233: Building Maintenance | C233: 51 | D233: E | G233: E | H233: 51 | I233: 200 | J233: General and Administrative | K233: 51-50-612 | L233: Supplies
A234: 51-50-667 | B234: Backhoe Lease | C234: 51 | D234: E | G234: E | H234: 51 | I234: 200 | J234: General and Administrative | K234: 51-50-615 | L234: Dues and Subscriptions
A235: 51-50-671 | B235: Truck Lease | C235: 51 | D235: E | G235: E | H235: 51 | I235: 200 | J235: General and Administrative | K235: 51-50-618 | L235: Accounting Services
... A382: 99-29100 | B382: Fund Balance | C382: 99 | D382: F | G382: E | H382: 53 | I382: 200 | J382: General and Administrative | K382: 53-53-625 | L382: Special Studies
G383: E | H383: 53 | I383: 500 | J383: Repairs and Maintenance | K383: 53-53-638 | L383: Repairs & Maintenance
G384: E | H384: 53 | I384: 200 | J384: General and Administrative | K384: 53-53-649 | L384: Garbage Haul and Dump
G385: E | H385: 53 | I385: 600 | J385: Bad Debt | K385: 53-53-664 | L385: Bad Debt Expense
G386: E | H386: 53 | I386: 700 | J386: Depreciation and Amortization | K386: 53-53-688 | L386: Depreciation
G387: E | H387: 53 | I387: 710 | J387: Capital Outlay | K387: 53-53-691 | L387: Capital Equipment
G388: A | H388: 99 | I388: 10000 | J388: Cash and Cash Equivalents | K388: 99-10000 | L388: Cash Allocated to Other Funds
G389: A | H389: 99 | I389: 10000 | J389: Cash and Cash Equivalents | K389: 99-10200 | L389: Zion's Checking
G390: A | H390: 99 | I390: 10000 | J390: Cash and Cash Equivalents | K390: 99-10300 | L390: Xpress Deposit Account
G391: A | H391: 99 | I391: 10000 | J391: Cash and Cash Equivalents | K391: 99-10800 | L391: Cash Clearing - Utilities
G392: L | H392: 99 | I392: 21100 | J392: Accounts Payable | K392: 99-21100 | L392: Accounts Payable

Sheet Data (TB)
A1: NFSSD
A2: Month | B2: 45930 | C2: =MONTH(B2) -> 9
E4: =ROUND(SUM(E6:E700),2) -> 0
A5: Account | B5: Description | C5: Debit | D5: Credit | E5: DR/CR
A6: 10-10000 | B6: Cash Combined Fund | C6: 0 | D6: 0 | E6: =SUM(C6:D6) -> 0
A7: 10-10400 | B7: Petty Cash | C7: 0 | D7: 0 | E7: =SUM(C7:D7) -> 0
A8: 10-11500 | B8: Accounts Receivable | C8: 0 | D8: 0 | E8: =SUM(C8:D8) -> 0
A9: 10-14300 | B9: Prepaid Expenses | C9: 0 | D9: 0 | E9: =SUM(C9:D9) -> 0
A10: 10-16000 | B10: Administrative Equipment | C10: 0 | D10: 0 | E10: =SUM(C10:D10) -> 0
A11: 10-16005 | B11: Land | C11: 0 | D11: 0 | E11: =SUM(C11:D11) -> 0
A12: 10-16900 | B12: Accumulated Depreciation DC | C12: 0 | D12: 0 | E12: =SUM(C12:D12) -> 0
A13: 10-17000 | B13: Net Pension Asset | C13: 0 | D13: 0 | E13: =SUM(C13:D13) -> 0
A14: 10-17010 | B14: Deferred Outflows - Pensions | C14: 0 | D14: 0 | E14: =SUM(C14:D14) -> 0
A15: 10-19000 | B15: Suspense | C15: 0 | D15: 0 | E15: =SUM(C15:D15) -> 0
A16: 10-21100 | B16: Accounts Payable | C16: 0 | D16: 0 | E16: =SUM(C16:D16) -> 0
A17: 10-22200 | B17: Salaries & Wages Payable | C17: 0 | D17: 0 | E17: =SUM(C17:D17) -> 0
... A554: 99-29100 | B554: Fund Balance | C554: 0 | D554: 0 | E554: =SUM(C554:D554) -> 0

Sheet Budget Data from FS
I1: =SUM(I3:I388) -> -2.4310793e-09 | L1: =SUM(L3:L388) -> 2495992.4 | M1: =SUM(M3:M388) -> 3703478.3 | N1: =SUM(N3:N388) -> 2552661.9
A2: No | B2: Type | C2: Fund | D2: Grouping Code | E2: Grouping Code Name | F2: Grouping Code and Name | G2: New Account Number | H2: Account Name | I2: 2025 Audit | J2: TB 2026-Sept | K2: 2026 Projection | L2: 2026 Adopted | M2: 2026 Amended | N2: 2027 Proposed
A3: 1 | B3: A | C3: 20 | D3: 10000 | E3: Cash and Cash Equivalents | F3: =D3&" - "&E3 -> 10000 - Cash and Cash Equivalents | G3: 20-10000 | H3: Cash Combined Fund | I3: -743615.45 | J3: -870205.54 | L3: 0 | M3: =_xlfn.XLOOKUP(G3,'Master Budget'!$G$4:$G$360,'Master Budget'!$O$4:$O$360,0) -> 0 | N3: =_xlfn.XLOOKUP(G3,'Master Budget'!$G$4:$G$360,'Master Budget'!$P$4:$P$360,0) -> 0
A4: 2 | B4: A | C4: 20 | D4: 10000 | E4: Cash and Cash Equivalents | F4: =D4&" - "&E4 -> 10000 - Cash and Cash Equivalents | G4: 20-10400 | H4: Petty Cash | I4: 354 | J4: 354 | L4: 0 | M4: =_xlfn.XLOOKUP(G4,'Master Budget'!$G$4:$G$360,'Master Budget'!$O$4:$O$360,0) -> 0 | N4: =_xlfn.XLOOKUP(G4,'Master Budget'!$G$4:$G$360,'Master Budget'!$P$4:$P$360,0) -> 0
A5: 3 | B5: A | C5: 20 | D5: 16200 | E5: Noncurrent restricted cash and investments | F5: =D5&" - "&E5 -> 16200 - Noncurrent restricted cash and investments | G5: 20-10500 | H5: Restricted Cash | I5: 84650 | J5: 0 | L5: 0 | M5: =_xlfn.XLOOKUP(G5,'Master Budget'!$G$4:$G$360,'Master Budget'!$O$4:$O$360,0) -> 0 | N5: =_xlfn.XLOOKUP(G5,'Master Budget'!$G$4:$G$360,'Master Budget'!$P$4:$P$360,0) -> 0
A6: 4 | B6: A | C6: 20 | D6: 10000 | E6: Cash and Cash Equivalents | F6: =D6&" - "&E6 -> 10000 - Cash and Cash Equivalents | G6: 20-10610 | H6: 0348 PTIF Fire Reserve | I6: 1040947.1 | J6: 833452.13 | L6: 0 | M6: =_xlfn.XLOOKUP(G6,'Master Budget'!$G$4:$G$360,'Master Budget'!$O$4:$O$360,0) -> 0 | N6: =_xlfn.XLOOKUP(G6,'Master Budget'!$G$4:$G$360,'Master Budget'!$P$4:$P$360,0) -> 0
A7: 5 | B7: A | C7: 20 | D7: 16200 | E7: Noncurrent restricted cash and investments | F7: =D7&" - "&E7 -> 16200 - Noncurrent restricted cash and investments | G7: 20-10611 | H7: 8554 PTIF Hazmat Reserve | I7: 0 | J7: 0 | L7: 0 | M7: =_xlfn.XLOOKUP(G7,'Master Budget'!$G$4:$G$360,'Master Budget'!$O$4:$O$360,0) -> 0 | N7: =_xlfn.XLOOKUP(G7,'Master Budget'!$G$4:$G$360,'Master Budget'!$P$4:$P$360,0) -> 0
A8: 6 | B8: A | C8: 20 | D8: 10000 | E8: Cash and Cash Equivalents | F8: =D8&" - "&E8 -> 10000 - Cash and Cash Equivalents | G8: 20-10612 | H8: 0348 PTIF Fire Reserve DUE2WL | I8: -317383.14 | J8: 0 | L8: 0 | M8: =_xlfn.XLOOKUP(G8,'Master Budget'!$G$4:$G$360,'Master Budget'!$O$4:$O$360,0) -> 0 | N8: =_xlfn.XLOOKUP(G8,'Master Budget'!$G$4:$G$360,'Master Budget'!$P$4:$P$360,0) -> 0
A9: 7 | B9: A | C9: 20 | D9: 11500 | E9: Accounts Receivable | F9: =D9&" - "&E9 -> 11500 - Accounts Receivable | G9: 20-11500 | H9: Accounts Receivable | I9: 113300.16 | J9: 137220 | L9: 0 | M9: =_xlfn.XLOOKUP(G9,'Master Budget'!$G$4:$G$360,'Master Budget'!$O$4:$O$360,0) -> 0 | N9: =_xlfn.XLOOKUP(G9,'Master Budget'!$G$4:$G$360,'Master Budget'!$P$4:$P$360,0) -> 0
A10: 8 | B10: A | C10: 20 | D10: 11510 | E10: Property Tax Receivable | F10: =D10&" - "&E10 -> 11510 - Property Tax Receivable | G10: 20-11520 | H10: Property Tax Receivable | I10: 37001.8 | J10: 13195.08 | L10: 0 | M10: =_xlfn.XLOOKUP(G10,'Master Budget'!$G$4:$G$360,'Master Budget'!$O$4:$O$360,0) -> 0 | N10: =_xlfn.XLOOKUP(G10,'Master Budget'!$G$4:$G$360,'Master Budget'!$P$4:$P$360,0) -> 0
A11: 9 | B11: A | C11: 20 | D11: 11500 | E11: Accounts Receivable | F11: =D11&" - "&E11 -> 11500 - Accounts Receivable | G11: 20-11570 | H11: Allow for Doubtful Accts | I11: -5500 | J11: -5500 | L11: 0 | M11: =_xlfn.XLOOKUP(G11,'Master Budget'!$G$4:$G$360,'Master Budget'!$O$4:$O$360,0) -> 0 | N11: =_xlfn.XLOOKUP(G11,'Master Budget'!$G$4:$G$360,'Master Budget'!$P$4:$P$360,0) -> 0
A12: 10 | B12: A | C12: 20 | D12: 14300 | E12: Prepaid Expenses | F12: =D12&" - "&E12 -> 14300 - Prepaid Expenses | G12: 20-14300 | H12: Prepaid Expenses | I12: 16704.85 | J12: 0 | L12: 0 | M12: =_xlfn.XLOOKUP(G12,'Master Budget'!$G$4:$G$360,'Master Budget'!$O$4:$O$360,0) -> 0 | N12: =_xlfn.XLOOKUP(G12,'Master Budget'!$G$4:$G$360,'Master Budget'!$P$4:$P$360,0) -> 0
A13: 11 | B13: A | C13: 20 | D13: 16320 | E13: Equipment | F13: =D13&" - "&E13 -> 16320 - Equipment | G13: 20-16000 | H13: Administrative Equipment | I13: 28943.79 | J13: 28943.79 | L13: 0 | M13: =_xlfn.XLOOKUP(G13,'Master Budget'!$G$4:$G$360,'Master Budget'!$O$4:$O$360,0) -> 0 | N13: =_xlfn.XLOOKUP(G13,'Master Budget'!$G$4:$G$360,'Master Budget'!$P$4:$P$360,0) -> 0
A14: 12 | B14: A | C14: 20 | D14: 16350 | E14: Land | F14: =D14&" - "&E14 -> 16350 - Land | G14: 20-16005 | H14: Land | I14: 95583 | J14: 95583 | L14: 0 | M14: =_xlfn.XLOOKUP(G14,'Master Budget'!$G$4:$G$360,'Master Budget'!$O$4:$O$360,0) -> 0 | N14: =_xlfn.XLOOKUP(G14,'Master Budget'!$G$4:$G$360,'Master Budget'!$P$4:$P$360,0) -> 0
... A51: 50 | B51: C | C51: 20 | D51: 29100 | E51: Unrestricted | F51: =D51&" - "&E51 -> 29100 - Unrestricted | G51: 20-29100 | H51: Fund Balance | I51: -1363013.4 | J51: -1172311.2 | L51: 0 | M51: =_xlfn.XLOOKUP(G51,'Master Budget'!$G$4:$G$360,'Master Budget'!$O$4:$O$360,0) -> 0 | N51: =_xlfn.XLOOKUP(G51,'Master Budget'!$G$4:$G$360,'Master Budget'!$P$4:$P$360,0) -> 0
A52: 51 | B52: R | C52: 20 | D52: 30 | E52: Charges for services | F52: =D52&" - "&E52 -> 30 - Charges for services | G52: 20-30-200 | H52: Fire Response | I52: 0 | J52: 0 | K52: =J52/9*12 -> 0 | L52: 0 | M52: =_xlfn.XLOOKUP(G52,'Master Budget'!$G$4:$G$360,'Master Budget'!$O$4:$O$360,0) -> 0 | N52: =_xlfn.XLOOKUP(G52,'Master Budget'!$G$4:$G$360,'Master Budget'!$P$4:$P$360,0) -> 0
A53: 52 | B53: R | C53: 20 | D53: 30 | E53: Charges for services | F53: =D53&" - "&E53 -> 30 - Charges for services | G53: 20-30-400 | H53: Fire Fees | I53: -870179.09 | J53: -729867.04 | K53: =J53/9*12 -> -973156.05 | L53: -898000 | M53: =_xlfn.XLOOKUP(G53,'Master Budget'!$G$4:$G$360,'Master Budget'!$O$4:$O$360,0) -> -898000 | N53: =_xlfn.XLOOKUP(G53,'Master Budget'!$G$4:$G$360,'Master Budget'!$P$4:$P$360,0) -> -933078.32
A54: 53 | B54: R | C54: 20 | D54: 70 | E54: Grant revenue | F54: =D54&" - "&E54 -> 70 - Grant revenue | G54: 20-30-410 | H54: Fire/EMS Grants | I54: -14130 | J54: -3449 | K54: =J54/9*12 -> -4598.6667 | L54: -100000 | M54: =_xlfn.XLOOKUP(G54,'Master Budget'!$G$4:$G$360,'Master Budget'!$O$4:$O$360,0) -> -100000 | N54: =_xlfn.XLOOKUP(G54,'Master Budget'!$G$4:$G$360,'Master Budget'!$P$4:$P$360,0) -> -55250
A55: 54 | B55: R | C55: 20 | D55: 30 | E55: Charges for services | F55: =D55&" - "&E55 -> 30 - Charges for services | G55: 20-30-425 | H55: Ambulance Income | I55: -175806.99 | J55: -64465.95 | K55: =J55/9*12 -> -85954.6 | L55: -140000 | M55: =_xlfn.XLOOKUP(G55,'Master Budget'!$G$4:$G$360,'Master Budget'!$O$4:$O$360,0) -> -140000 | N55: =_xlfn.XLOOKUP(G55,'Master Budget'!$G$4:$G$360,'Master Budget'!$P$4:$P$360,0) -> -156000
A56: 55 | B56: R | C56: 20 | D56: 960 | E56: Interest income | F56: =D56&" - "&E56 -> 960 - Interest income | G56: 20-30-470 | H56: Interest & Finance Charges | I56: -9303.3 | J56: -3247.73 | K56: =J56/9*12 -> -4330.3067 | L56: -14000 | M56: =_xlfn.XLOOKUP(G56,'Master Budget'!$G$4:$G$360,'Master Budget'!$O$4:$O$360,0) -> -14000 | N56: =_xlfn.XLOOKUP(G56,'Master Budget'!$G$4:$G$360,'Master Budget'!$P$4:$P$360,0) -> -9000
A57: 56 | B57: R | C57: 20 | D57: 40 | E57: Miscellaneous income | F57: =D57&" - "&E57 -> 40 - Miscellaneous income | G57: 20-30-475 | H57: Other Income | I57: -775 | J57: 0 | K57: =J57/9*12 -> 0 | L57: -1300 | M57: =_xlfn.XLOOKUP(G57,'Master Budget'!$G$4:$G$360,'Master Budget'!$O$4:$O$360,0) -> -1300 | N57: =_xlfn.XLOOKUP(G57,'Master Budget'!$G$4:$G$360,'Master Budget'!$P$4:$P$360,0) -> -1300
A58: 57 | B58: R | C58: 20 | D58: 950 | E58: Property Taxes | F58: =D58&" - "&E58 -> 950 - Property Taxes | G58: 20-30-500 | H58: Property Tax Income | I58: -102677.18 | J58: -6902.11 | K58: =J58/9*12 -> -9202.8133 | L58: -85000 | M58: =_xlfn.XLOOKUP(G58,'Master Budget'!$G$4:$G$360,'Master Budget'!$O$4:$O$360,0) -> -85000 | N58: =_xlfn.XLOOKUP(G58,'Master Budget'!$G$4:$G$360,'Master Budget'!$P$4:$P$360,0) -> -85000
A59: 58 | B59: R | C59: 20 | D59: 960 | E59: Interest income | F59: =D59&" - "&E59 -> 960 - Interest income | G59: 20-30-505 | H59: Interest on Investments | I59: -35801.94 | J59: -25238.14 | K59: =J59/9*12 -> -33650.853 | L59: -25000 | M59: =_xlfn.XLOOKUP(G59,'Master Budget'!$G$4:$G$360,'Master Budget'!$O$4:$O$360,0) -> -25000 | N59: =_xlfn.XLOOKUP(G59,'Master Budget'!$G$4:$G$360,'Master Budget'!$P$4:$P$360,0) -> -31000
A60: 59 | B60: R | C60: 20 | D60: 60 | E60: Donations | F60: =D60&" - "&E60 -> 60 - Donations | G60: 20-30-510 | H60: Donations and Fund Raising | I60: -19533.35 | J60: -12514.72 | K60: =J60/9*12 -> -16686.293 | L60: -15000 | M60: =_xlfn.XLOOKUP(G60,'Master Budget'!$G$4:$G$360,'Master Budget'!$O$4:$O$360,0) -> -15000 | N60: =_xlfn.XLOOKUP(G60,'Master Budget'!$G$4:$G$360,'Master Budget'!$P$4:$P$360,0) -> -15000
A61: 60 | B61: R | C61: 20 | D61: 30 | E61: Charges for services | F61: =D61&" - "&E61 -> 30 - Charges for services | G61: 20-30-520 | H61: Contract Fees - Utah County | I61: -63232.45 | J61: -88636.21 | K61: =J61 -> -88636.21 | L61: -80000 | M61: =_xlfn.XLOOKUP(G61,'Master Budget'!$G$4:$G$360,'Master Budget'!$O$4:$O$360,0) -> -88000 | N61: =_xlfn.XLOOKUP(G61,'Master Budget'!$G$4:$G$360,'Master Budget'!$P$4:$P$360,0) -> -100000
A62: 62 | B62: E | C62: 20 | D62: 100 | E62: Salaries and Benefits | F62: =D62&" - "&E62 -> 100 - Salaries and Benefits | G62: 20-45-600 | H62: Salaries & Wages | I62: 739589.77 | J62: 581541.52 | K62: =J62/9*12 -> 775388.69 | L62: 821625 | M62: =_xlfn.XLOOKUP(G62,'Master Budget'!$G$4:$G$360,'Master Budget'!$O$4:$O$360,0) -> 821625 | N62: =_xlfn.XLOOKUP(G62,'Master Budget'!$G$4:$G$360,'Master Budget'!$P$4:$P$360,0) -> 752263.29
A63: 63 | B63: E | C63: 20 | D63: 100 | E63: Salaries and Benefits | F63: =D63&" - "&E63 -> 100 - Salaries and Benefits | G63: 20-45-601 | H63: Payroll Taxes | I63: 51047.77 | J63: 44878.22 | K63: =J63/9*12 -> 59837.627 | L63: 62854.313 | M63: =_xlfn.XLOOKUP(G63,'Master Budget'!$G$4:$G$360,'Master Budget'!$O$4:$O$360,0) -> 62854.31 | N63: =_xlfn.XLOOKUP(G63,'Master Budget'!$G$4:$G$360,'Master Budget'!$P$4:$P$360,0) -> 57548.141
A64: 64 | B64: E | C64: 20 | D64: 100 | E64: Salaries and Benefits | F64: =D64&" - "&E64 -> 100 - Salaries and Benefits | G64: 20-45-602 | H64: Retirement | I64: 134808.56 | J64: 116958.44 | K64: =J64/9*12 -> 155944.59 | L64: 125685 | M64: =_xlfn.XLOOKUP(G64,'Master Budget'!$G$4:$G$360,'Master Budget'!$O$4:$O$360,0) -> 157685 | N64: =_xlfn.XLOOKUP(G64,'Master Budget'!$G$4:$G$360,'Master Budget'!$P$4:$P$360,0) -> 98664.842
A65: 65 | B65: E | C65: 20 | D65: 100 | E65: Salaries and Benefits | F65: =D65&" - "&E65 -> 100 - Salaries and Benefits | G65: 20-45-603 | H65: Medical, LTD, Life, AD&D | I65: 104545.86 | J65: 103997.06 | K65: =J65/9*12 -> 138662.75 | L65: 277457.47 | M65: =_xlfn.XLOOKUP(G65,'Master Budget'!$G$4:$G$360,'Master Budget'!$O$4:$O$360,0) -> 277457.48 | N65: =_xlfn.XLOOKUP(G65,'Master Budget'!$G$4:$G$360,'Master Budget'!$P$4:$P$360,0) -> 183789.54
A66: 66 | B66: E | C66: 20 | D66: 100 | E66: Salaries and Benefits | F66: =D66&" - "&E66 -> 100 - Salaries and Benefits | G66: 20-45-604 | H66: Worker's Compensation | I66: 15223.65 | J66: 8700.55 | K66: =J66/9*12 -> 11600.733 | L66: 16432.5 | M66: =_xlfn.XLOOKUP(G66,'Master Budget'!$G$4:$G$360,'Master Budget'!$O$4:$O$360,0) -> 16432.5 | N66: =_xlfn.XLOOKUP(G66,'Master Budget'!$G$4:$G$360,'Master Budget'!$P$4:$P$360,0) -> 15045.266
A67: 67 | B67: E | C67: 20 | D67: 100 | E67: Salaries and Benefits | F67: =D67&" - "&E67 -> 100 - Salaries and Benefits | G67: 20-45-607 | H67: Vacation/Sick/Holiday | I67: 20454.9 | J67: 10668.49 | K67: =J67/9*12 -> 14224.653 | L67: 0 | M67: =_xlfn.XLOOKUP(G67,'Master Budget'!$G$4:$G$360,'Master Budget'!$O$4:$O$360,0) -> 0 | N67: =_xlfn.XLOOKUP(G67,'Master Budget'!$G$4:$G$360,'Master Budget'!$P$4:$P$360,0) -> 0
A68: 68 | B68: E | C68: 20 | D68: 100 | E68: Salaries and Benefits | F68: =D68&" - "&E68 -> 100 - Salaries and Benefits | G68: 20-45-608 | H68: Flex Plan | I68: 50.11 | J68: 71.68 | K68: =J68/9*12 -> 95.573333 | L68: 38.4 | M68: =_xlfn.XLOOKUP(G68,'Master Budget'!$G$4:$G$360,'Master Budget'!$O$4:$O$360,0) -> 100 | N68: =_xlfn.XLOOKUP(G68,'Master Budget'!$G$4:$G$360,'Master Budget'!$P$4:$P$360,0) -> 38.4
A69: 69 | B69: E | C69: 20 | D69: 100 | E69: Salaries and Benefits | F69: =D69&" - "&E69 -> 100 - Salaries and Benefits | G69: 20-45-609 | H69: Volunteer Incentives | I69: 6326.44 | J69: 634.02 | K69: =J69/9*12 -> 845.36 | L69: 5000 | M69: =_xlfn.XLOOKUP(G69,'Master Budget'!$G$4:$G$360,'Master Budget'!$O$4:$O$360,0) -> 2000 | N69: =_xlfn.XLOOKUP(G69,'Master Budget'!$G$4:$G$360,'Master Budget'!$P$4:$P$360,0) -> 5000
A70: 70 | B70: E | C70: 20 | D70: 100 | E70: Salaries and Benefits | F70: =D70&" - "&E70 -> 100 - Salaries and Benefits | G70: 20-45-610 | H70: Volunteer Recruitment | I70: 6782.91 | J70: 1105.69 | K70: =J70/9*12 -> 1474.2533 | L70: 0 | M70: =_xlfn.XLOOKUP(G70,'Master Budget'!$G$4:$G$360,'Master Budget'!$O$4:$O$360,0) -> 3500 | N70: =_xlfn.XLOOKUP(G70,'Master Budget'!$G$4:$G$360,'Master Budget'!$P$4:$P$360,0) -> 3500
A71: 71 | B71: E | C71: 20 | D71: 200 | E71: General and Administrative | F71: =D71&" - "&E71 -> 200 - General and Administrative | G71: 20-45-612 | H71: Supplies | I71: 21264.88 | J71: 12289.65 | K71: =J71/9*12 -> 16386.2 | L71: 20000 | M71: =_xlfn.XLOOKUP(G71,'Master Budget'!$G$4:$G$360,'Master Budget'!$O$4:$O$360,0) -> 20000 | N71: =_xlfn.XLOOKUP(G71,'Master Budget'!$G$4:$G$360,'Master Budget'!$P$4:$P$360,0) -> 20000
A72: 72 | B72: E | C72: 20 | D72: 200 | E72: General and Administrative | F72: =D72&" - "&E72 -> 200 - General and Administrative | G72: 20-45-614 | H72: Medical Supplies & Equipment | I72: 20954.54 | J72: 16269.74 | K72: =J72/9*12 -> 21692.987 | L72: 25000 | M72: =_xlfn.XLOOKUP(G72,'Master Budget'!$G$4:$G$360,'Master Budget'!$O$4:$O$360,0) -> 25000 | N72: =_xlfn.XLOOKUP(G72,'Master Budget'!$G$4:$G$360,'Master Budget'!$P$4:$P$360,0) -> 25000
A73: 73 | B73: E | C73: 20 | D73: 200 | E73: General and Administrative | F73: =D73&" - "&E73 -> 200 - General and Administrative | G73: 20-45-615 | H73: Dues and Subscriptions | I73: 31566.68 | J73: 37018.88 | K73: =J73/9*12 -> 49358.507 | L73: 20000 | M73: =_xlfn.XLOOKUP(G73,'Master Budget'!$G$4:$G$360,'Master Budget'!$O$4:$O$360,0) -> 45000 | N73: =_xlfn.XLOOKUP(G73,'Master Budget'!$G$4:$G$360,'Master Budget'!$P$4:$P$360,0) -> 35000
... A81: 81 | B81: E | C81: 20 | D81: 200 | E81: General and Administrative | F81: =D81&" - "&E81 -> 200 - General and Administrative | G81: 20-45-624 | H81: UDOT Station 2 Electricity | I81: 545.86 | J81: 495.74 | K81: =J81/9*12 -> 660.98667 | L81: 500 | M81: =_xlfn.XLOOKUP(G81,'Master Budget'!$G$4:$G$360,'Master Budget'!$O$4:$O$360,0) -> 758.24 | N81: =_xlfn.XLOOKUP(G81,'Master Budget'!$G$4:$G$360,'Master Budget'!$P$4:$P$360,0) -> 800
A82: 82 | B82: E | C82: 20 | D82: 200 | E82: General and Administrative | F82: =D82&" - "&E82 -> 200 - General and Administrative | G82: 20-45-625 | H82: Special Studies | I82: 0 | J82: 10000 | K82: =J82/9*12 -> 13333.333 | M82: =_xlfn.XLOOKUP(G82,'Master Budget'!$G$4:$G$360,'Master Budget'!$O$4:$O$360,0) -> 10000 | N82: =_xlfn.XLOOKUP(G82,'Master Budget'!$G$4:$G$360,'Master Budget'!$P$4:$P$360,0) -> 0
A83: 83 | B83: E | C83: 20 | D83: 200 | E83: General and Administrative | F83: =D83&" - "&E83 -> 200 - General and Administrative | G83: 20-45-629 | H83: Utilities-Communications | I83: 7705.41 | J83: 6219.05 | K83: =J83/9*12 -> 8292.0667 | L83: 8000 | M83: =_xlfn.XLOOKUP(G83,'Master Budget'!$G$4:$G$360,'Master Budget'!$O$4:$O$360,0) -> 10798.38 | N83: =_xlfn.XLOOKUP(G83,'Master Budget'!$G$4:$G$360,'Master Budget'!$P$4:$P$360,0) -> 11000
A84: 84 | B84: E | C84: 20 | D84: 200 | E84: General and Administrative | F84: =D84&" - "&E84 -> 200 - General and Administrative | G84: 20-45-630 | H84: Telephone | I84: 0 | J84: 0 | K84: =J84/9*12 -> 0 | L84: 0 | M84: =_xlfn.XLOOKUP(G84,'Master Budget'!$G$4:$G$360,'Master Budget'!$O$4:$O$360,0) -> 0 | N84: =_xlfn.XLOOKUP(G84,'Master Budget'!$G$4:$G$360,'Master Budget'!$P$4:$P$360,0) -> 0
A85: 85 | B85: E | C85: 20 | D85: 200 | E85: General and Administrative | F85: =D85&" - "&E85 -> 200 - General and Administrative | G85: 20-45-632 | H85: Propane Station 2 | I85: 2951.53 | J85: 1447.2 | K85: =J85/9*12 -> 1929.6 | L85: 4500 | M85: =_xlfn.XLOOKUP(G85,'Master Budget'!$G$4:$G$360,'Master Budget'!$O$4:$O$360,0) -> 2894.4 | N85: =_xlfn.XLOOKUP(G85,'Master Budget'!$G$4:$G$360,'Master Budget'!$P$4:$P$360,0) -> 3000
A86: 86 | B86: E | C86: 20 | D86: 200 | E86: General and Administrative | F86: =D86&" - "&E86 -> 200 - General and Administrative | G86: 20-45-635 | H86: Insurance | I86: 19165.37 | J86: 22535.47 | K86: =J86/9*12 -> 30047.293 | L86: 20000 | M86: =_xlfn.XLOOKUP(G86,'Master Budget'!$G$4:$G$360,'Master Budget'!$O$4:$O$360,0) -> 25000 | N86: =_xlfn.XLOOKUP(G86,'Master Budget'!$G$4:$G$360,'Master Budget'!$P$4:$P$360,0) -> 25000
A87: 87 | B87: E | C87: 20 | D87: 200 | E87: General and Administrative | F87: =D87&" - "&E87 -> 200 - General and Administrative | G87: 20-45-636 | H87: Rent | I87: 0 | J87: 0 | K87: =J87/9*12 -> 0 | L87: 0 | M87: =_xlfn.XLOOKUP(G87,'Master Budget'!$G$4:$G$360,'Master Budget'!$O$4:$O$360,0) -> 0 | N87: =_xlfn.XLOOKUP(G87,'Master Budget'!$G$4:$G$360,'Master Budget'!$P$4:$P$360,0) -> 0
A88: 88 | B88: E | C88: 20 | D88: 500 | E88: Repairs and Maintenance | F88: =D88&" - "&E88 -> 500 - Repairs and Maintenance | G88: 20-45-638 | H88: Repairs & Maintenance | I88: 2727 | J88: 620 | K88: =J88/9*12 -> 826.66667 | L88: 5500 | M88: =_xlfn.XLOOKUP(G88,'Master Budget'!$G$4:$G$360,'Master Budget'!$O$4:$O$360,0) -> 5500 | N88: =_xlfn.XLOOKUP(G88,'Master Budget'!$G$4:$G$360,'Master Budget'!$P$4:$P$360,0) -> 5500
A89: 89 | B89: E | C89: 20 | D89: 200 | E89: General and Administrative | F89: =D89&" - "&E89 -> 200 - General and Administrative | G89: 20-45-653 | H89: DOH Assessment | I89: 0 | J89: 0 | K89: =J89/9*12 -> 0 | L89: 0 | M89: =_xlfn.XLOOKUP(G89,'Master Budget'!$G$4:$G$360,'Master Budget'!$O$4:$O$360,0) -> 0 | N89: =_xlfn.XLOOKUP(G89,'Master Budget'!$G$4:$G$360,'Master Budget'!$P$4:$P$360,0) -> 0
A90: 90 | B90: E | C90: 20 | D90: 500 | E90: Repairs and Maintenance | F90: =D90&" - "&E90 -> 500 - Repairs and Maintenance | G90: 20-45-654 | H90: Vehicles Repairs & Maintenance | I90: 22279.44 | J90: 9310.71 | K90: =J90/9*12 -> 12414.28 | L90: 25000 | M90: =_xlfn.XLOOKUP(G90,'Master Budget'!$G$4:$G$360,'Master Budget'!$O$4:$O$360,0) -> 25000 | N90: =_xlfn.XLOOKUP(G90,'Master Budget'!$G$4:$G$360,'Master Budget'!$P$4:$P$360,0) -> 20000
A91: 91 | B91: E | C91: 20 | D91: 500 | E91: Repairs and Maintenance | F91: =D91&" - "&E91 -> 500 - Repairs and Maintenance | G91: 20-45-658 | H91: Vehicle Fuel | I91: 6283.98 | J91: 4848.12 | K91: =J91/9*12 -> 6464.16 | L91: 8000 | M91: =_xlfn.XLOOKUP(G91,'Master Budget'!$G$4:$G$360,'Master Budget'!$O$4:$O$360,0) -> 8000 | N91: =_xlfn.XLOOKUP(G91,'Master Budget'!$G$4:$G$360,'Master Budget'!$P$4:$P$360,0) -> 8500
A92: 92 | B92: E | C92: 20 | D92: 500 | E92: Repairs and Maintenance | F92: =D92&" - "&E92 -> 500 - Repairs and Maintenance | G92: 20-45-659 | H92: Building Maintenance | I92: 8853.62 | J92: 6718.13 | K92: =J92/9*12 -> 8957.5067 | L92: 20000 | M92: =_xlfn.XLOOKUP(G92,'Master Budget'!$G$4:$G$360,'Master Budget'!$O$4:$O$360,0) -> 12570 | N92: =_xlfn.XLOOKUP(G92,'Master Budget'!$G$4:$G$360,'Master Budget'!$P$4:$P$360,0) -> 15000
A93: 93 | B93: E | C93: 20 | D93: 500 | E93: Repairs and Maintenance | F93: =D93&" - "&E93 -> 500 - Repairs and Maintenance | G93: 20-45-661 | H93: Cleaning | I93: 0 | J93: 0 | K93: =J93/9*12 -> 0 | L93: 0 | M93: =_xlfn.XLOOKUP(G93,'Master Budget'!$G$4:$G$360,'Master Budget'!$O$4:$O$360,0) -> 0 | N93: =_xlfn.XLOOKUP(G93,'Master Budget'!$G$4:$G$360,'Master Budget'!$P$4:$P$360,0) -> 0
A94: 94 | B94: E | C94: 20 | D94: 600 | E94: Bad Debt | F94: =D94&" - "&E94 -> 600 - Bad Debt | G94: 20-45-664 | H94: Bad Debt Expense | I94: 0 | J94: 0 | K94: =J94/9*12 -> 0 | L94: 0 | M94: =_xlfn.XLOOKUP(G94,'Master Budget'!$G$4:$G$360,'Master Budget'!$O$4:$O$360,0) -> 0 | N94: =_xlfn.XLOOKUP(G94,'Master Budget'!$G$4:$G$360,'Master Budget'!$P$4:$P$360,0) -> 0
... A116: 116 | B116: E | C116: 20 | D116: 720 | E116: Gain/Loss on disposal | F116: =D116&" - "&E116 -> 720 - Gain/Loss on disposal | G116: 20-45-697 | H116: Loss on Disposal of Fix Asset | I116: 0 | J116: 0 | K116: =J116/9*12 -> 0 | L116: 0 | M116: =_xlfn.XLOOKUP(G116,'Master Budget'!$G$4:$G$360,'Master Budget'!$O$4:$O$360,0) -> 0 | N116: =_xlfn.XLOOKUP(G116,'Master Budget'!$G$4:$G$360,'Master Budget'!$P$4:$P$360,0) -> 0
A117: 117 | B117: A | C117: 22 | D117: 10000 | E117: Cash and Cash Equivalents | F117: =D117&" - "&E117 -> 10000 - Cash and Cash Equivalents | G117: 22-10000 | H117: Cash Combined Fund | I117: 1385039.6 | J117: 1090097 | L117: 0 | M117: =_xlfn.XLOOKUP(G117,'Master Budget'!$G$4:$G$360,'Master Budget'!$O$4:$O$360,0) -> 0 | N117: =_xlfn.XLOOKUP(G117,'Master Budget'!$G$4:$G$360,'Master Budget'!$P$4:$P$360,0) -> 0
A118: 118 | B118: A | C118: 22 | D118: 16200 | E118: Noncurrent restricted cash and investments | F118: =D118&" - "&E118 -> 16200 - Noncurrent restricted cash and investments | G118: 22-10500 | H118: Restricted Cash | I118: 0 | J118: 0 | L118: 0 | M118: =_xlfn.XLOOKUP(G118,'Master Budget'!$G$4:$G$360,'Master Budget'!$O$4:$O$360,0) -> 0 | N118: =_xlfn.XLOOKUP(G118,'Master Budget'!$G$4:$G$360,'Master Budget'!$P$4:$P$360,0) -> 0
A119: 119 | B119: A | C119: 22 | D119: 10000 | E119: Cash and Cash Equivalents | F119: =D119&" - "&E119 -> 10000 - Cash and Cash Equivalents | G119: 22-10610 | H119: 9007-2 PTIF Wildland Reserve | I119: 0 | J119: 325847.95 | M119: =_xlfn.XLOOKUP(G119,'Master Budget'!$G$4:$G$360,'Master Budget'!$O$4:$O$360,0) -> 0 | N119: =_xlfn.XLOOKUP(G119,'Master Budget'!$G$4:$G$360,'Master Budget'!$P$4:$P$360,0) -> 0
A120: 120 | B120: A | C120: 22 | D120: 10000 | E120: Cash and Cash Equivalents | F120: =D120&" - "&E120 -> 10000 - Cash and Cash Equivalents | G120: 22-10612 | H120: 0348 PTIF Fire Resv DUE FROM | I120: 317383.14 | J120: 0 | L120: 0 | M120: =_xlfn.XLOOKUP(G120,'Master Budget'!$G$4:$G$360,'Master Budget'!$O$4:$O$360,0) -> 0 | N120: =_xlfn.XLOOKUP(G120,'Master Budget'!$G$4:$G$360,'Master Budget'!$P$4:$P$360,0) -> 0
A121: 121 | B121: A | C121: 22 | D121: 11500 | E121: Accounts Receivable | F121: =D121&" - "&E121 -> 11500 - Accounts Receivable | G121: 22-11500 | H121: Accounts Receivable | I121: 275525.64 | J121: 1014498.5 | L121: 0 | M121: =_xlfn.XLOOKUP(G121,'Master Budget'!$G$4:$G$360,'Master Budget'!$O$4:$O$360,0) -> 0 | N121: =_xlfn.XLOOKUP(G121,'Master Budget'!$G$4:$G$360,'Master Budget'!$P$4:$P$360,0) -> 0
A122: 122 | B122: A | C122: 22 | D122: 16320 | E122: Equipment | F122: =D122&" - "&E122 -> 16320 - Equipment | G122: 22-16010 | H122: Fire Equipment | I122: 778133 | J122: 778133 | L122: 0 | M122: =_xlfn.XLOOKUP(G122,'Master Budget'!$G$4:$G$360,'Master Budget'!$O$4:$O$360,0) -> 0 | N122: =_xlfn.XLOOKUP(G122,'Master Budget'!$G$4:$G$360,'Master Budget'!$P$4:$P$360,0) -> 0
A123: 123 | B123: A | C123: 22 | D123: 16900 | E123: Accumulated Depreciation | F123: =D123&" - "&E123 -> 16900 - Accumulated Depreciation | G123: 22-16900 | H123: Accumulated Depreciation | I123: -196532.31 | J123: -217888.36 | L123: 0 | M123: =_xlfn.XLOOKUP(G123,'Master Budget'!$G$4:$G$360,'Master Budget'!$O$4:$O$360,0) -> 0 | N123: =_xlfn.XLOOKUP(G123,'Master Budget'!$G$4:$G$360,'Master Budget'!$P$4:$P$360,0) -> 0
A124: 124 | B124: A | C124: 22 | D124: 17000 | E124: Net Pension Asset | F124: =D124&" - "&E124 -> 17000 - Net Pension Asset | G124: 22-17000 | H124: Net Pension Asset | I124: 0 | J124: 0 | M124: =_xlfn.XLOOKUP(G124,'Master Budget'!$G$4:$G$360,'Master Budget'!$O$4:$O$360,0) -> 0 | N124: =_xlfn.XLOOKUP(G124,'Master Budget'!$G$4:$G$360,'Master Budget'!$P$4:$P$360,0) -> 0
A125: 125 | B125: A | C125: 22 | D125: 17010 | E125: Deferred Outflows - Pensions | F125: =D125&" - "&E125 -> 17010 - Deferred Outflows - Pensions | G125: 22-17010 | H125: Deferred Outflows-Pensions | I125: 0 | J125: 0 | M125: =_xlfn.XLOOKUP(G125,'Master Budget'!$G$4:$G$360,'Master Budget'!$O$4:$O$360,0) -> 0 | N125: =_xlfn.XLOOKUP(G125,'Master Budget'!$G$4:$G$360,'Master Budget'!$P$4:$P$360,0) -> 0
A126: 126 | B126: L | C126: 22 | D126: 21100 | E126: Accounts Payable | F126: =D126&" - "&E126 -> 21100 - Accounts Payable | G126: 22-21100 | H126: Accounts Payable | I126: -204.15 | J126: 6581.86 | L126: 0 | M126: =_xlfn.XLOOKUP(G126,'Master Budget'!$G$4:$G$360,'Master Budget'!$O$4:$O$360,0) -> 0 | N126: =_xlfn.XLOOKUP(G126,'Master Budget'!$G$4:$G$360,'Master Budget'!$P$4:$P$360,0) -> 0
A127: 127 | B127: L | C127: 22 | D127: 22200 | E127: Accrued Expenses | F127: =D127&" - "&E127 -> 22200 - Accrued Expenses | G127: 22-22200 | H127: Salaries & Wages Payable | I127: -4596 | J127: -38008.03 | L127: 0 | M127: =_xlfn.XLOOKUP(G127,'Master Budget'!$G$4:$G$360,'Master Budget'!$O$4:$O$360,0) -> 0 | N127: =_xlfn.XLOOKUP(G127,'Master Budget'!$G$4:$G$360,'Master Budget'!$P$4:$P$360,0) -> 0
A128: 128 | B128: L | C128: 22 | D128: 22200 | E128: Accrued Expenses | F128: =D128&" - "&E128 -> 22200 - Accrued Expenses | G128: 22-22210 | H128: Payroll Taxes Payable | I128: 0 | J128: -11894.23 | L128: 0 | M128: =_xlfn.XLOOKUP(G128,'Master Budget'!$G$4:$G$360,'Master Budget'!$O$4:$O$360,0) -> 0 | N128: =_xlfn.XLOOKUP(G128,'Master Budget'!$G$4:$G$360,'Master Budget'!$P$4:$P$360,0) -> 0
A129: 129 | B129: L | C129: 22 | D129: 22200 | E129: Accrued Expenses | F129: =D129&" - "&E129 -> 22200 - Accrued Expenses | G129: 22-22500 | H129: Retirement Payable | I129: 0 | J129: -2116.28 | L129: 0 | M129: =_xlfn.XLOOKUP(G129,'Master Budget'!$G$4:$G$360,'Master Budget'!$O$4:$O$360,0) -> 0 | N129: =_xlfn.XLOOKUP(G129,'Master Budget'!$G$4:$G$360,'Master Budget'!$P$4:$P$360,0) -> 0
A130: 130 | B130: L | C130: 22 | D130: 28560 | E130: Net Pension Liability | F130: =D130&" - "&E130 -> 28560 - Net Pension Liability | G130: 22-22510 | H130: Net Pension Liability | I130: 0 | J130: 0 | M130: =_xlfn.XLOOKUP(G130,'Master Budget'!$G$4:$G$360,'Master Budget'!$O$4:$O$360,0) -> 0 | N130: =_xlfn.XLOOKUP(G130,'Master Budget'!$G$4:$G$360,'Master Budget'!$P$4:$P$360,0) -> 0
A131: 131 | B131: L | C131: 22 | D131: 22520 | E131: Deferred inflows | F131: =D131&" - "&E131 -> 22520 - Deferred inflows | G131: 22-22520 | H131: Deferred Inflows-Pensions | I131: 0 | J131: 0 | M131: =_xlfn.XLOOKUP(G131,'Master Budget'!$G$4:$G$360,'Master Budget'!$O$4:$O$360,0) -> 0 | N131: =_xlfn.XLOOKUP(G131,'Master Budget'!$G$4:$G$360,'Master Budget'!$P$4:$P$360,0) -> 0
A132: 132 | B132: L | C132: 22 | D132: 22200 | E132: Accrued Expenses | F132: =D132&" - "&E132 -> 22200 - Accrued Expenses | G132: 22-22600 | H132: Payroll Benefits Payable | I132: 0 | J132: 88.08 | M132: =_xlfn.XLOOKUP(G132,'Master Budget'!$G$4:$G$360,'Master Budget'!$O$4:$O$360,0) -> 0 | N132: =_xlfn.XLOOKUP(G132,'Master Budget'!$G$4:$G$360,'Master Budget'!$P$4:$P$360,0) -> 0
A133: 133 | B133: L | C133: 22 | D133: 22200 | E133: Accrued Expenses | F133: =D133&" - "&E133 -> 22200 - Accrued Expenses | G133: 22-22700 | H133: Worker's Comp Payable | I133: 0 | J133: 79.3 | L133: 0 | M133: =_xlfn.XLOOKUP(G133,'Master Budget'!$G$4:$G$360,'Master Budget'!$O$4:$O$360,0) -> 0 | N133: =_xlfn.XLOOKUP(G133,'Master Budget'!$G$4:$G$360,'Master Budget'!$P$4:$P$360,0) -> 0
A134: 134 | B134: L | C134: 22 | D134: 22200 | E134: Accrued Expenses | F134: =D134&" - "&E134 -> 22200 - Accrued Expenses | G134: 22-22800 | H134: Flex/LTD Payable | I134: 0 | J134: -130.77 | L134: 0 | M134: =_xlfn.XLOOKUP(G134,'Master Budget'!$G$4:$G$360,'Master Budget'!$O$4:$O$360,0) -> 0 | N134: =_xlfn.XLOOKUP(G134,'Master Budget'!$G$4:$G$360,'Master Budget'!$P$4:$P$360,0) -> 0
A135: 135 | B135: L | C135: 22 | D135: 22200 | E135: Accrued Expenses | F135: =D135&" - "&E135 -> 22200 - Accrued Expenses | G135: 22-25100 | H135: Accrued Vacation | I135: -5476.31 | J135: -5476.31 | M135: =_xlfn.XLOOKUP(G135,'Master Budget'!$G$4:$G$360,'Master Budget'!$O$4:$O$360,0) -> 0 | N135: =_xlfn.XLOOKUP(G135,'Master Budget'!$G$4:$G$360,'Master Budget'!$P$4:$P$360,0) -> 0
A136: 136 | B136: L | C136: 22 | D136: 22250 | E136: Compensated Absences Noncurrent | F136: =D136&" - "&E136 -> 22250 - Compensated Absences Noncurrent | G136: 22-25125 | H136: Compensated Absences Noncurrent | I136: -7059.79 | J136: -7059.79 | M136: =_xlfn.XLOOKUP(G136,'Master Budget'!$G$4:$G$360,'Master Budget'!$O$4:$O$360,0) -> 0 | N136: =_xlfn.XLOOKUP(G136,'Master Budget'!$G$4:$G$360,'Master Budget'!$P$4:$P$360,0) -> 0
A137: 137 | B137: C | C137: 22 | D137: 29100 | E137: Unrestricted | F137: =D137&" - "&E137 -> 29100 - Unrestricted | G137: 22-29100 | H137: Fund Balance | I137: -1990906.5 | J137: -2542212.8 | L137: 0 | M137: =_xlfn.XLOOKUP(G137,'Master Budget'!$G$4:$G$360,'Master Budget'!$O$4:$O$360,0) -> 0 | N137: =_xlfn.XLOOKUP(G137,'Master Budget'!$G$4:$G$360,'Master Budget'!$P$4:$P$360,0) -> 0
A138: 138 | B138: R | C138: 22 | D138: 70 | E138: Grant revenue | F138: =D138&" - "&E138 -> 70 - Grant revenue | G138: 22-30-410 | H138: Wildland Grants | I138: -29200 | J138: -9909.55 | K138: =J138/9*12 -> -13212.733 | L138: -50000 | M138: =_xlfn.XLOOKUP(G138,'Master Budget'!$G$4:$G$360,'Master Budget'!$O$4:$O$360,0) -> -10000 | N138: =_xlfn.XLOOKUP(G138,'Master Budget'!$G$4:$G$360,'Master Budget'!$P$4:$P$360,0) -> -60000
A139: 139 | B139: R | C139: 22 | D139: 30 | E139: Charges for services | F139: =D139&" - "&E139 -> 30 - Charges for services | G139: 22-30-415 | H139: Wildland Income | I139: -1581410.9 | J139: -1938215.3 | K139: =J139/9*12 -> -2584287.1 | L139: -900000 | M139: =_xlfn.XLOOKUP(G139,'Master Budget'!$G$4:$G$360,'Master Budget'!$O$4:$O$360,0) -> -2200000 | N139: =_xlfn.XLOOKUP(G139,'Master Budget'!$G$4:$G$360,'Master Budget'!$P$4:$P$360,0) -> -1686024
A140: 140 | B140: R | C140: 22 | D140: 30 | E140: Charges for services | F140: =D140&" - "&E140 -> 30 - Charges for services | G140: 22-30-420 | H140: Wildland Mitigation | I140: 0 | J140: 0 | K140: =J140/9*12 -> 0 | L140: 0 | M140: =_xlfn.XLOOKUP(G140,'Master Budget'!$G$4:$G$360,'Master Budget'!$O$4:$O$360,0) -> 0 | N140: =_xlfn.XLOOKUP(G140,'Master Budget'!$G$4:$G$360,'Master Budget'!$P$4:$P$360,0) -> 0
A141: 141 | B141: R | C141: 22 | D141: 30 | E141: Charges for services | F141: =D141&" - "&E141 -> 30 - Charges for services | G141: 22-30-475 | H141: Other Income | I141: 0 | J141: 0 | K141: =J141/9*12 -> 0 | L141: 0 | M141: =_xlfn.XLOOKUP(G141,'Master Budget'!$G$4:$G$360,'Master Budget'!$O$4:$O$360,0) -> 0 | N141: =_xlfn.XLOOKUP(G141,'Master Budget'!$G$4:$G$360,'Master Budget'!$P$4:$P$360,0) -> 0
A142: 142 | B142: R | C142: 22 | D142: 960 | E142: Interest income | F142: =D142&" - "&E142 -> 960 - Interest income | G142: 22-30-505 | H142: Interest on Investments | I142: -12491.06 | J142: -11207.21 | K142: =J142/9*12 -> -14942.947 | L142: 0 | M142: =_xlfn.XLOOKUP(G142,'Master Budget'!$G$4:$G$360,'Master Budget'!$O$4:$O$360,0) -> -14000 | N142: =_xlfn.XLOOKUP(G142,'Master Budget'!$G$4:$G$360,'Master Budget'!$P$4:$P$360,0) -> -12000
A143: 144 | B143: E | C143: 22 | D143: 100 | E143: Salaries and Benefits | F143: =D143&" - "&E143 -> 100 - Salaries and Benefits | G143: 22-47-600 | H143: Salaries & Wages | I143: 597791.25 | J143: 788378.3 | K143: =J143/9*12 -> 1051171.1 | L143: 724500 | M143: =_xlfn.XLOOKUP(G143,'Master Budget'!$G$4:$G$360,'Master Budget'!$O$4:$O$360,0) -> 850000 | N143: =_xlfn.XLOOKUP(G143,'Master Budget'!$G$4:$G$360,'Master Budget'!$P$4:$P$360,0) -> 869914
A144: 145 | B144: E | C144: 22 | D144: 100 | E144: Salaries and Benefits | F144: =D144&" - "&E144 -> 100 - Salaries and Benefits | G144: 22-47-601 | H144: Payroll Taxes | I144: 53353.35 | J144: 60432.78 | K144: =J144/9*12 -> 80577.04 | L144: 50604.75 | M144: =_xlfn.XLOOKUP(G144,'Master Budget'!$G$4:$G$360,'Master Budget'!$O$4:$O$360,0) -> 67000 | N144: =_xlfn.XLOOKUP(G144,'Master Budget'!$G$4:$G$360,'Master Budget'!$P$4:$P$360,0) -> 66548.421
A145: 146 | B145: E | C145: 22 | D145: 100 | E145: Salaries and Benefits | F145: =D145&" - "&E145 -> 100 - Salaries and Benefits | G145: 22-47-602 | H145: Retirement | I145: 39991.41 | J145: 14799.69 | K145: =J145/9*12 -> 19732.92 | L145: 0 | M145: =_xlfn.XLOOKUP(G145,'Master Budget'!$G$4:$G$360,'Master Budget'!$O$4:$O$360,0) -> 40000 | N145: =_xlfn.XLOOKUP(G145,'Master Budget'!$G$4:$G$360,'Master Budget'!$P$4:$P$360,0) -> 169982.8
A146: 147 | B146: E | C146: 22 | D146: 100 | E146: Salaries and Benefits | F146: =D146&" - "&E146 -> 100 - Salaries and Benefits | G146: 22-47-603 | H146: Medical, LTD, Life, AD&D | I146: 57367.55 | J146: 38183.62 | K146: =J146/9*12 -> 50911.493 | M146: =_xlfn.XLOOKUP(G146,'Master Budget'!$G$4:$G$360,'Master Budget'!$O$4:$O$360,0) -> 60000 | N146: =_xlfn.XLOOKUP(G146,'Master Budget'!$G$4:$G$360,'Master Budget'!$P$4:$P$360,0) -> 115322.08
A147: 148 | B147: E | C147: 22 | D147: 100 | E147: Salaries and Benefits | F147: =D147&" - "&E147 -> 100 - Salaries and Benefits | G147: 22-47-604 | H147: Worker's Compensation | I147: 9547.94 | J147: 1228.9 | K147: =J147/9*12 -> 1638.5333 | L147: 13230 | M147: =_xlfn.XLOOKUP(G147,'Master Budget'!$G$4:$G$360,'Master Budget'!$O$4:$O$360,0) -> 0 | N147: =_xlfn.XLOOKUP(G147,'Master Budget'!$G$4:$G$360,'Master Budget'!$P$4:$P$360,0) -> 17398.28
A148: 149 | B148: E | C148: 22 | D148: 100 | E148: Salaries and Benefits | F148: =D148&" - "&E148 -> 100 - Salaries and Benefits | G148: 22-47-607 | H148: Vacation/Sick/Holiday | I148: 8696.1 | J148: 3451 | K148: =J148/9*12 -> 4601.3333 | M148: =_xlfn.XLOOKUP(G148,'Master Budget'!$G$4:$G$360,'Master Budget'!$O$4:$O$360,0) -> 0 | N148: =_xlfn.XLOOKUP(G148,'Master Budget'!$G$4:$G$360,'Master Budget'!$P$4:$P$360,0) -> 0
A149: 150 | B149: E | C149: 22 | D149: 100 | E149: Salaries and Benefits | F149: =D149&" - "&E149 -> 100 - Salaries and Benefits | G149: 22-47-608 | H149: Flex Plan | I149: 0 | J149: 8.76 | K149: =J149/9*12 -> 11.68 | M149: =_xlfn.XLOOKUP(G149,'Master Budget'!$G$4:$G$360,'Master Budget'!$O$4:$O$360,0) -> 18 | N149: =_xlfn.XLOOKUP(G149,'Master Budget'!$G$4:$G$360,'Master Budget'!$P$4:$P$360,0) -> 0
A150: 151 | B150: E | C150: 22 | D150: 200 | E150: General and Administrative | F150: =D150&" - "&E150 -> 200 - General and Administrative | G150: 22-47-612 | H150: Supplies | I150: 9374.12 | J150: 33980.65 | K150: =J150/9*12 -> 45307.533 | L150: 25000 | M150: =_xlfn.XLOOKUP(G150,'Master Budget'!$G$4:$G$360,'Master Budget'!$O$4:$O$360,0) -> 35000 | N150: =_xlfn.XLOOKUP(G150,'Master Budget'!$G$4:$G$360,'Master Budget'!$P$4:$P$360,0) -> 35000
A151: 152 | B151: E | C151: 22 | D151: 200 | E151: General and Administrative | F151: =D151&" - "&E151 -> 200 - General and Administrative | G151: 22-47-625 | H151: Special Studies | I151: 12000 | J151: 0 | K151: =J151/9*12 -> 0 | L151: 0 | M151: =_xlfn.XLOOKUP(G151,'Master Budget'!$G$4:$G$360,'Master Budget'!$O$4:$O$360,0) -> 0 | N151: =_xlfn.XLOOKUP(G151,'Master Budget'!$G$4:$G$360,'Master Budget'!$P$4:$P$360,0) -> 0
A152: 153 | B152: E | C152: 22 | D152: 200 | E152: General and Administrative | F152: =D152&" - "&E152 -> 200 - General and Administrative | G152: 22-47-635 | H152: Insurance | I152: 0 | J152: 14047.76 | K152: =J152/9*12 -> 18730.347 | L152: 600 | M152: =_xlfn.XLOOKUP(G152,'Master Budget'!$G$4:$G$360,'Master Budget'!$O$4:$O$360,0) -> 15000 | N152: =_xlfn.XLOOKUP(G152,'Master Budget'!$G$4:$G$360,'Master Budget'!$P$4:$P$360,0) -> 15000
A153: 154 | B153: E | C153: 22 | D153: 500 | E153: Repairs and Maintenance | F153: =D153&" - "&E153 -> 500 - Repairs and Maintenance | G153: 22-47-638 | H153: Repairs & Maintenance | I153: 7854.58 | J153: 973.69 | K153: =J153/9*12 -> 1298.2533 | L153: 25000 | M153: =_xlfn.XLOOKUP(G153,'Master Budget'!$G$4:$G$360,'Master Budget'!$O$4:$O$360,0) -> 5000 | N153: =_xlfn.XLOOKUP(G153,'Master Budget'!$G$4:$G$360,'Master Budget'!$P$4:$P$360,0) -> 5000
A154: 155 | B154: E | C154: 22 | D154: 500 | E154: Repairs and Maintenance | F154: =D154&" - "&E154 -> 500 - Repairs and Maintenance | G154: 22-47-654 | H154: Vehicles Repairs & Maint | I154: 59364.3 | J154: 31976.79 | K154: =J154/9*12 -> 42635.72 | L154: 20000 | M154: =_xlfn.XLOOKUP(G154,'Master Budget'!$G$4:$G$360,'Master Budget'!$O$4:$O$360,0) -> 40000 | N154: =_xlfn.XLOOKUP(G154,'Master Budget'!$G$4:$G$360,'Master Budget'!$P$4:$P$360,0) -> 35000
A155: 156 | B155: E | C155: 22 | D155: 500 | E155: Repairs and Maintenance | F155: =D155&" - "&E155 -> 500 - Repairs and Maintenance | G155: 22-47-658 | H155: Vehicle Fuel | I155: 21786.48 | J155: 31774.42 | K155: =J155/9*12 -> 42365.893 | L155: 12000 | M155: =_xlfn.XLOOKUP(G155,'Master Budget'!$G$4:$G$360,'Master Budget'!$O$4:$O$360,0) -> 12000 | N155: =_xlfn.XLOOKUP(G155,'Master Budget'!$G$4:$G$360,'Master Budget'!$P$4:$P$360,0) -> 12000
A156: 157 | B156: E | C156: 22 | D156: 200 | E156: General and Administrative | F156: =D156&" - "&E156 -> 200 - General and Administrative | G156: 22-47-677 | H156: Travel and Conferences | I156: 131125.3 | J156: 170952.8 | K156: =J156/9*12 -> 227937.07 | L156: 35000 | M156: =_xlfn.XLOOKUP(G156,'Master Budget'!$G$4:$G$360,'Master Budget'!$O$4:$O$360,0) -> 160000 | N156: =_xlfn.XLOOKUP(G156,'Master Budget'!$G$4:$G$360,'Master Budget'!$P$4:$P$360,0) -> 160000
A157: 158 | B157: E | C157: 22 | D157: 200 | E157: General and Administrative | F157: =D157&" - "&E157 -> 200 - General and Administrative | G157: 22-47-681 | H157: Training | I157: 75 | J157: 1572.29 | K157: =J157/9*12 -> 2096.3867 | L157: 4000 | M157: =_xlfn.XLOOKUP(G157,'Master Budget'!$G$4:$G$360,'Master Budget'!$O$4:$O$360,0) -> 2000 | N157: =_xlfn.XLOOKUP(G157,'Master Budget'!$G$4:$G$360,'Master Budget'!$P$4:$P$360,0) -> 4000
A158: 159 | B158: E | C158: 22 | D158: 200 | E158: General and Administrative | F158: =D158&" - "&E158 -> 200 - General and Administrative | G158: 22-47-686 | H158: Mitigation Expense | I158: 249.96 | J158: 0 | K158: =J158/9*12 -> 0 | L158: 0 | M158: =_xlfn.XLOOKUP(G158,'Master Budget'!$G$4:$G$360,'Master Budget'!$O$4:$O$360,0) -> 0 | N158: =_xlfn.XLOOKUP(G158,'Master Budget'!$G$4:$G$360,'Master Budget'!$P$4:$P$360,0) -> 0
A159: 160 | B159: E | C159: 22 | D159: 700 | E159: Depreciation and Amortization | F159: =D159&" - "&E159 -> 700 - Depreciation and Amortization | G159: 22-47-688 | H159: Depreciation | I159: 51254.52 | J159: 21356.05 | K159: =J159/9*12 -> 28474.733 | L159: 0 | M159: =_xlfn.XLOOKUP(G159,'Master Budget'!$G$4:$G$360,'Master Budget'!$O$4:$O$360,0) -> 0 | N159: =_xlfn.XLOOKUP(G159,'Master Budget'!$G$4:$G$360,'Master Budget'!$P$4:$P$360,0) -> 0
A160: 161 | B160: E | C160: 22 | D160: 710 | E160: capital Outlay | F160: =D160&" - "&E160 -> 710 - capital Outlay | G160: 22-47-691 | H160: capital Equipment | I160: 0 | J160: 341070.28 | K160: =J160/9*12 -> 454760.37 | L160: 515000 | M160: =_xlfn.XLOOKUP(G160,'Master Budget'!$G$4:$G$360,'Master Budget'!$O$4:$O$360,0) -> 515000 | N160: =_xlfn.XLOOKUP(G160,'Master Budget'!$G$4:$G$360,'Master Budget'!$P$4:$P$360,0) -> 0
A161: 162 | B161: E | C161: 22 | D161: 200 | E161: General and Administrative | F161: =D161&" - "&E161 -> 200 - General and Administrative | G161: 22-47-694 | H161: Clothing & Protective Gear | I161: 11963.83 | J161: 14605.19 | K161: =J161/9*12 -> 19473.587 | L161: 25000 | M161: =_xlfn.XLOOKUP(G161,'Master Budget'!$G$4:$G$360,'Master Budget'!$O$4:$O$360,0) -> 0 | N161: =_xlfn.XLOOKUP(G161,'Master Budget'!$G$4:$G$360,'Master Budget'!$P$4:$P$360,0) -> 0
A162: 163 | B162: E | C162: 22 | D162: 720 | E162: Gain/Loss on disposal | F162: =D162&" - "&E162 -> 720 - Gain/Loss on disposal | G162: 22-47-697 | H162: Loss on Disposal of Fix Asset | I162: 0 | J162: 0 | K162: =J162/9*12 -> 0 | L162: 0 | M162: =_xlfn.XLOOKUP(G162,'Master Budget'!$G$4:$G$360,'Master Budget'!$O$4:$O$360,0) -> 0 | N162: =_xlfn.XLOOKUP(G162,'Master Budget'!$G$4:$G$360,'Master Budget'!$P$4:$P$360,0) -> 0
A163: 164 | B163: A | C163: 51 | D163: 10000 | E163: Cash and Cash Equivalents | F163: =D163&" - "&E163 -> 10000 - Cash and Cash Equivalents | G163: 51-10000 | H163: Cash Combined Fund | I163: 1671392.5 | J163: 1598634.1 | L163: 0 | M163: =_xlfn.XLOOKUP(G163,'Master Budget'!$G$4:$G$360,'Master Budget'!$O$4:$O$360,0) -> 0 | N163: =_xlfn.XLOOKUP(G163,'Master Budget'!$G$4:$G$360,'Master Budget'!$P$4:$P$360,0) -> 0
A164: 165 | B164: A | C164: 51 | D164: 16200 | E164: Noncurrent restricted cash and investments | F164: =D164&" - "&E164 -> 16200 - Noncurrent restricted cash and investments | G164: 51-10500 | H164: Restricted Cash | I164: 0 | J164: 0 | L164: 0 | M164: =_xlfn.XLOOKUP(G164,'Master Budget'!$G$4:$G$360,'Master Budget'!$O$4:$O$360,0) -> 0 | N164: =_xlfn.XLOOKUP(G164,'Master Budget'!$G$4:$G$360,'Master Budget'!$P$4:$P$360,0) -> 0
...

Sheet Pivot Summary
A1: Type | B1: (Multiple Items) | C1: 2026 Amended
I2: Type | J2: (Multiple Items)
A3: Sum of 2026 Amended | B3: Column Labels
A4: Row Labels | B4: 20 | C4: 22 | D4: 51 | E4: 52 | F4: 53 | G4: Grand Total | I4: Row Labels | J4: Sum of 2025 Audit | K4: Sum of 2026 Projection | L4: Sum of 2026 Adopted | M4: Sum of 2026 Amended | N4: Sum of 2027 Proposed
A5: 30 - Charges for services | B5: -1126000 | C5: -2200000 | D5: -752720 | E5: -685480 | F5: -28500 | G5: -4792700 | I5: 30 - Charges for services | J5: -4347358.4 | K5: -5326314.1 | L5: -3484700 | M5: -4792700 | N5: -4341802.3
A6: 40 - Miscellaneous income | B6: -1300 | G6: -1300 | I6: 40 - Miscellaneous income | J6: -775 | K6: 0 | L6: -1300 | M6: -1300 | N6: -1300
A7: 60 - Donations | B7: -15000 | G7: -15000 | I7: 60 - Donations | J7: -19533.35 | K7: -16686.293 | L7: -15000 | M7: -15000 | N7: -15000
A8: 70 - Grant revenue | B8: -100000 | C8: -10000 | D8: 0 | E8: -2619841.6 | G8: -2729841.6 | I8: 70 - Grant revenue | J8: -10009291 | K8: -51809.733 | L8: -3850000 | M8: -2729841.6 | N8: -1515250
A9: 100 - Salaries and Benefits | B9: 1341654.3 | C9: 1017018 | D9: 376046.52 | E9: 376008.12 | F9: 11680.549 | G9: 3122407.5 | I9: 100 - Salaries and Benefits | J9: 2451154.4 | K9: 3017469.8 | L9: 2863446.5 | M9: 3122407.5 | N9: 3119493.8
A10: 200 - General and Administrative | B10: 319871.51 | C10: 212000 | D10: 315300 | E10: 322600 | F10: 18240 | G10: 1188011.5 | I10: 200 - General and Administrative | J10: 960310.89 | K10: 869623.19 | L10: 1044960.9 | M10: 1188011.5 | N10: 1170860.5
A11: 500 - Repairs and Maintenance | B11: 51070 | C11: 57000 | D11: 120350 | E11: 53350 | F11: 4000 | G11: 285770 | I11: 500 - Repairs and Maintenance | J11: 248739.91 | K11: 231841 | L11: 254200 | M11: 285770 | N11: 264350
A12: 600 - Bad Debt | B12: 0 | D12: 0 | E12: 0 | F12: 0 | G12: 0 | I12: 600 - Bad Debt | J12: 0 | K12: 0 | L12: 0 | M12: 0 | N12: 0
A13: 620 - Interest Expense | B13: 3918.49 | D13: 22158.4 | E13: 63620 | G13: 89696.89 | I13: 620 - Interest Expense | J13: 41358.94 | K13: 1178.08 | L13: 164178 | M13: 89696.89 | N13: 85896.6
A14: 700 - Depreciation and Amortization | B14: 110000 | C14: 0 | D14: 87202 | E14: 111558 | F14: 2122 | G14: 310882 | I14: 700 - Depreciation and Amortization | J14: 450618.23 | K14: 250343.47 | L14: 310882 | M14: 310882 | N14: 310882
A15: 710 - capital Outlay | B15: 0 | C15: 515000 | D15: 930000 | E15: 4580000 | F15: 0 | G15: 6025000 | I15: 710 - capital Outlay | J15: 0 | K15: 3094031.3 | L15: 5255000 | M15: 6025000 | N15: 3249000
A16: 720 - Gain/Loss on disposal | B16: 0 | C16: 0 | D16: 0 | E16: 0 | G16: 0 | I16: 720 - Gain/Loss on disposal | J16: 39296.42 | K16: 0 | L16: 0 | M16: 0 | N16: 0
A17: 950 - Property Taxes | B17: -85000 | D17: -80000 | G17: -165000 | I17: 950 - Property Taxes | J17: -205354.36 | K17: -18405.587 | L17: -165000 | M17: -165000 | N17: -165000
A18: 960 - Interest income | B18: -39000 | C18: -14000 | D18: -100000 | E18: -50000 | F18: 0 | G18: -203000 | I18: 960 - Interest income | J18: -436434.66 | K18: -195165.97 | L18: -189000 | M18: -203000 | N18: -202000
A19: 970 - Debt Principle Payments | B19: 20552 | D19: 138000 | E19: 430000 | G19: 588552 | I19: 970 - Debt Principle Payments | J19: 0 | K19: 0 | L19: 308325 | M19: 588552 | N19: 592531.4
A20: Grand Total | B20: 480766.29 | C20: -422982 | D20: 1056336.9 | E20: 2581814.5 | F20: 7542.5493 | G20: 3703478.3 | I20: Grand Total | J20: -10827268 | K20: 1856105.2 | L20: 2495992.4 | M20: 3703478.3 | N20: 2552661.9
M21: =GETPIVOTDATA("Sum of 2026 Amended",$I$4)-GETPIVOTDATA("2026 Amended",$A$3) -> 0 | N21: =GETPIVOTDATA("Sum of 2027 Proposed",$I$4)-GETPIVOTDATA("2027 Proposed",$A$25) -> 0
A23: Type | B23: (Multiple Items) | C23: 2027 Proposed
A25: Sum of 2027 Proposed | B25: Column Labels
A26: Row Labels | B26: 20 | C26: 22 | D26: 51 | E26: 52 | F26: 53 | G26: Grand Total
A27: 30 - Charges for services | B27: -1189078.3 | C27: -1686024 | D27: -752720 | E27: -685480 | F27: -28500 | G27: -4341802.3
A28: 40 - Miscellaneous income | B28: -1300 | G28: -1300
A29: 60 - Donations | B29: -15000 | G29: -15000
A30: 70 - Grant revenue | B30: -55250 | C30: -60000 | D30: -1400000 | E30: 0 | G30: -1515250
A31: 100 - Salaries and Benefits | B31: 1115849.5 | C31: 1239165.6 | D31: 376088.8 | E31: 376050.4 | F31: 12339.491 | G31: 3119493.8
A32: 200 - General and Administrative | B32: 287720.49 | C32: 214000 | D32: 328300 | E32: 322600 | F32: 18240 | G32: 1170860.5
A33: 500 - Repairs and Maintenance | B33: 49000 | C33: 52000 | D33: 116000 | E33: 43350 | F33: 4000 | G33: 264350
A34: 600 - Bad Debt | B34: 0 | D34: 0 | E34: 0 | F34: 0 | G34: 0
A35: 620 - Interest Expense | B35: 2939.1 | D35: 19337.5 | E35: 63620 | G35: 85896.6
A36: 700 - Depreciation and Amortization | B36: 110000 | C36: 0 | D36: 87202 | E36: 111558 | F36: 2122 | G36: 310882
A37: 710 - capital Outlay | B37: 619000 | C37: 0 | D37: 1590000 | E37: 1040000 | F37: 0 | G37: 3249000
A38: 720 - Gain/Loss on disposal | B38: 0 | C38: 0 | D38: 0 | E38: 0 | G38: 0
A39: 950 - Property Taxes | B39: -85000 | D39: -80000 | G39: -165000
A40: 960 - Interest income | B40: -40000 | C40: -12000 | D40: -100000 | E40: -50000 | F40: 0 | G40: -202000
A41: 970 - Debt Principle Payments | B41: 21531.4 | D41: 141000 | E41: 430000 | G41: 592531.4
A42: Grand Total | B42: 820412.15 | C42: -252858.42 | D42: 325208.3 | E42: 1651698.4 | F42: 8201.4908 | G42: 2552661.9

Sheet Master Budget
A2: Master Budget | I2: =SUM(I4:I360) -> 712533.26 | J2: =SUM(J4:J360) -> 1022490 | K2: =SUM(K4:K360) -> 449021.13 | L2: =SUM(L4:L360) -> 18133160 | M2: =SUM(M4:M360) -> -1069270.7 | N2: =SUM(N4:N360) -> 3320992.4 | O2: =SUM(O4:O360) -> 3703478.3 | P2: =SUM(P4:P360) -> 2552661.9 | R2: =Q2/2 -> 0
A3: No | B3: Type | C3: Fund | D3: Grouping Code | E3: Grouping Code Name | F3: Grouping No and Name | G3: New Account Number | H3: Account Name | I3: 2024 Adopted | J3: 2024 Amended | K3: 2025 Annualized | L3: 2025 Adopted | M3: 2025 Amended | N3: 2026 Proposed | O3: 2026 Amended | P3: 2027 Proposed | R3: Filter
A4: 1 | B4: A | C4: =LEFT(G4,2) -> 20 | D4: 10000 | E4: Cash and Cash Equivalents | F4: =D4&" "&E4 -> 10000 Cash and Cash Equivalents | G4: 20-10000 | H4: Cash Combined Fund | I4: 0 | J4: =SUMIFS('Budget Worksheet'!$J$5:$J$234,'Budget Worksheet'!$B$5:$B$234,'Master Budget'!G4) -> 0 | L4: =SUMIFS('Budget Worksheet'!$L$5:$L$234,'Budget Worksheet'!$B$5:$B$234,'Master Budget'!G4) -> 0 | M4: =_xlfn.XLOOKUP(G4,'Budget Worksheet'!$B$5:$B$234,'Budget Worksheet'!$N$5:$N$234,0) -> 0 | N4: =_xlfn.XLOOKUP(G4,'Budget Worksheet'!$B$5:$B$234,'Budget Worksheet'!$U$5:$U$234,0) -> 0 | O4: =_xlfn.XLOOKUP(G4,'Budget Worksheet'!$B$5:$B$234,'Budget Worksheet'!$S$5:$S$234,0) -> 0 | P4: =_xlfn.XLOOKUP(G4,'Budget Worksheet'!$B$5:$B$234,'Budget Worksheet'!$U$5:$U$234,0) -> 0 | Q4: =MATCH(G4,'Budget Worksheet'!$B$5:$B$234,0) -> #N/A | R4: =SUM(I4:N4) -> 0
A5: 2 | B5: A | C5: =LEFT(G5,2) -> 20 | D5: 10000 | E5: Cash and Cash Equivalents | F5: =D5&" "&E5 -> 10000 Cash and Cash Equivalents | G5: 20-10400 | H5: Petty Cash | I5: 0 | J5: =SUMIFS('Budget Worksheet'!$J$5:$J$234,'Budget Worksheet'!$B$5:$B$234,'Master Budget'!G5) -> 0 | L5: =SUMIFS('Budget Worksheet'!$L$5:$L$234,'Budget Worksheet'!$B$5:$B$234,'Master Budget'!G5) -> 0 | M5: =_xlfn.XLOOKUP(G5,'Budget Worksheet'!$B$5:$B$234,'Budget Worksheet'!$N$5:$N$234,0) -> 0 | N5: =_xlfn.XLOOKUP(G5,'Budget Worksheet'!$B$5:$B$234,'Budget Worksheet'!$U$5:$U$234,0) -> 0 | O5: =_xlfn.XLOOKUP(G5,'Budget Worksheet'!$B$5:$B$234,'Budget Worksheet'!$S$5:$S$234,0) -> 0 | P5: =_xlfn.XLOOKUP(H5,'Budget Worksheet'!$B$5:$B$234,'Budget Worksheet'!$U$5:$U$234,0) -> 0 | Q5: =MATCH(G5,'Budget Worksheet'!$B$5:$B$234,0) -> #N/A | R5: =SUM(I5:N5) -> 0
A6: 3 | B6: A | C6: =LEFT(G6,2) -> 20 | D6: 10600 | E6: Restricted cash and investments | F6: =D6&" "&E6 -> 10600 Restricted cash and investments | G6: 20-10500 | H6: Restricted Cash | I6: 0 | J6: =SUMIFS('Budget Worksheet'!$J$5:$J$234,'Budget Worksheet'!$B$5:$B$234,'Master Budget'!G6) -> 0 | L6: =SUMIFS('Budget Worksheet'!$L$5:$L$234,'Budget Worksheet'!$B$5:$B$234,'Master Budget'!G6) -> 0 | M6: =_xlfn.XLOOKUP(G6,'Budget Worksheet'!$B$5:$B$234,'Budget Worksheet'!$N$5:$N$234,0) -> 0 | N6: =_xlfn.XLOOKUP(G6,'Budget Worksheet'!$B$5:$B$234,'Budget Worksheet'!$U$5:$U$234,0) -> 0 | O6: =_xlfn.XLOOKUP(G6,'Budget Worksheet'!$B$5:$B$234,'Budget Worksheet'!$S$5:$S$234,0) -> 0 | P6: =_xlfn.XLOOKUP(H6,'Budget Worksheet'!$B$5:$B$234,'Budget Worksheet'!$U$5:$U$234,0) -> 0 | Q6: =MATCH(G6,'Budget Worksheet'!$B$5:$B$234,0) -> #N/A | R6: =SUM(I6:N6) -> 0
A7: 4 | B7: A | C7: =LEFT(G7,2) -> 20 | D7: 10000 | E7: Cash and Cash Equivalents | F7: =D7&" "&E7 -> 10000 Cash and Cash Equivalents | G7: 20-10610 | H7: 0348 PTIF Fire Reserve | I7: 0 | J7: =SUMIFS('Budget Worksheet'!$J$5:$J$234,'Budget Worksheet'!$B$5:$B$234,'Master Budget'!G7) -> 0 | L7: =SUMIFS('Budget Worksheet'!$L$5:$L$234,'Budget Worksheet'!$B$5:$B$234,'Master Budget'!G7) -> 0 | M7: =_xlfn.XLOOKUP(G7,'Budget Worksheet'!$B$5:$B$234,'Budget Worksheet'!$N$5:$N$234,0) -> 0 | N7: =_xlfn.XLOOKUP(G7,'Budget Worksheet'!$B$5:$B$234,'Budget Worksheet'!$U$5:$U$234,0) -> 0 | O7: =_xlfn.XLOOKUP(G7,'Budget Worksheet'!$B$5:$B$234,'Budget Worksheet'!$S$5:$S$234,0) -> 0 | P7: =_xlfn.XLOOKUP(H7,'Budget Worksheet'!$B$5:$B$234,'Budget Worksheet'!$U$5:$U$234,0) -> 0 | Q7: =MATCH(G7,'Budget Worksheet'!$B$5:$B$234,0) -> #N/A | R7: =SUM(I7:N7) -> 0
A8: 5 | B8: A | C8: =LEFT(G8,2) -> 20 | D8: 10600 | E8: Restricted cash and investments | F8: =D8&" "&E8 -> 10600 Restricted cash and investments | G8: 20-10611 | H8: 8554 PTIF Hazmat Reserve | I8: 0 | J8: =SUMIFS('Budget Worksheet'!$J$5:$J$234,'Budget Worksheet'!$B$5:$B$234,'Master Budget'!G8) -> 0 | L8: =SUMIFS('Budget Worksheet'!$L$5:$L$234,'Budget Worksheet'!$B$5:$B$234,'Master Budget'!G8) -> 0 | M8: =_xlfn.XLOOKUP(G8,'Budget Worksheet'!$B$5:$B$234,'Budget Worksheet'!$N$5:$N$234,0) -> 0 | N8: =_xlfn.XLOOKUP(G8,'Budget Worksheet'!$B$5:$B$234,'Budget Worksheet'!$U$5:$U$234,0) -> 0 | O8: =_xlfn.XLOOKUP(G8,'Budget Worksheet'!$B$5:$B$234,'Budget Worksheet'!$S$5:$S$234,0) -> 0 | P8: =_xlfn.XLOOKUP(H8,'Budget Worksheet'!$B$5:$B$234,'Budget Worksheet'!$U$5:$U$234,0) -> 0 | Q8: =MATCH(G8,'Budget Worksheet'!$B$5:$B$234,0) -> #N/A | R8: =SUM(I8:N8) -> 0
A9: 6 | B9: A | C9: =LEFT(G9,2) -> 20 | D9: 11500 | E9: Accounts Receivable | F9: =D9&" "&E9 -> 11500 Accounts Receivable | G9: 20-11500 | H9: Accounts Receivable | I9: 0 | J9: =SUMIFS('Budget Worksheet'!$J$5:$J$234,'Budget Worksheet'!$B$5:$B$234,'Master Budget'!G9) -> 0 | L9: =SUMIFS('Budget Worksheet'!$L$5:$L$234,'Budget Worksheet'!$B$5:$B$234,'Master Budget'!G9) -> 0 | M9: =_xlfn.XLOOKUP(G9,'Budget Worksheet'!$B$5:$B$234,'Budget Worksheet'!$N$5:$N$234,0) -> 0 | N9: =_xlfn.XLOOKUP(G9,'Budget Worksheet'!$B$5:$B$234,'Budget Worksheet'!$U$5:$U$234,0) -> 0 | O9: =_xlfn.XLOOKUP(G9,'Budget Worksheet'!$B$5:$B$234,'Budget Worksheet'!$S$5:$S$234,0) -> 0 | P9: =_xlfn.XLOOKUP(H9,'Budget Worksheet'!$B$5:$B$234,'Budget Worksheet'!$U$5:$U$234,0) -> 0 | Q9: =MATCH(G9,'Budget Worksheet'!$B$5:$B$234,0) -> #N/A | R9: =SUM(I9:N9) -> 0
A10: 7 | B10: A | C10: =LEFT(G10,2) -> 20 | D10: 11510 | E10: Property Tax Receivable | F10: =D10&" "&E10 -> 11510 Property Tax Receivable | G10: 20-11520 | H10: Property Tax Receivable | I10: 0 | J10: =SUMIFS('Budget Worksheet'!$J$5:$J$234,'Budget Worksheet'!$B$5:$B$234,'Master Budget'!G10) -> 0 | L10: =SUMIFS('Budget Worksheet'!$L$5:$L$234,'Budget Worksheet'!$B$5:$B$234,'Master Budget'!G10) -> 0 | M10: =_xlfn.XLOOKUP(G10,'Budget Worksheet'!$B$5:$B$234,'Budget Worksheet'!$N$5:$N$234,0) -> 0 | N10: =_xlfn.XLOOKUP(G10,'Budget Worksheet'!$B$5:$B$234,'Budget Worksheet'!$U$5:$U$234,0) -> 0 | O10: =_xlfn.XLOOKUP(G10,'Budget Worksheet'!$B$5:$B$234,'Budget Worksheet'!$S$5:$S$234,0) -> 0 | P10: =_xlfn.XLOOKUP(H10,'Budget Worksheet'!$B$5:$B$234,'Budget Worksheet'!$U$5:$U$234,0) -> 0 | Q10: =MATCH(G10,'Budget Worksheet'!$B$5:$B$234,0) -> #N/A | R10: =SUM(I10:N10) -> 0
A11: 8 | B11: A | C11: =LEFT(G11,2) -> 20 | D11: 11500 | E11: Accounts Receivable | F11: =D11&" "&E11 -> 11500 Accounts Receivable | G11: 20-11570 | H11: Allow for Doubtful Accts | I11: 0 | J11: =SUMIFS('Budget Worksheet'!$J$5:$J$234,'Budget Worksheet'!$B$5:$B$234,'Master Budget'!G11) -> 0 | L11: =SUMIFS('Budget Worksheet'!$L$5:$L$234,'Budget Worksheet'!$B$5:$B$234,'Master Budget'!G11) -> 0 | M11: =_xlfn.XLOOKUP(G11,'Budget Worksheet'!$B$5:$B$234,'Budget Worksheet'!$N$5:$N$234,0) -> 0 | N11: =_xlfn.XLOOKUP(G11,'Budget Worksheet'!$B$5:$B$234,'Budget Worksheet'!$U$5:$U$234,0) -> 0 | O11: =_xlfn.XLOOKUP(G11,'Budget Worksheet'!$B$5:$B$234,'Budget Worksheet'!$S$5:$S$234,0) -> 0 | P11: =_xlfn.XLOOKUP(H11,'Budget Worksheet'!$B$5:$B$234,'Budget Worksheet'!$U$5:$U$234,0) -> 0 | Q11: =MATCH(G11,'Budget Worksheet'!$B$5:$B$234,0) -> #N/A | R11: =SUM(I11:N11) -> 0
A12: 9 | B12: A | C12: =LEFT(G12,2) -> 20 | D12: 14300 | E12: Prepaid Expenses | F12: =D12&" "&E12 -> 14300 Prepaid Expenses | G12: 20-14300 | H12: Prepaid Expenses | I12: 0 | J12: =SUMIFS('Budget Worksheet'!$J$5:$J$234,'Budget Worksheet'!$B$5:$B$234,'Master Budget'!G12) -> 0 | L12: =SUMIFS('Budget Worksheet'!$L$5:$L$234,'Budget Worksheet'!$B$5:$B$234,'Master Budget'!G12) -> 0 | M12: =_xlfn.XLOOKUP(G12,'Budget Worksheet'!$B$5:$B$234,'Budget Worksheet'!$N$5:$N$234,0) -> 0 | N12: =_xlfn.XLOOKUP(G12,'Budget Worksheet'!$B$5:$B$234,'Budget Worksheet'!$U$5:$U$234,0) -> 0 | O12: =_xlfn.XLOOKUP(G12,'Budget Worksheet'!$B$5:$B$234,'Budget Worksheet'!$S$5:$S$234,0) -> 0 | P12: =_xlfn.XLOOKUP(H12,'Budget Worksheet'!$B$5:$B$234,'Budget Worksheet'!$U$5:$U$234,0) -> 0 | Q12: =MATCH(G12,'Budget Worksheet'!$B$5:$B$234,0) -> #N/A | R12: =SUM(I12:N12) -> 0
A13: 10 | B13: A | C13: =LEFT(G13,2) -> 20 | D13: 16320 | E13: Equipment | F13: =D13&" "&E13 -> 16320 Equipment | G13: 20-16000 | H13: Administrative Equipment | I13: 0 | J13: =SUMIFS('Budget Worksheet'!$J$5:$J$234,'Budget Worksheet'!$B$5:$B$234,'Master Budget'!G13) -> 0 | L13: =SUMIFS('Budget Worksheet'!$L$5:$L$234,'Budget Worksheet'!$B$5:$B$234,'Master Budget'!G13) -> 0 | M13: =_xlfn.XLOOKUP(G13,'Budget Worksheet'!$B$5:$B$234,'Budget Worksheet'!$N$5:$N$234,0) -> 0 | N13: =_xlfn.XLOOKUP(G13,'Budget Worksheet'!$B$5:$B$234,'Budget Worksheet'!$U$5:$U$234,0) -> 0 | O13: =_xlfn.XLOOKUP(G13,'Budget Worksheet'!$B$5:$B$234,'Budget Worksheet'!$S$5:$S$234,0) -> 0 | P13: =_xlfn.XLOOKUP(H13,'Budget Worksheet'!$B$5:$B$234,'Budget Worksheet'!$U$5:$U$234,0) -> 0 | Q13: =MATCH(G13,'Budget Worksheet'!$B$5:$B$234,0) -> #N/A | R13: =SUM(I13:N13) -> 0
A14: 11 | B14: A | C14: =LEFT(G14,2) -> 20 | D14: 16350 | E14: Land | F14: =D14&" "&E14 -> 16350 Land | G14: 20-16005 | H14: Land | I14: 0 | J14: =SUMIFS('Budget Worksheet'!$J$5:$J$234,'Budget Worksheet'!$B$5:$B$234,'Master Budget'!G14) -> 0 | L14: =SUMIFS('Budget Worksheet'!$L$5:$L$234,'Budget Worksheet'!$B$5:$B$234,'Master Budget'!G14) -> 0 | M14: =_xlfn.XLOOKUP(G14,'Budget Worksheet'!$B$5:$B$234,'Budget Worksheet'!$N$5:$N$234,0) -> 0 | N14: =_xlfn.XLOOKUP(G14,'Budget Worksheet'!$B$5:$B$234,'Budget Worksheet'!$U$5:$U$234,0) -> 0 | O14: =_xlfn.XLOOKUP(G14,'Budget Worksheet'!$B$5:$B$234,'Budget Worksheet'!$S$5:$S$234,0) -> 0 | P14: =_xlfn.XLOOKUP(H14,'Budget Worksheet'!$B$5:$B$234,'Budget Worksheet'!$U$5:$U$234,0) -> 0 | Q14: =MATCH(G14,'Budget Worksheet'!$B$5:$B$234,0) -> #N/A | R14: =SUM(I14:N14) -> 0
A15: 12 | B15: A | C15: =LEFT(G15,2) -> 20 | D15: 16320 | E15: Equipment | F15: =D15&" "&E15 -> 16320 Equipment | G15: 20-16010 | H15: Fire Equipment | I15: 0 | J15: =SUMIFS('Budget Worksheet'!$J$5:$J$234,'Budget Worksheet'!$B$5:$B$234,'Master Budget'!G15) -> 0 | L15: =SUMIFS('Budget Worksheet'!$L$5:$L$234,'Budget Worksheet'!$B$5:$B$234,'Master Budget'!G15) -> 0 | M15: =_xlfn.XLOOKUP(G15,'Budget Worksheet'!$B$5:$B$234,'Budget Worksheet'!$N$5:$N$234,0) -> 0 | N15: =_xlfn.XLOOKUP(G15,'Budget Worksheet'!$B$5:$B$234,'Budget Worksheet'!$U$5:$U$234,0) -> 0 | O15: =_xlfn.XLOOKUP(G15,'Budget Worksheet'!$B$5:$B$234,'Budget Worksheet'!$S$5:$S$234,0) -> 0 | P15: =_xlfn.XLOOKUP(H15,'Budget Worksheet'!$B$5:$B$234,'Budget Worksheet'!$U$5:$U$234,0) -> 0 | Q15: =MATCH(G15,'Budget Worksheet'!$B$5:$B$234,0) -> #N/A | R15: =SUM(I15:N15) -> 0
A16: 13 | B16: A | C16: =LEFT(G16,2) -> 20 | D16: 16320 | E16: Equipment | F16: =D16&" "&E16 -> 16320 Equipment | G16: 20-16020 | H16: Vehicles | I16: 0 | J16: =SUMIFS('Budget Worksheet'!$J$5:$J$234,'Budget Worksheet'!$B$5:$B$234,'Master Budget'!G16) -> 0 | L16: =SUMIFS('Budget Worksheet'!$L$5:$L$234,'Budget Worksheet'!$B$5:$B$234,'Master Budget'!G16) -> 0 | M16: =_xlfn.XLOOKUP(G16,'Budget Worksheet'!$B$5:$B$234,'Budget Worksheet'!$N$5:$N$234,0) -> 0 | N16: =_xlfn.XLOOKUP(G16,'Budget Worksheet'!$B$5:$B$234,'Budget Worksheet'!$U$5:$U$234,0) -> 0 | O16: =_xlfn.XLOOKUP(G16,'Budget Worksheet'!$B$5:$B$234,'Budget Worksheet'!$S$5:$S$234,0) -> 0 | P16: =_xlfn.XLOOKUP(H16,'Budget Worksheet'!$B$5:$B$234,'Budget Worksheet'!$U$5:$U$234,0) -> 0 | Q16: =MATCH(G16,'Budget Worksheet'!$B$5:$B$234,0) -> #N/A | R16: =SUM(I16:N16) -> 0
... A31: 28 | B31: L | C31: =LEFT(G31,2) -> 20 | D31: 22200 | E31: Accrued Expenses | F31: =D31&" "&E31 -> 22200 Accrued Expenses | G31: 20-22210 | H31: Payroll Taxes Payable | I31: 0 | J31: =SUMIFS('Budget Worksheet'!$J$5:$J$234,'Budget Worksheet'!$B$5:$B$234,'Master Budget'!G31) -> 0 | L31: =SUMIFS('Budget Worksheet'!$L$5:$L$234,'Budget Worksheet'!$B$5:$B$234,'Master Budget'!G31) -> 0 | M31: =_xlfn.XLOOKUP(G31,'Budget Worksheet'!$B$5:$B$234,'Budget Worksheet'!$N$5:$N$234,0) -> 0 | N31: =_xlfn.XLOOKUP(G31,'Budget Worksheet'!$B$5:$B$234,'Budget Worksheet'!$U$5:$U$234,0) -> 0 | O31: =_xlfn.XLOOKUP(G31,'Budget Worksheet'!$B$5:$B$234,'Budget Worksheet'!$S$5:$S$234,0) -> 0 | P31: =_xlfn.XLOOKUP(H31,'Budget Worksheet'!$B$5:$B$234,'Budget Worksheet'!$U$5:$U$234,0) -> 0 | Q31: =MATCH(G31,'Budget Worksheet'!$B$5:$B$234,0) -> #N/A | R31: =SUM(I31:N31) -> 0
A32: 29 | B32: L | C32: =LEFT(G32,2) -> 20 | D32: 22200 | E32: Accrued Expenses | F32: =D32&" "&E32 -> 22200 Accrued Expenses | G32: 20-22500 | H32: Retirement Payable | I32: 0 | J32: =SUMIFS('Budget Worksheet'!$J$5:$J$234,'Budget Worksheet'!$B$5:$B$234,'Master Budget'!G32) -> 0 | L32: =SUMIFS('Budget Worksheet'!$L$5:$L$234,'Budget Worksheet'!$B$5:$B$234,'Master Budget'!G32) -> 0 | M32: =_xlfn.XLOOKUP(G32,'Budget Worksheet'!$B$5:$B$234,'Budget Worksheet'!$N$5:$N$234,0) -> 0 | N32: =_xlfn.XLOOKUP(G32,'Budget Worksheet'!$B$5:$B$234,'Budget Worksheet'!$U$5:$U$234,0) -> 0 | O32: =_xlfn.XLOOKUP(G32,'Budget Worksheet'!$B$4:$B$234,'Budget Worksheet'!$S$4:$S$234,0) -> 0 | P32: =_xlfn.XLOOKUP(G32,'Budget Worksheet'!$B$4:$B$234,'Budget Worksheet'!$U$4:$U$234,0) -> 0 | Q32: =MATCH(G32,'Budget Worksheet'!$B$5:$B$234,0) -> #N/A | R32: =SUM(I32:N32) -> 0
A33: 30 | B33: L | C33: =LEFT(G33,2) -> 20 | D33: 28560 | E33: Net Pension Liability | F33: =D33&" "&E33 -> 28560 Net Pension Liability | G33: 20-22510 | H33: Net Pension Liability | I33: 0 | J33: =SUMIFS('Budget Worksheet'!$J$5:$J$234,'Budget Worksheet'!$B$5:$B$234,'Master Budget'!G33) -> 0 | L33: =SUMIFS('Budget Worksheet'!$L$5:$L$234,'Budget Worksheet'!$B$5:$B$234,'Master Budget'!G33) -> 0 | M33: =_xlfn.XLOOKUP(G33,'Budget Worksheet'!$B$5:$B$234,'Budget Worksheet'!$N$5:$N$234,0) -> 0 | N33: =_xlfn.XLOOKUP(G33,'Budget Worksheet'!$B$5:$B$234,'Budget Worksheet'!$U$5:$U$234,0) -> 0 | O33: =_xlfn.XLOOKUP(G33,'Budget Worksheet'!$B$4:$B$234,'Budget Worksheet'!$S$4:$S$234,0) -> 0 | P33: =_xlfn.XLOOKUP(G33,'Budget Worksheet'!$B$4:$B$234,'Budget Worksheet'!$U$4:$U$234,0) -> 0 | Q33: =MATCH(G33,'Budget Worksheet'!$B$5:$B$234,0) -> #N/A | R33: =SUM(I33:N33) -> 0
A34: 31 | B34: L | C34: =LEFT(G34,2) -> 20 | D34: 22520 | E34: Deferred inflows | F34: =D34&" "&E34 -> 22520 Deferred inflows | G34: 20-22520 | H34: Deferred Inflows-Pensions | I34: 0 | J34: =SUMIFS('Budget Worksheet'!$J$5:$J$234,'Budget Worksheet'!$B$5:$B$234,'Master Budget'!G34) -> 0 | L34: =SUMIFS('Budget Worksheet'!$L$5:$L$234,'Budget Worksheet'!$B$5:$B$234,'Master Budget'!G34) -> 0 | M34: =_xlfn.XLOOKUP(G34,'Budget Worksheet'!$B$5:$B$234,'Budget Worksheet'!$N$5:$N$234,0) -> 0 | N34: =_xlfn.XLOOKUP(G34,'Budget Worksheet'!$B$5:$B$234,'Budget Worksheet'!$U$5:$U$234,0) -> 0 | O34: =_xlfn.XLOOKUP(G34,'Budget Worksheet'!$B$4:$B$234,'Budget Worksheet'!$S$4:$S$234,0) -> 0 | P34: =_xlfn.XLOOKUP(G34,'Budget Worksheet'!$B$4:$B$234,'Budget Worksheet'!$U$4:$U$234,0) -> 0 | Q34: =MATCH(G34,'Budget Worksheet'!$B$5:$B$234,0) -> #N/A | R34: =SUM(I34:N34) -> 0
A35: 32 | B35: L | C35: =LEFT(G35,2) -> 20 | D35: 22200 | E35: Accrued Expenses | F35: =D35&" "&E35 -> 22200 Accrued Expenses | G35: 20-22600 | H35: Payroll Benefits Payable | I35: 0 | J35: =SUMIFS('Budget Worksheet'!$J$5:$J$234,'Budget Worksheet'!$B$5:$B$234,'Master Budget'!G35) -> 0 | L35: =SUMIFS('Budget Worksheet'!$L$5:$L$234,'Budget Worksheet'!$B$5:$B$234,'Master Budget'!G35) -> 0 | M35: =_xlfn.XLOOKUP(G35,'Budget Worksheet'!$B$5:$B$234,'Budget Worksheet'!$N$5:$N$234,0) -> 0 | N35: =_xlfn.XLOOKUP(G35,'Budget Worksheet'!$B$5:$B$234,'Budget Worksheet'!$U$5:$U$234,0) -> 0 | O35: =_xlfn.XLOOKUP(G35,'Budget Worksheet'!$B$4:$B$234,'Budget Worksheet'!$S$4:$S$234,0) -> 0 | P35: =_xlfn.XLOOKUP(G35,'Budget Worksheet'!$B$4:$B$234,'Budget Worksheet'!$U$4:$U$234,0) -> 0 | Q35: =MATCH(G35,'Budget Worksheet'!$B$5:$B$234,0) -> #N/A | R35: =SUM(I35:N35) -> 0
A36: 33 | B36: L | C36: =LEFT(G36,2) -> 20 | D36: 22200 | E36: Accrued Expenses | F36: =D36&" "&E36 -> 22200 Accrued Expenses | G36: 20-22700 | H36: Worker's Comp Payable | I36: 0 | J36: =SUMIFS('Budget Worksheet'!$J$5:$J$234,'Budget Worksheet'!$B$5:$B$234,'Master Budget'!G36) -> 0 | L36: =SUMIFS('Budget Worksheet'!$L$5:$L$234,'Budget Worksheet'!$B$5:$B$234,'Master Budget'!G36) -> 0 | M36: =_xlfn.XLOOKUP(G36,'Budget Worksheet'!$B$5:$B$234,'Budget Worksheet'!$N$5:$N$234,0) -> 0 | N36: =_xlfn.XLOOKUP(G36,'Budget Worksheet'!$B$5:$B$234,'Budget Worksheet'!$U$5:$U$234,0) -> 0 | O36: =_xlfn.XLOOKUP(G36,'Budget Worksheet'!$B$4:$B$234,'Budget Worksheet'!$S$4:$S$234,0) -> 0 | P36: =_xlfn.XLOOKUP(G36,'Budget Worksheet'!$B$4:$B$234,'Budget Worksheet'!$U$4:$U$234,0) -> 0 | Q36: =MATCH(G36,'Budget Worksheet'!$B$5:$B$234,0) -> #N/A | R36: =SUM(I36:N36) -> 0
A37: 34 | B37: L | C37: =LEFT(G37,2) -> 20 | D37: 22200 | E37: Accrued Expenses | F37: =D37&" "&E37 -> 22200 Accrued Expenses | G37: 20-22800 | H37: Flex/LTD Payable | I37: 0 | J37: =SUMIFS('Budget Worksheet'!$J$5:$J$234,'Budget Worksheet'!$B$5:$B$234,'Master Budget'!G37) -> 0 | L37: =SUMIFS('Budget Worksheet'!$L$5:$L$234,'Budget Worksheet'!$B$5:$B$234,'Master Budget'!G37) -> 0 | M37: =_xlfn.XLOOKUP(G37,'Budget Worksheet'!$B$5:$B$234,'Budget Worksheet'!$N$5:$N$234,0) -> 0 | N37: =_xlfn.XLOOKUP(G37,'Budget Worksheet'!$B$5:$B$234,'Budget Worksheet'!$U$5:$U$234,0) -> 0 | O37: =_xlfn.XLOOKUP(G37,'Budget Worksheet'!$B$4:$B$234,'Budget Worksheet'!$S$4:$S$234,0) -> 0 | P37: =_xlfn.XLOOKUP(G37,'Budget Worksheet'!$B$4:$B$234,'Budget Worksheet'!$U$4:$U$234,0) -> 0 | Q37: =MATCH(G37,'Budget Worksheet'!$B$5:$B$234,0) -> #N/A | R37: =SUM(I37:N37) -> 0
A38: 35 | B38: L | C38: =LEFT(G38,2) -> 20 | D38: 23000 | E38: Unearned Revenue | F38: =D38&" "&E38 -> 23000 Unearned Revenue | G38: 20-23000 | H38: Unearned Revenue | I38: 0 | J38: =SUMIFS('Budget Worksheet'!$J$5:$J$234,'Budget Worksheet'!$B$5:$B$234,'Master Budget'!G38) -> 0 | L38: =SUMIFS('Budget Worksheet'!$L$5:$L$234,'Budget Worksheet'!$B$5:$B$234,'Master Budget'!G38) -> 0 | M38: =_xlfn.XLOOKUP(G38,'Budget Worksheet'!$B$5:$B$234,'Budget Worksheet'!$N$5:$N$234,0) -> 0 | N38: =_xlfn.XLOOKUP(G38,'Budget Worksheet'!$B$5:$B$234,'Budget Worksheet'!$U$5:$U$234,0) -> 0 | O38: =_xlfn.XLOOKUP(G38,'Budget Worksheet'!$B$4:$B$234,'Budget Worksheet'!$S$4:$S$234,0) -> 0 | P38: =_xlfn.XLOOKUP(G38,'Budget Worksheet'!$B$4:$B$234,'Budget Worksheet'!$U$4:$U$234,0) -> 0 | Q38: =MATCH(G38,'Budget Worksheet'!$B$5:$B$234,0) -> #N/A | R38: =SUM(I38:N38) -> 0
A39: 36 | B39: L | C39: =LEFT(G39,2) -> 20 | D39: 22200 | E39: Accrued Expenses | F39: =D39&" "&E39 -> 22200 Accrued Expenses | G39: 20-25100 | H39: Accrued Vacation | I39: 0 | J39: =SUMIFS('Budget Worksheet'!$J$5:$J$234,'Budget Worksheet'!$B$5:$B$234,'Master Budget'!G39) -> 0 | L39: =SUMIFS('Budget Worksheet'!$L$5:$L$234,'Budget Worksheet'!$B$5:$B$234,'Master Budget'!G39) -> 0 | M39: =_xlfn.XLOOKUP(G39,'Budget Worksheet'!$B$5:$B$234,'Budget Worksheet'!$N$5:$N$234,0) -> 0 | N39: =_xlfn.XLOOKUP(G39,'Budget Worksheet'!$B$5:$B$234,'Budget Worksheet'!$U$5:$U$234,0) -> 0 | O39: =_xlfn.XLOOKUP(G39,'Budget Worksheet'!$B$4:$B$234,'Budget Worksheet'!$S$4:$S$234,0) -> 0 | P39: =_xlfn.XLOOKUP(G39,'Budget Worksheet'!$B$4:$B$234,'Budget Worksheet'!$U$4:$U$234,0) -> 0 | Q39: =MATCH(G39,'Budget Worksheet'!$B$5:$B$234,0) -> #N/A | R39: =SUM(I39:N39) -> 0
A40: 37 | B40: L | C40: =LEFT(G40,2) -> 20 | F40: =D40&" "&E40 | G40: 20-25150 | H40: Accrued Sick Pay | I40: 0 | J40: =SUMIFS('Budget Worksheet'!$J$5:$J$234,'Budget Worksheet'!$B$5:$B$234,'Master Budget'!G40) -> 0 | L40: =SUMIFS('Budget Worksheet'!$L$5:$L$234,'Budget Worksheet'!$B$5:$B$234,'Master Budget'!G40) -> 0 | M40: =_xlfn.XLOOKUP(G40,'Budget Worksheet'!$B$5:$B$234,'Budget Worksheet'!$N$5:$N$234,0) -> 0 | N40: =_xlfn.XLOOKUP(G40,'Budget Worksheet'!$B$5:$B$234,'Budget Worksheet'!$U$5:$U$234,0) -> 0 | O40: =_xlfn.XLOOKUP(G40,'Budget Worksheet'!$B$4:$B$234,'Budget Worksheet'!$S$4:$S$234,0) -> 0 | P40: =_xlfn.XLOOKUP(G40,'Budget Worksheet'!$B$4:$B$234,'Budget Worksheet'!$U$4:$U$234,0) -> 0 | Q40: =MATCH(G40,'Budget Worksheet'!$B$5:$B$234,0) -> #N/A | R40: =SUM(I40:N40) -> 0
A41: 38 | B41: L | C41: =LEFT(G41,2) -> 20 | D41: 28000 | E41: Accrued Interest Payable | F41: =D41&" "&E41 -> 28000 Accrued Interest Payable | G41: 20-28000 | H41: Accrued Interest Payable | I41: 0 | J41: =SUMIFS('Budget Worksheet'!$J$5:$J$234,'Budget Worksheet'!$B$5:$B$234,'Master Budget'!G41) -> 0 | L41: =SUMIFS('Budget Worksheet'!$L$5:$L$234,'Budget Worksheet'!$B$5:$B$234,'Master Budget'!G41) -> 0 | M41: =_xlfn.XLOOKUP(G41,'Budget Worksheet'!$B$5:$B$234,'Budget Worksheet'!$N$5:$N$234,0) -> 0 | N41: =_xlfn.XLOOKUP(G41,'Budget Worksheet'!$B$5:$B$234,'Budget Worksheet'!$U$5:$U$234,0) -> 0 | O41: =_xlfn.XLOOKUP(G41,'Budget Worksheet'!$B$4:$B$234,'Budget Worksheet'!$S$4:$S$234,0) -> 0 | P41: =_xlfn.XLOOKUP(G41,'Budget Worksheet'!$B$4:$B$234,'Budget Worksheet'!$U$4:$U$234,0) -> 0 | Q41: =MATCH(G41,'Budget Worksheet'!$B$5:$B$234,0) -> #N/A | R41: =SUM(I41:N41) -> 0
A42: 39 | B42: L | C42: =LEFT(G42,2) -> 20 | D42: 28510 | E42: Notes Payable - Non Current | F42: =D42&" "&E42 -> 28510 Notes Payable - Non Current | G42: 20-28510 | H42: Zions Bank - Station 2 Note | I42: 0 | J42: =SUMIFS('Budget Worksheet'!$J$5:$J$234,'Budget Worksheet'!$B$5:$B$234,'Master Budget'!G42) -> 0 | L42: =SUMIFS('Budget Worksheet'!$L$5:$L$234,'Budget Worksheet'!$B$5:$B$234,'Master Budget'!G42) -> 0 | M42: =_xlfn.XLOOKUP(G42,'Budget Worksheet'!$B$5:$B$234,'Budget Worksheet'!$N$5:$N$234,0) -> 0 | N42: =_xlfn.XLOOKUP(G42,'Budget Worksheet'!$B$5:$B$234,'Budget Worksheet'!$U$5:$U$234,0) -> 0 | O42: =_xlfn.XLOOKUP(G42,'Budget Worksheet'!$B$4:$B$234,'Budget Worksheet'!$S$4:$S$234,0) -> 0 | P42: =_xlfn.XLOOKUP(G42,'Budget Worksheet'!$B$4:$B$234,'Budget Worksheet'!$U$4:$U$234,0) -> 0 | Q42: =MATCH(G42,'Budget Worksheet'!$B$5:$B$234,0) -> #N/A | R42: =SUM(I42:N42) -> 0
A43: 40 | B43: L | C43: =LEFT(G43,2) -> 20 | D43: 28505 | E43: Notes Payable - Current | F43: =D43&" "&E43 -> 28505 Notes Payable - Current | G43: 20-28511 | H43: Note Current Portion | I43: 0 | J43: =SUMIFS('Budget Worksheet'!$J$5:$J$234,'Budget Worksheet'!$B$5:$B$234,'Master Budget'!G43) -> 0 | L43: =SUMIFS('Budget Worksheet'!$L$5:$L$234,'Budget Worksheet'!$B$5:$B$234,'Master Budget'!G43) -> 0 | M43: =_xlfn.XLOOKUP(G43,'Budget Worksheet'!$B$5:$B$234,'Budget Worksheet'!$N$5:$N$234,0) -> 0 | N43: =_xlfn.XLOOKUP(G43,'Budget Worksheet'!$B$5:$B$234,'Budget Worksheet'!$U$5:$U$234,0) -> 0 | O43: =_xlfn.XLOOKUP(G43,'Budget Worksheet'!$B$4:$B$234,'Budget Worksheet'!$S$4:$S$234,0) -> 0 | P43: =_xlfn.XLOOKUP(G43,'Budget Worksheet'!$B$4:$B$234,'Budget Worksheet'!$U$4:$U$234,0) -> 0 | Q43: =MATCH(G43,'Budget Worksheet'!$B$5:$B$234,0) -> #N/A | R43: =SUM(I43:N43) -> 0
A44: 41 | B44: L | C44: =LEFT(G44,2) -> 20 | D44: 28520 | E44: Capital Leases Payable - Non Current | F44: =D44&" "&E44 -> 28520 Capital Leases Payable - Non Current | G44: 20-28520 | H44: Oshkosh Capital - Fire Tender | I44: 0 | J44: =SUMIFS('Budget Worksheet'!$J$5:$J$234,'Budget Worksheet'!$B$5:$B$234,'Master Budget'!G44) -> 0 | L44: =SUMIFS('Budget Worksheet'!$L$5:$L$234,'Budget Worksheet'!$B$5:$B$234,'Master Budget'!G44) -> 0 | M44: =_xlfn.XLOOKUP(G44,'Budget Worksheet'!$B$5:$B$234,'Budget Worksheet'!$N$5:$N$234,0) -> 0 | N44: =_xlfn.XLOOKUP(G44,'Budget Worksheet'!$B$5:$B$234,'Budget Worksheet'!$U$5:$U$234,0) -> 0 | O44: =_xlfn.XLOOKUP(G44,'Budget Worksheet'!$B$4:$B$234,'Budget Worksheet'!$S$4:$S$234,0) -> 0 | P44: =_xlfn.XLOOKUP(G44,'Budget Worksheet'!$B$4:$B$234,'Budget Worksheet'!$U$4:$U$234,0) -> 0 | Q44: =MATCH(G44,'Budget Worksheet'!$B$5:$B$234,0) -> #N/A | R44: =SUM(I44:N44) -> 0
A45: 42 | B45: L | C45: =LEFT(G45,2) -> 20 | D45: 28521 | E45: Capital Leases Payable - Current | F45: =D45&" "&E45 -> 28521 Capital Leases Payable - Current | G45: 20-28521 | H45: Lease Current Portion | I45: 0 | J45: =SUMIFS('Budget Worksheet'!$J$5:$J$234,'Budget Worksheet'!$B$5:$B$234,'Master Budget'!G45) -> 0 | L45: =SUMIFS('Budget Worksheet'!$L$5:$L$234,'Budget Worksheet'!$B$5:$B$234,'Master Budget'!G45) -> 0 | M45: =_xlfn.XLOOKUP(G45,'Budget Worksheet'!$B$5:$B$234,'Budget Worksheet'!$N$5:$N$234,0) -> 0 | N45: =_xlfn.XLOOKUP(G45,'Budget Worksheet'!$B$5:$B$234,'Budget Worksheet'!$U$5:$U$234,0) -> 0 | O45: =_xlfn.XLOOKUP(G45,'Budget Worksheet'!$B$4:$B$234,'Budget Worksheet'!$S$4:$S$234,0) -> 0 | P45: =_xlfn.XLOOKUP(G45,'Budget Worksheet'!$B$4:$B$234,'Budget Worksheet'!$U$4:$U$234,0) -> 0 | Q45: =MATCH(G45,'Budget Worksheet'!$B$5:$B$234,0) -> #N/A | R45: =SUM(I45:N45) -> 0
A46: 43 | B46: L | C46: =LEFT(G46,2) -> 20 | D46: 28505 | E46: Notes Payable - Current | F46: =D46&" "&E46 -> 28505 Notes Payable - Current | G46: 20-28551 | H46: Lease Current Portion | I46: 0 | J46: =SUMIFS('Budget Worksheet'!$J$5:$J$234,'Budget Worksheet'!$B$5:$B$234,'Master Budget'!G46) -> 0 | L46: =SUMIFS('Budget Worksheet'!$L$5:$L$234,'Budget Worksheet'!$B$5:$B$234,'Master Budget'!G46) -> 0 | M46: =_xlfn.XLOOKUP(G46,'Budget Worksheet'!$B$5:$B$234,'Budget Worksheet'!$N$5:$N$234,0) -> 0 | N46: =_xlfn.XLOOKUP(G46,'Budget Worksheet'!$B$5:$B$234,'Budget Worksheet'!$U$5:$U$234,0) -> 0 | O46: =_xlfn.XLOOKUP(G46,'Budget Worksheet'!$B$4:$B$234,'Budget Worksheet'!$S$4:$S$234,0) -> 0 | P46: =_xlfn.XLOOKUP(G46,'Budget Worksheet'!$B$4:$B$234,'Budget Worksheet'!$U$4:$U$234,0) -> 0 | Q46: =MATCH(G46,'Budget Worksheet'!$B$5:$B$234,0) -> #N/A | R46: =SUM(I46:N46) -> 0
A47: 44 | B47: L | C47: =LEFT(G47,2) -> 20 | D47: 28540 | E47: Bonds Payable - Non Current | F47: =D47&" "&E47 -> 28540 Bonds Payable - Non Current | G47: 20-28560 | H47: Station Expansion Bond Payable | I47: 0 | J47: =SUMIFS('Budget Worksheet'!$J$5:$J$234,'Budget Worksheet'!$B$5:$B$234,'Master Budget'!G47) -> 0 | L47: =SUMIFS('Budget Worksheet'!$L$5:$L$234,'Budget Worksheet'!$B$5:$B$234,'Master Budget'!G47) -> 0 | M47: =_xlfn.XLOOKUP(G47,'Budget Worksheet'!$B$5:$B$234,'Budget Worksheet'!$N$5:$N$234,0) -> 0 | N47: =_xlfn.XLOOKUP(G47,'Budget Worksheet'!$B$5:$B$234,'Budget Worksheet'!$U$5:$U$234,0) -> 0 | O47: =_xlfn.XLOOKUP(G47,'Budget Worksheet'!$B$4:$B$234,'Budget Worksheet'!$S$4:$S$234,0) -> 0 | P47: =_xlfn.XLOOKUP(G47,'Budget Worksheet'!$B$4:$B$234,'Budget Worksheet'!$U$4:$U$234,0) -> 0 | Q47: =MATCH(G47,'Budget Worksheet'!$B$5:$B$234,0) -> #N/A | R47: =SUM(I47:N47) -> 0
A48: 45 | B48: L | C48: =LEFT(G48,2) -> 20 | D48: 28541 | E48: Bonds Payable - Current | F48: =D48&" "&E48 -> 28541 Bonds Payable - Current | G48: 20-28561 | H48: Station Bond Current Portion | I48: 0 | J48: =SUMIFS('Budget Worksheet'!$J$5:$J$234,'Budget Worksheet'!$B$5:$B$234,'Master Budget'!G48) -> 0 | L48: =SUMIFS('Budget Worksheet'!$L$5:$L$234,'Budget Worksheet'!$B$5:$B$234,'Master Budget'!G48) -> 0 | M48: =_xlfn.XLOOKUP(G48,'Budget Worksheet'!$B$5:$B$234,'Budget Worksheet'!$N$5:$N$234,0) -> 0 | N48: =_xlfn.XLOOKUP(G48,'Budget Worksheet'!$B$5:$B$234,'Budget Worksheet'!$U$5:$U$234,0) -> 0 | O48: =_xlfn.XLOOKUP(G48,'Budget Worksheet'!$B$4:$B$234,'Budget Worksheet'!$S$4:$S$234,0) -> 0 | P48: =_xlfn.XLOOKUP(G48,'Budget Worksheet'!$B$4:$B$234,'Budget Worksheet'!$U$4:$U$234,0) -> 0 | Q48: =MATCH(G48,'Budget Worksheet'!$B$5:$B$234,0) -> #N/A | R48: =SUM(I48:N48) -> 0
A49: 46 | B49: L | C49: =LEFT(G49,2) -> 20 | D49: 28510 | E49: Notes Payable - Non Current | F49: =D49&" "&E49 -> 28510 Notes Payable - Non Current | G49: 20-28570 | H49: Ambulance Lease | I49: 0 | J49: =SUMIFS('Budget Worksheet'!$J$5:$J$234,'Budget Worksheet'!$B$5:$B$234,'Master Budget'!G49) -> 0 | L49: =SUMIFS('Budget Worksheet'!$L$5:$L$234,'Budget Worksheet'!$B$5:$B$234,'Master Budget'!G49) -> 0 | M49: =_xlfn.XLOOKUP(G49,'Budget Worksheet'!$B$5:$B$234,'Budget Worksheet'!$N$5:$N$234,0) -> 0 | N49: =_xlfn.XLOOKUP(G49,'Budget Worksheet'!$B$5:$B$234,'Budget Worksheet'!$U$5:$U$234,0) -> 0 | O49: =_xlfn.XLOOKUP(G49,'Budget Worksheet'!$B$4:$B$234,'Budget Worksheet'!$S$4:$S$234,0) -> 0 | P49: =_xlfn.XLOOKUP(G49,'Budget Worksheet'!$B$4:$B$234,'Budget Worksheet'!$U$4:$U$234,0) -> 0 | Q49: =MATCH(G49,'Budget Worksheet'!$B$5:$B$234,0) -> #N/A | R49: =SUM(I49:N49) -> 0
A50: 47 | B50: C | C50: =LEFT(G50,2) -> 20 | D50: 29100 | E50: Unrestricted | F50: =D50&" "&E50 -> 29100 Unrestricted | G50: 20-29100 | H50: Fund Balance | I50: 0 | J50: =SUMIFS('Budget Worksheet'!$J$5:$J$234,'Budget Worksheet'!$B$5:$B$234,'Master Budget'!G50) -> 0 | L50: =SUMIFS('Budget Worksheet'!$L$5:$L$234,'Budget Worksheet'!$B$5:$B$234,'Master Budget'!G50) -> 0 | M50: =_xlfn.XLOOKUP(G50,'Budget Worksheet'!$B$5:$B$234,'Budget Worksheet'!$N$5:$N$234,0) -> 0 | N50: =_xlfn.XLOOKUP(G50,'Budget Worksheet'!$B$5:$B$234,'Budget Worksheet'!$U$5:$U$234,0) -> 0 | O50: =_xlfn.XLOOKUP(G50,'Budget Worksheet'!$B$4:$B$234,'Budget Worksheet'!$S$4:$S$234,0) -> 0 | P50: =_xlfn.XLOOKUP(G50,'Budget Worksheet'!$B$4:$B$234,'Budget Worksheet'!$U$4:$U$234,0) -> 0 | Q50: =MATCH(G50,'Budget Worksheet'!$B$5:$B$234,0) -> #N/A | R50: =SUM(I50:N50) -> 0
A51: 48 | B51: R | C51: =LEFT(G51,2) -> 20 | D51: 30 | E51: Charges for services | F51: =D51&" "&E51 -> 30 Charges for services | G51: 20-30-200 | H51: Fire Response | I51: 0 | J51: =SUMIFS('Budget Worksheet'!$J$5:$J$234,'Budget Worksheet'!$B$5:$B$234,'Master Budget'!G51) -> 0 | L51: =SUMIFS('Budget Worksheet'!$L$5:$L$234,'Budget Worksheet'!$B$5:$B$234,'Master Budget'!G51) -> 0 | M51: =_xlfn.XLOOKUP(G51,'Budget Worksheet'!$B$5:$B$234,'Budget Worksheet'!$N$5:$N$234,0) -> 0 | N51: =_xlfn.XLOOKUP(G51,'Budget Worksheet'!$B$5:$B$234,'Budget Worksheet'!$U$5:$U$234,0) -> 0 | O51: =_xlfn.XLOOKUP(G51,'Budget Worksheet'!$B$4:$B$234,'Budget Worksheet'!$S$4:$S$234,0) -> 0 | P51: =_xlfn.XLOOKUP(G51,'Budget Worksheet'!$B$4:$B$234,'Budget Worksheet'!$U$4:$U$234,0) -> 0 | Q51: =MATCH(G51,'Budget Worksheet'!$B$5:$B$234,0) -> 1 | R51: =SUM(I51:N51) -> 0
A52: 49 | B52: R | C52: =LEFT(G52,2) -> 20 | D52: 30 | E52: Charges for services | F52: =D52&" "&E52 -> 30 Charges for services | G52: 20-30-400 | H52: Fire Fees | I52: -815780 | J52: =SUMIFS('Budget Worksheet'!$J$5:$J$234,'Budget Worksheet'!$B$5:$B$234,'Master Budget'!G52) -> -815780 | K52: =_xlfn.XLOOKUP(G52,'Budget Worksheet'!$B$5:$B$234,'Budget Worksheet'!$G$5:$G$234,0) -> -1251200.6 | L52: =SUMIFS('Budget Worksheet'!$L$5:$L$234,'Budget Worksheet'!$B$5:$B$234,'Master Budget'!G52) -> -815780 | M52: =_xlfn.XLOOKUP(G52,'Budget Worksheet'!$B$5:$B$234,'Budget Worksheet'!$N$5:$N$234,0) -> -815780 | N52: =_xlfn.XLOOKUP(G52,'Budget Worksheet'!$B$5:$B$234,'Budget Worksheet'!$P$5:$P$234,0) -> -898000 | O52: =_xlfn.XLOOKUP(G52,'Budget Worksheet'!$B$4:$B$234,'Budget Worksheet'!$S$4:$S$234,0) -> -898000 | P52: =_xlfn.XLOOKUP(G52,'Budget Worksheet'!$B$4:$B$234,'Budget Worksheet'!$U$4:$U$234,0) -> -933078.32 | Q52: =MATCH(G52,'Budget Worksheet'!$B$5:$B$234,0) -> 2 | R52: =SUM(I52:N52) -> -5412320.6
A53: 50 | B53: R | C53: =LEFT(G53,2) -> 20 | D53: 70 | E53: Grant revenue | F53: =D53&" "&E53 -> 70 Grant revenue | G53: 20-30-410 | H53: Fire/EMS Grants | I53: -20000 | J53: =SUMIFS('Budget Worksheet'!$J$5:$J$234,'Budget Worksheet'!$B$5:$B$234,'Master Budget'!G53) -> -107000 | K53: =_xlfn.XLOOKUP(G53,'Budget Worksheet'!$B$5:$B$234,'Budget Worksheet'!$G$5:$G$234,0) -> -5912.5714 | L53: =SUMIFS('Budget Worksheet'!$L$5:$L$234,'Budget Worksheet'!$B$5:$B$234,'Master Budget'!G53) -> -107000 | M53: =_xlfn.XLOOKUP(G53,'Budget Worksheet'!$B$5:$B$234,'Budget Worksheet'!$N$5:$N$234,0) -> -107000 | N53: =_xlfn.XLOOKUP(G53,'Budget Worksheet'!$B$5:$B$234,'Budget Worksheet'!$P$5:$P$234,0) -> -100000 | O53: =_xlfn.XLOOKUP(G53,'Budget Worksheet'!$B$4:$B$234,'Budget Worksheet'!$S$4:$S$234,0) -> -100000 | P53: =_xlfn.XLOOKUP(G53,'Budget Worksheet'!$B$4:$B$234,'Budget Worksheet'!$U$4:$U$234,0) -> -55250 | Q53: =MATCH(G53,'Budget Worksheet'!$B$5:$B$234,0) -> 3 | R53: =SUM(I53:N53) -> -446912.57
A54: 51 | B54: R | C54: =LEFT(G54,2) -> 20 | D54: 30 | E54: Charges for services | F54: =D54&" "&E54 -> 30 Charges for services | G54: 20-30-425 | H54: Ambulance Income | I54: -135000 | J54: =SUMIFS('Budget Worksheet'!$J$5:$J$234,'Budget Worksheet'!$B$5:$B$234,'Master Budget'!G54) -> -135000 | K54: =_xlfn.XLOOKUP(G54,'Budget Worksheet'!$B$5:$B$234,'Budget Worksheet'!$G$5:$G$234,0) -> -110513.06 | L54: =SUMIFS('Budget Worksheet'!$L$5:$L$234,'Budget Worksheet'!$B$5:$B$234,'Master Budget'!G54) -> -135000 | M54: =_xlfn.XLOOKUP(G54,'Budget Worksheet'!$B$5:$B$234,'Budget Worksheet'!$N$5:$N$234,0) -> -135000 | N54: =_xlfn.XLOOKUP(G54,'Budget Worksheet'!$B$5:$B$234,'Budget Worksheet'!$P$5:$P$234,0) -> -140000 | O54: =_xlfn.XLOOKUP(G54,'Budget Worksheet'!$B$4:$B$234,'Budget Worksheet'!$S$4:$S$234,0) -> -140000 | P54: =_xlfn.XLOOKUP(G54,'Budget Worksheet'!$B$4:$B$234,'Budget Worksheet'!$U$4:$U$234,0) -> -156000 | Q54: =MATCH(G54,'Budget Worksheet'!$B$5:$B$234,0) -> 4 | R54: =SUM(I54:N54) -> -790513.06
A55: 52 | B55: R | C55: =LEFT(G55,2) -> 20 | D55: 960 | E55: Interest income | F55: =D55&" "&E55 -> 960 Interest income | G55: 20-30-470 | H55: Interest & Finance Charges | I55: -14000 | J55: =SUMIFS('Budget Worksheet'!$J$5:$J$234,'Budget Worksheet'!$B$5:$B$234,'Master Budget'!G55) -> -14000 | K55: =_xlfn.XLOOKUP(G55,'Budget Worksheet'!$B$5:$B$234,'Budget Worksheet'!$G$5:$G$234,0) -> -5567.5371 | L55: =SUMIFS('Budget Worksheet'!$L$5:$L$234,'Budget Worksheet'!$B$5:$B$234,'Master Budget'!G55) -> -14000 | M55: =_xlfn.XLOOKUP(G55,'Budget Worksheet'!$B$5:$B$234,'Budget Worksheet'!$N$5:$N$234,0) -> -14000 | N55: =_xlfn.XLOOKUP(G55,'Budget Worksheet'!$B$5:$B$234,'Budget Worksheet'!$P$5:$P$234,0) -> -14000 | O55: =_xlfn.XLOOKUP(G55,'Budget Worksheet'!$B$4:$B$234,'Budget Worksheet'!$S$4:$S$234,0) -> -14000 | P55: =_xlfn.XLOOKUP(G55,'Budget Worksheet'!$B$4:$B$234,'Budget Worksheet'!$U$4:$U$234,0) -> -9000 | Q55: =MATCH(G55,'Budget Worksheet'!$B$5:$B$234,0) -> 5 | R55: =SUM(I55:N55) -> -75567.537
A56: 53 | B56: R | C56: =LEFT(G56,2) -> 20 | D56: 40 | E56: Miscellaneous income | F56: =D56&" "&E56 -> 40 Miscellaneous income | G56: 20-30-475 | H56: Other Income | I56: -1000 | J56: =SUMIFS('Budget Worksheet'!$J$5:$J$234,'Budget Worksheet'!$B$5:$B$234,'Master Budget'!G56) -> -1300 | K56: =_xlfn.XLOOKUP(G56,'Budget Worksheet'!$B$5:$B$234,'Budget Worksheet'!$G$5:$G$234,0) -> 0 | L56: =SUMIFS('Budget Worksheet'!$L$5:$L$234,'Budget Worksheet'!$B$5:$B$234,'Master Budget'!G56) -> -1300 | M56: =_xlfn.XLOOKUP(G56,'Budget Worksheet'!$B$5:$B$234,'Budget Worksheet'!$N$5:$N$234,0) -> -1300 | N56: =_xlfn.XLOOKUP(G56,'Budget Worksheet'!$B$5:$B$234,'Budget Worksheet'!$P$5:$P$234,0) -> -1300 | O56: =_xlfn.XLOOKUP(G56,'Budget Worksheet'!$B$4:$B$234,'Budget Worksheet'!$S$4:$S$234,0) -> -1300 | P56: =_xlfn.XLOOKUP(G56,'Budget Worksheet'!$B$4:$B$234,'Budget Worksheet'!$U$4:$U$234,0) -> -1300 | Q56: =MATCH(G56,'Budget Worksheet'!$B$5:$B$234,0) -> 6 | R56: =SUM(I56:N56) -> -6200
A57: 54 | B57: R | C57: =LEFT(G57,2) -> 20 | D57: 950 | E57: Property Taxes | F57: =D57&" "&E57 -> 950 Property Taxes | G57: 20-30-500 | H57: Property Tax Income | I57: -85000 | J57: =SUMIFS('Budget Worksheet'!$J$5:$J$234,'Budget Worksheet'!$B$5:$B$234,'Master Budget'!G57) -> -85000 | K57: =_xlfn.XLOOKUP(G57,'Budget Worksheet'!$B$5:$B$234,'Budget Worksheet'!$G$5:$G$234,0) -> -11832.189 | L57: =SUMIFS('Budget Worksheet'!$L$5:$L$234,'Budget Worksheet'!$B$5:$B$234,'Master Budget'!G57) -> -85000 | M57: =_xlfn.XLOOKUP(G57,'Budget Worksheet'!$B$5:$B$234,'Budget Worksheet'!$N$5:$N$234,0) -> -85000 | N57: =_xlfn.XLOOKUP(G57,'Budget Worksheet'!$B$5:$B$234,'Budget Worksheet'!$P$5:$P$234,0) -> -85000 | O57: =_xlfn.XLOOKUP(G57,'Budget Worksheet'!$B$4:$B$234,'Budget Worksheet'!$S$4:$S$234,0) -> -85000 | P57: =_xlfn.XLOOKUP(G57,'Budget Worksheet'!$B$4:$B$234,'Budget Worksheet'!$U$4:$U$234,0) -> -85000 | Q57: =MATCH(G57,'Budget Worksheet'!$B$5:$B$234,0) -> 7 | R57: =SUM(I57:N57) -> -436832.19
A58: 55 | B58: R | C58: =LEFT(G58,2) -> 20 | D58: 960 | E58: Interest income | F58: =D58&" "&E58 -> 960 Interest income | G58: 20-30-505 | H58: Interest on Investments | I58: -5000 | J58: =SUMIFS('Budget Worksheet'!$J$5:$J$234,'Budget Worksheet'!$B$5:$B$234,'Master Budget'!G58) -> -25000 | K58: =_xlfn.XLOOKUP(G58,'Budget Worksheet'!$B$5:$B$234,'Budget Worksheet'!$G$5:$G$234,0) -> -43265.383 | L58: =SUMIFS('Budget Worksheet'!$L$5:$L$234,'Budget Worksheet'!$B$5:$B$234,'Master Budget'!G58) -> -25000 | M58: =_xlfn.XLOOKUP(G58,'Budget Worksheet'!$B$5:$B$234,'Budget Worksheet'!$N$5:$N$234,0) -> -25000 | N58: =_xlfn.XLOOKUP(G58,'Budget Worksheet'!$B$5:$B$234,'Budget Worksheet'!$P$5:$P$234,0) -> -25000 | O58: =_xlfn.XLOOKUP(G58,'Budget Worksheet'!$B$4:$B$234,'Budget Worksheet'!$S$4:$S$234,0) -> -25000 | P58: =_xlfn.XLOOKUP(G58,'Budget Worksheet'!$B$4:$B$234,'Budget Worksheet'!$U$4:$U$234,0) -> -31000 | Q58: =MATCH(G58,'Budget Worksheet'!$B$5:$B$234,0) -> 8 | R58: =SUM(I58:N58) -> -148265.38
A59: 56 | B59: R | C59: =LEFT(G59,2) -> 20 | D59: 60 | E59: Donations | F59: =D59&" "&E59 -> 60 Donations | G59: 20-30-510 | H59: Donations and Fund Raising | I59: -15000 | J59: =SUMIFS('Budget Worksheet'!$J$5:$J$234,'Budget Worksheet'!$B$5:$B$234,'Master Budget'!G59) -> -15000 | K59: =_xlfn.XLOOKUP(G59,'Budget Worksheet'!$B$5:$B$234,'Budget Worksheet'!$G$5:$G$234,0) -> -21453.806 | L59: =SUMIFS('Budget Worksheet'!$L$5:$L$234,'Budget Worksheet'!$B$5:$B$234,'Master Budget'!G59) -> -15000 | M59: =_xlfn.XLOOKUP(G59,'Budget Worksheet'!$B$5:$B$234,'Budget Worksheet'!$N$5:$N$234,0) -> -15000 | N59: =_xlfn.XLOOKUP(G59,'Budget Worksheet'!$B$5:$B$234,'Budget Worksheet'!$P$5:$P$234,0) -> -15000 | O59: =_xlfn.XLOOKUP(G59,'Budget Worksheet'!$B$4:$B$234,'Budget Worksheet'!$S$4:$S$234,0) -> -15000 | P59: =_xlfn.XLOOKUP(G59,'Budget Worksheet'!$B$4:$B$234,'Budget Worksheet'!$U$4:$U$234,0) -> -15000 | Q59: =MATCH(G59,'Budget Worksheet'!$B$5:$B$234,0) -> 9 | R59: =SUM(I59:N59) -> -96453.806
A60: 57 | B60: R | C60: =LEFT(G60,2) -> 20 | D60: 30 | E60: Charges for services | F60: =D60&" "&E60 -> 30 Charges for services | G60: 20-30-520 | H60: Contract Fees - Utah County | I60: -80000 | J60: =SUMIFS('Budget Worksheet'!$J$5:$J$234,'Budget Worksheet'!$B$5:$B$234,'Master Budget'!G60) -> -80000 | K60: =_xlfn.XLOOKUP(G60,'Budget Worksheet'!$B$5:$B$234,'Budget Worksheet'!$G$5:$G$234,0) -> -151947.79 | L60: =SUMIFS('Budget Worksheet'!$L$5:$L$234,'Budget Worksheet'!$B$5:$B$234,'Master Budget'!G60) -> -80000 | M60: =_xlfn.XLOOKUP(G60,'Budget Worksheet'!$B$5:$B$234,'Budget Worksheet'!$N$5:$N$234,0) -> -80000 | N60: =_xlfn.XLOOKUP(G60,'Budget Worksheet'!$B$5:$B$234,'Budget Worksheet'!$P$5:$P$234,0) -> -80000 | O60: =_xlfn.XLOOKUP(G60,'Budget Worksheet'!$B$4:$B$234,'Budget Worksheet'!$S$4:$S$234,0) -> -88000 | P60: =_xlfn.XLOOKUP(G60,'Budget Worksheet'!$B$4:$B$234,'Budget Worksheet'!$U$4:$U$234,0) -> -100000 | Q60: =MATCH(G60,'Budget Worksheet'!$B$5:$B$234,0) -> 10 | R60: =SUM(I60:N60) -> -551947.79
A61: 58 | B61: R | C61: =LEFT(G61,2) -> 20 | E61: #N/A | F61: =D61&" "&E61 -> #N/A | G61: 20-30-525 | H61: Transfer from Capital Reserves | I61: 0 | J61: =SUMIFS('Budget Worksheet'!$J$5:$J$234,'Budget Worksheet'!$B$5:$B$234,'Master Budget'!G61) -> 0 | L61: =SUMIFS('Budget Worksheet'!$L$5:$L$234,'Budget Worksheet'!$B$5:$B$234,'Master Budget'!G61) -> 0 | M61: =_xlfn.XLOOKUP(G61,'Budget Worksheet'!$B$5:$B$234,'Budget Worksheet'!$N$5:$N$234,0) -> 0 | N61: =_xlfn.XLOOKUP(G61,'Budget Worksheet'!$B$5:$B$234,'Budget Worksheet'!$P$5:$P$234,0) -> 0 | P61: =_xlfn.XLOOKUP(G61,'Budget Worksheet'!$B$4:$B$234,'Budget Worksheet'!$U$4:$U$234,0) -> 0 | Q61: =MATCH(G61,'Budget Worksheet'!$B$5:$B$234,0) -> #N/A | R61: =SUM(I61:N61) -> 0
A62: 59 | B62: E | C62: =LEFT(G62,2) -> 20 | D62: 100 | E62: Salaries and Benefits | F62: =D62&" "&E62 -> 100 Salaries and Benefits | G62: 20-45-600 | H62: Salaries & Wages | I62: 652549.87 | J62: =SUMIFS('Budget Worksheet'!$J$5:$J$234,'Budget Worksheet'!$B$5:$B$234,'Master Budget'!G62) -> 652549.87 | K62: =_xlfn.XLOOKUP(G62,'Budget Worksheet'!$B$5:$B$234,'Budget Worksheet'!$G$5:$G$234,0) -> 996928.32 | L62: =SUMIFS('Budget Worksheet'!$L$5:$L$234,'Budget Worksheet'!$B$5:$B$234,'Master Budget'!G62) -> 746500 | M62: =_xlfn.XLOOKUP(G62,'Budget Worksheet'!$B$5:$B$234,'Budget Worksheet'!$N$5:$N$234,0) -> 652549.87 | N62: =_xlfn.XLOOKUP(G62,'Budget Worksheet'!$B$5:$B$234,'Budget Worksheet'!$P$5:$P$234,0) -> 821625 | O62: =_xlfn.XLOOKUP(G62,'Budget Worksheet'!$B$4:$B$234,'Budget Worksheet'!$S$4:$S$234,0) -> 821625 | P62: =_xlfn.XLOOKUP(G62,'Budget Worksheet'!$B$4:$B$234,'Budget Worksheet'!$U$4:$U$234,0) -> 752263.29 | Q62: =MATCH(G62,'Budget Worksheet'!$B$5:$B$234,0) -> 11 | R62: =SUM(I62:N62) -> 4522702.9
A63: 60 | B63: E | C63: =LEFT(G63,2) -> 20 | D63: 100 | E63: Salaries and Benefits | F63: =D63&" "&E63 -> 100 Salaries and Benefits | G63: 20-45-601 | H63: Payroll Taxes | I63: 49920.065 | J63: =SUMIFS('Budget Worksheet'!$J$5:$J$234,'Budget Worksheet'!$B$5:$B$234,'Master Budget'!G63) -> 49920.06 | K63: =_xlfn.XLOOKUP(G63,'Budget Worksheet'!$B$5:$B$234,'Budget Worksheet'!$G$5:$G$234,0) -> 76934.091 | L63: =SUMIFS('Budget Worksheet'!$L$5:$L$234,'Budget Worksheet'!$B$5:$B$234,'Master Budget'!G63) -> 57107.25 | M63: =_xlfn.XLOOKUP(G63,'Budget Worksheet'!$B$5:$B$234,'Budget Worksheet'!$N$5:$N$234,0) -> 49920.06 | N63: =_xlfn.XLOOKUP(G63,'Budget Worksheet'!$B$5:$B$234,'Budget Worksheet'!$P$5:$P$234,0) -> 62854.313 | O63: =_xlfn.XLOOKUP(G63,'Budget Worksheet'!$B$4:$B$234,'Budget Worksheet'!$S$4:$S$234,0) -> 62854.31 | P63: =_xlfn.XLOOKUP(G63,'Budget Worksheet'!$B$4:$B$234,'Budget Worksheet'!$U$4:$U$234,0) -> 57548.141 | Q63: =MATCH(G63,'Budget Worksheet'!$B$5:$B$234,0) -> 12 | R63: =SUM(I63:N63) -> 346655.84
A64: 61 | B64: E | C64: =LEFT(G64,2) -> 20 | D64: 100 | E64: Salaries and Benefits | F64: =D64&" "&E64 -> 100 Salaries and Benefits | G64: 20-45-602 | H64: Retirement | I64: 101623.32 | J64: =SUMIFS('Budget Worksheet'!$J$5:$J$234,'Budget Worksheet'!$B$5:$B$234,'Master Budget'!G64) -> 101623.32 | K64: =_xlfn.XLOOKUP(G64,'Budget Worksheet'!$B$5:$B$234,'Budget Worksheet'!$G$5:$G$234,0) -> 200500.18 | L64: =SUMIFS('Budget Worksheet'!$L$5:$L$234,'Budget Worksheet'!$B$5:$B$234,'Master Budget'!G64) -> 112500 | M64: =_xlfn.XLOOKUP(G64,'Budget Worksheet'!$B$5:$B$234,'Budget Worksheet'!$N$5:$N$234,0) -> 154731.2 | N64: =_xlfn.XLOOKUP(G64,'Budget Worksheet'!$B$5:$B$234,'Budget Worksheet'!$P$5:$P$234,0) -> 125685 | O64: =_xlfn.XLOOKUP(G64,'Budget Worksheet'!$B$4:$B$234,'Budget Worksheet'!$S$4:$S$234,0) -> 157685 | P64: =_xlfn.XLOOKUP(G64,'Budget Worksheet'!$B$4:$B$234,'Budget Worksheet'!$U$4:$U$234,0) -> 98664.842 | Q64: =MATCH(G64,'Budget Worksheet'!$B$5:$B$234,0) -> 13 | R64: =SUM(I64:N64) -> 796663.02
A65: 62 | B65: E | C65: =LEFT(G65,2) -> 20 | D65: 100 | E65: Salaries and Benefits | F65: =D65&" "&E65 -> 100 Salaries and Benefits | G65: 20-45-603 | H65: Medical, LTD, Life, AD&D | I65: 178874.61 | J65: =SUMIFS('Budget Worksheet'!$J$5:$J$234,'Budget Worksheet'!$B$5:$B$234,'Master Budget'!G65) -> 178874.61 | K65: =_xlfn.XLOOKUP(G65,'Budget Worksheet'!$B$5:$B$234,'Budget Worksheet'!$G$5:$G$234,0) -> 178280.67 | L65: =SUMIFS('Budget Worksheet'!$L$5:$L$234,'Budget Worksheet'!$B$5:$B$234,'Master Budget'!G65) -> 236063.5 | M65: =_xlfn.XLOOKUP(G65,'Budget Worksheet'!$B$5:$B$234,'Budget Worksheet'!$N$5:$N$234,0) -> 178874.61 | N65: =_xlfn.XLOOKUP(G65,'Budget Worksheet'!$B$5:$B$234,'Budget Worksheet'!$P$5:$P$234,0) -> 277457.47 | O65: =_xlfn.XLOOKUP(G65,'Budget Worksheet'!$B$4:$B$234,'Budget Worksheet'!$S$4:$S$234,0) -> 277457.48 | P65: =_xlfn.XLOOKUP(G65,'Budget Worksheet'!$B$4:$B$234,'Budget Worksheet'!$U$4:$U$234,0) -> 183789.54 | Q65: =MATCH(G65,'Budget Worksheet'!$B$5:$B$234,0) -> 14 | R65: =SUM(I65:N65) -> 1228425.5
A66: 63 | B66: E | C66: =LEFT(G66,2) -> 20 | D66: 100 | E66: Salaries and Benefits | F66: =D66&" "&E66 -> 100 Salaries and Benefits | G66: 20-45-604 | H66: Worker's Compensation | I66: 17162.061 | J66: =SUMIFS('Budget Worksheet'!$J$5:$J$234,'Budget Worksheet'!$B$5:$B$234,'Master Budget'!G66) -> 17162.06 | K66: =_xlfn.XLOOKUP(G66,'Budget Worksheet'!$B$5:$B$234,'Budget Worksheet'!$G$5:$G$234,0) -> 14915.229 | L66: =SUMIFS('Budget Worksheet'!$L$5:$L$234,'Budget Worksheet'!$B$5:$B$234,'Master Budget'!G66) -> 14930 | M66: =_xlfn.XLOOKUP(G66,'Budget Worksheet'!$B$5:$B$234,'Budget Worksheet'!$N$5:$N$234,0) -> 17162.06 | N66: =_xlfn.XLOOKUP(G66,'Budget Worksheet'!$B$5:$B$234,'Budget Worksheet'!$P$5:$P$234,0) -> 16432.5 | O66: =_xlfn.XLOOKUP(G66,'Budget Worksheet'!$B$4:$B$234,'Budget Worksheet'!$S$4:$S$234,0) -> 16432.5 | P66: =_xlfn.XLOOKUP(G66,'Budget Worksheet'!$B$4:$B$234,'Budget Worksheet'!$U$4:$U$234,0) -> 15045.266 | Q66: =MATCH(G66,'Budget Worksheet'!$B$5:$B$234,0) -> 15 | R66: =SUM(I66:N66) -> 97763.91
A67: 64 | B67: E | C67: =LEFT(G67,2) -> 20 | D67: 100 | E67: Salaries and Benefits | F67: =D67&" "&E67 -> 100 Salaries and Benefits | G67: 20-45-607 | H67: Vacation/Sick/Holiday | I67: 0 | J67: =SUMIFS('Budget Worksheet'!$J$5:$J$234,'Budget Worksheet'!$B$5:$B$234,'Master Budget'!G67) -> 39000 | K67: =_xlfn.XLOOKUP(G67,'Budget Worksheet'!$B$5:$B$234,'Budget Worksheet'!$G$5:$G$234,0) -> 18288.84 | L67: =SUMIFS('Budget Worksheet'!$L$5:$L$234,'Budget Worksheet'!$B$5:$B$234,'Master Budget'!G67) -> 20000 | M67: =_xlfn.XLOOKUP(G67,'Budget Worksheet'!$B$5:$B$234,'Budget Worksheet'!$N$5:$N$234,0) -> 0 | N67: =_xlfn.XLOOKUP(G67,'Budget Worksheet'!$B$5:$B$234,'Budget Worksheet'!$P$5:$P$234,0) -> 0 | O67: =_xlfn.XLOOKUP(G67,'Budget Worksheet'!$B$4:$B$234,'Budget Worksheet'!$S$4:$S$234,0) -> 0 | P67: =_xlfn.XLOOKUP(G67,'Budget Worksheet'!$B$4:$B$234,'Budget Worksheet'!$U$4:$U$234,0) -> 0 | Q67: =MATCH(G67,'Budget Worksheet'!$B$5:$B$234,0) -> 16 | R67: =SUM(I67:N67) -> 77288.84
A68: 65 | B68: E | C68: =LEFT(G68,2) -> 20 | D68: 100 | E68: Salaries and Benefits | F68: =D68&" "&E68 -> 100 Salaries and Benefits | G68: 20-45-608 | H68: Flex Plan | I68: 11 | J68: =SUMIFS('Budget Worksheet'!$J$5:$J$234,'Budget Worksheet'!$B$5:$B$234,'Master Budget'!G68) -> 130 | K68: =_xlfn.XLOOKUP(G68,'Budget Worksheet'!$B$5:$B$234,'Budget Worksheet'!$G$5:$G$234,0) -> 122.88 | L68: =SUMIFS('Budget Worksheet'!$L$5:$L$234,'Budget Worksheet'!$B$5:$B$234,'Master Budget'!G68) -> 36 | M68: =_xlfn.XLOOKUP(G68,'Budget Worksheet'!$B$5:$B$234,'Budget Worksheet'!$N$5:$N$234,0) -> 57 | N68: =_xlfn.XLOOKUP(G68,'Budget Worksheet'!$B$5:$B$234,'Budget Worksheet'!$P$5:$P$234,0) -> 38.4 | O68: =_xlfn.XLOOKUP(G68,'Budget Worksheet'!$B$4:$B$234,'Budget Worksheet'!$S$4:$S$234,0) -> 100 | P68: =_xlfn.XLOOKUP(G68,'Budget Worksheet'!$B$4:$B$234,'Budget Worksheet'!$U$4:$U$234,0) -> 38.4 | Q68: =MATCH(G68,'Budget Worksheet'!$B$5:$B$234,0) -> 17 | R68: =SUM(I68:N68) -> 395.28
A69: 66 | B69: E | C69: =LEFT(G69,2) -> 20 | D69: 100 | E69: Salaries and Benefits | F69: =D69&" "&E69 -> 100 Salaries and Benefits | G69: 20-45-609 | H69: Employee/Volunteer Incentives | I69: 0 | J69: =SUMIFS('Budget Worksheet'!$J$5:$J$234,'Budget Worksheet'!$B$5:$B$234,'Master Budget'!G69) -> 5000 | K69: =_xlfn.XLOOKUP(G69,'Budget Worksheet'!$B$5:$B$234,'Budget Worksheet'!$G$5:$G$234,0) -> 1086.8914 | L69: =SUMIFS('Budget Worksheet'!$L$5:$L$234,'Budget Worksheet'!$B$5:$B$234,'Master Budget'!G69) -> 5000 | M69: =_xlfn.XLOOKUP(G69,'Budget Worksheet'!$B$5:$B$234,'Budget Worksheet'!$N$5:$N$234,0) -> 5000 | N69: =_xlfn.XLOOKUP(G69,'Budget Worksheet'!$B$5:$B$234,'Budget Worksheet'!$P$5:$P$234,0) -> 5000 | O69: =_xlfn.XLOOKUP(G69,'Budget Worksheet'!$B$4:$B$234,'Budget Worksheet'!$S$4:$S$234,0) -> 2000 | P69: =_xlfn.XLOOKUP(G69,'Budget Worksheet'!$B$4:$B$234,'Budget Worksheet'!$U$4:$U$234,0) -> 5000 | Q69: =MATCH(G69,'Budget Worksheet'!$B$5:$B$234,0) -> 18 | R69: =SUM(I69:N69) -> 21086.891
A70: 67 | B70: E | C70: =LEFT(G70,2) -> 20 | D70: 100 | E70: Salaries and Benefits | F70: =D70&" "&E70 -> 100 Salaries and Benefits | G70: 20-45-610 | H70: Volunteer Recruitment | I70: 0 | J70: =SUMIFS('Budget Worksheet'!$J$5:$J$234,'Budget Worksheet'!$B$5:$B$234,'Master Budget'!G70) -> 50000 | K70: =_xlfn.XLOOKUP(G70,'Budget Worksheet'!$B$5:$B$234,'Budget Worksheet'!$G$5:$G$234,0) -> 1895.4686 | L70: =SUMIFS('Budget Worksheet'!$L$5:$L$234,'Budget Worksheet'!$B$5:$B$234,'Master Budget'!G70) -> 47225 | M70: =_xlfn.XLOOKUP(G70,'Budget Worksheet'!$B$5:$B$234,'Budget Worksheet'!$N$5:$N$234,0) -> 6425 | N70: =_xlfn.XLOOKUP(G70,'Budget Worksheet'!$B$5:$B$234,'Budget Worksheet'!$P$5:$P$234,0) -> 0 | O70: =_xlfn.XLOOKUP(G70,'Budget Worksheet'!$B$4:$B$234,'Budget Worksheet'!$S$4:$S$234,0) -> 3500 | P70: =_xlfn.XLOOKUP(G70,'Budget Worksheet'!$B$4:$B$234,'Budget Worksheet'!$U$4:$U$234,0) -> 3500 | Q70: =MATCH(G70,'Budget Worksheet'!$B$5:$B$234,0) -> 19 | R70: =SUM(I70:N70) -> 105545.47
A71: 68 | B71: E | C71: =LEFT(G71,2) -> 20 | D71: 200 | E71: General and Administrative | F71: =D71&" "&E71 -> 200 General and Administrative | G71: 20-45-612 | H71: Supplies | I71: 20000 | J71: =SUMIFS('Budget Worksheet'!$J$5:$J$234,'Budget Worksheet'!$B$5:$B$234,'Master Budget'!G71) -> 20000 | K71: =_xlfn.XLOOKUP(G71,'Budget Worksheet'!$B$5:$B$234,'Budget Worksheet'!$G$5:$G$234,0) -> 21067.971 | L71: =SUMIFS('Budget Worksheet'!$L$5:$L$234,'Budget Worksheet'!$B$5:$B$234,'Master Budget'!G71) -> 20000 | M71: =_xlfn.XLOOKUP(G71,'Budget Worksheet'!$B$5:$B$234,'Budget Worksheet'!$N$5:$N$234,0) -> 20000 | N71: =_xlfn.XLOOKUP(G71,'Budget Worksheet'!$B$5:$B$234,'Budget Worksheet'!$P$5:$P$234,0) -> 20000 | O71: =_xlfn.XLOOKUP(G71,'Budget Worksheet'!$B$4:$B$234,'Budget Worksheet'!$S$4:$S$234,0) -> 20000 | P71: =_xlfn.XLOOKUP(G71,'Budget Worksheet'!$B$4:$B$234,'Budget Worksheet'!$U$4:$U$234,0) -> 20000 | Q71: =MATCH(G71,'Budget Worksheet'!$B$5:$B$234,0) -> 20 | R71: =SUM(I71:N71) -> 121067.97
A72: 69 | B72: E | C72: =LEFT(G72,2) -> 20 | D72: 200 | E72: General and Administrative | F72: =D72&" "&E72 -> 200 General and Administrative | G72: 20-45-614 | H72: Medical Supplies & Equipment | I72: 10000 | J72: =SUMIFS('Budget Worksheet'!$J$5:$J$234,'Budget Worksheet'!$B$5:$B$234,'Master Budget'!G72) -> 21000 | K72: =_xlfn.XLOOKUP(G72,'Budget Worksheet'!$B$5:$B$234,'Budget Worksheet'!$G$5:$G$234,0) -> 27890.983 | L72: =SUMIFS('Budget Worksheet'!$L$5:$L$234,'Budget Worksheet'!$B$5:$B$234,'Master Budget'!G72) -> 20000 | M72: =_xlfn.XLOOKUP(G72,'Budget Worksheet'!$B$5:$B$234,'Budget Worksheet'!$N$5:$N$234,0) -> 21000 | N72: =_xlfn.XLOOKUP(G72,'Budget Worksheet'!$B$5:$B$234,'Budget Worksheet'!$P$5:$P$234,0) -> 25000 | O72: =_xlfn.XLOOKUP(G72,'Budget Worksheet'!$B$4:$B$234,'Budget Worksheet'!$S$4:$S$234,0) -> 25000 | P72: =_xlfn.XLOOKUP(G72,'Budget Worksheet'!$B$4:$B$234,'Budget Worksheet'!$U$4:$U$234,0) -> 25000 | Q72: =MATCH(G72,'Budget Worksheet'!$B$5:$B$234,0) -> 21 | R72: =SUM(I72:N72) -> 124890.98
A73: 70 | B73: E | C73: =LEFT(G73,2) -> 20 | D73: 200 | E73: General and Administrative | F73: =D73&" "&E73 -> 200 General and Administrative | G73: 20-45-615 | H73: Dues and Subscriptions | I73: 22000 | J73: =SUMIFS('Budget Worksheet'!$J$5:$J$234,'Budget Worksheet'!$B$5:$B$234,'Master Budget'!G73) -> 24000 | K73: =_xlfn.XLOOKUP(G73,'Budget Worksheet'!$B$5:$B$234,'Budget Worksheet'!$G$5:$G$234,0) -> 63460.937 | L73: =SUMIFS('Budget Worksheet'!$L$5:$L$234,'Budget Worksheet'!$B$5:$B$234,'Master Budget'!G73) -> 22000 | M73: =_xlfn.XLOOKUP(G73,'Budget Worksheet'!$B$5:$B$234,'Budget Worksheet'!$N$5:$N$234,0) -> 28000 | N73: =_xlfn.XLOOKUP(G73,'Budget Worksheet'!$B$5:$B$234,'Budget Worksheet'!$P$5:$P$234,0) -> 20000 | O73: =_xlfn.XLOOKUP(G73,'Budget Worksheet'!$B$4:$B$234,'Budget Worksheet'!$S$4:$S$234,0) -> 45000 | P73: =_xlfn.XLOOKUP(G73,'Budget Worksheet'!$B$4:$B$234,'Budget Worksheet'!$U$4:$U$234,0) -> 35000 | Q73: =MATCH(G73,'Budget Worksheet'!$B$5:$B$234,0) -> 22 | R73: =SUM(I73:N73) -> 179460.94
A74: 71 | B74: E | C74: =LEFT(G74,2) -> 20 | D74: 200 | E74: General and Administrative | F74: =D74&" "&E74 -> 200 General and Administrative | G74: 20-45-617 | H74: Dispatch Assesment | I74: 0 | J74: =SUMIFS('Budget Worksheet'!$J$5:$J$234,'Budget Worksheet'!$B$5:$B$234,'Master Budget'!G74) -> 0 | L74: =SUMIFS('Budget Worksheet'!$L$5:$L$234,'Budget Worksheet'!$B$5:$B$234,'Master Budget'!G74) -> 0 | M74: =_xlfn.XLOOKUP(G74,'Budget Worksheet'!$B$5:$B$234,'Budget Worksheet'!$N$5:$N$234,0) -> 0 | N74: =_xlfn.XLOOKUP(G74,'Budget Worksheet'!$B$5:$B$234,'Budget Worksheet'!$P$5:$P$234,0) -> 0 | O74: =_xlfn.XLOOKUP(G74,'Budget Worksheet'!$B$4:$B$234,'Budget Worksheet'!$S$4:$S$234,0) -> 0 | P74: =_xlfn.XLOOKUP(G74,'Budget Worksheet'!$B$4:$B$234,'Budget Worksheet'!$U$4:$U$234,0) -> 0 | Q74: =MATCH(G74,'Budget Worksheet'!$B$5:$B$234,0) -> #N/A | R74: =SUM(I74:N74) -> 0
A75: 72 | B75: E | C75: =LEFT(G75,2) -> 20 | D75: 200 | E75: General and Administrative | F75: =D75&" "&E75 -> 200 General and Administrative | G75: 20-45-618 | H75: Accounting Services | I75: 7500 | J75: =SUMIFS('Budget Worksheet'!$J$5:$J$234,'Budget Worksheet'!$B$5:$B$234,'Master Budget'!G75) -> 7500 | K75: =_xlfn.XLOOKUP(G75,'Budget Worksheet'!$B$5:$B$234,'Budget Worksheet'!$G$5:$G$234,0) -> 12717.651 | L75: =SUMIFS('Budget Worksheet'!$L$5:$L$234,'Budget Worksheet'!$B$5:$B$234,'Master Budget'!G75) -> 7500 | M75: =_xlfn.XLOOKUP(G75,'Budget Worksheet'!$B$5:$B$234,'Budget Worksheet'!$N$5:$N$234,0) -> 17000 | N75: =_xlfn.XLOOKUP(G75,'Budget Worksheet'!$B$5:$B$234,'Budget Worksheet'!$P$5:$P$234,0) -> 17000 | O75: =_xlfn.XLOOKUP(G75,'Budget Worksheet'!$B$4:$B$234,'Budget Worksheet'!$S$4:$S$234,0) -> 17000 | P75: =_xlfn.XLOOKUP(G75,'Budget Worksheet'!$B$4:$B$234,'Budget Worksheet'!$U$4:$U$234,0) -> 17000 | Q75: =MATCH(G75,'Budget Worksheet'!$B$5:$B$234,0) -> 23 | R75: =SUM(I75:N75) -> 69217.651
A76: 73 | B76: E | C76: =LEFT(G76,2) -> 20 | D76: 200 | E76: General and Administrative | F76: =D76&" "&E76 -> 200 General and Administrative | G76: 20-45-619 | H76: IT Services | I76: 5000 | J76: =SUMIFS('Budget Worksheet'!$J$5:$J$234,'Budget Worksheet'!$B$5:$B$234,'Master Budget'!G76) -> 5000 | K76: =_xlfn.XLOOKUP(G76,'Budget Worksheet'!$B$5:$B$234,'Budget Worksheet'!$G$5:$G$234,0) -> 5188.5257 | L76: =SUMIFS('Budget Worksheet'!$L$5:$L$234,'Budget Worksheet'!$B$5:$B$234,'Master Budget'!G76) -> 8000 | M76: =_xlfn.XLOOKUP(G76,'Budget Worksheet'!$B$5:$B$234,'Budget Worksheet'!$N$5:$N$234,0) -> 5000 | N76: =_xlfn.XLOOKUP(G76,'Budget Worksheet'!$B$5:$B$234,'Budget Worksheet'!$P$5:$P$234,0) -> 8000 | O76: =_xlfn.XLOOKUP(G76,'Budget Worksheet'!$B$4:$B$234,'Budget Worksheet'!$S$4:$S$234,0) -> 8000 | P76: =_xlfn.XLOOKUP(G76,'Budget Worksheet'!$B$4:$B$234,'Budget Worksheet'!$U$4:$U$234,0) -> 8000 | Q76: =MATCH(G76,'Budget Worksheet'!$B$5:$B$234,0) -> 24 | R76: =SUM(I76:N76) -> 36188.526
A77: 74 | B77: E | C77: =LEFT(G77,2) -> 20 | D77: 200 | E77: General and Administrative | F77: =D77&" "&E77 -> 200 General and Administrative | G77: 20-45-620 | H77: Software | I77: 2000 | J77: =SUMIFS('Budget Worksheet'!$J$5:$J$234,'Budget Worksheet'!$B$5:$B$234,'Master Budget'!G77) -> 4600 | K77: =_xlfn.XLOOKUP(G77,'Budget Worksheet'!$B$5:$B$234,'Budget Worksheet'!$G$5:$G$234,0) -> 4342.8857 | L77: =SUMIFS('Budget Worksheet'!$L$5:$L$234,'Budget Worksheet'!$B$5:$B$234,'Master Budget'!G77) -> 4000 | M77: =_xlfn.XLOOKUP(G77,'Budget Worksheet'!$B$5:$B$234,'Budget Worksheet'!$N$5:$N$234,0) -> 7000 | N77: =_xlfn.XLOOKUP(G77,'Budget Worksheet'!$B$5:$B$234,'Budget Worksheet'!$P$5:$P$234,0) -> 4500 | O77: =_xlfn.XLOOKUP(G77,'Budget Worksheet'!$B$4:$B$234,'Budget Worksheet'!$S$4:$S$234,0) -> 4700 | P77: =_xlfn.XLOOKUP(G77,'Budget Worksheet'!$B$4:$B$234,'Budget Worksheet'!$U$4:$U$234,0) -> 4700 | Q77: =MATCH(G77,'Budget Worksheet'!$B$5:$B$234,0) -> 25 | R77: =SUM(I77:N77) -> 26442.886
A78: 75 | B78: E | C78: =LEFT(G78,2) -> 20 | D78: 200 | E78: General and Administrative | F78: =D78&" "&E78 -> 200 General and Administrative | G78: 20-45-621 | H78: Engineering Services | I78: 35000 | J78: =SUMIFS('Budget Worksheet'!$J$5:$J$234,'Budget Worksheet'!$B$5:$B$234,'Master Budget'!G78) -> 35000 | K78: =_xlfn.XLOOKUP(G78,'Budget Worksheet'!$B$5:$B$234,'Budget Worksheet'!$G$5:$G$234,0) -> 5412.8571 | L78: =SUMIFS('Budget Worksheet'!$L$5:$L$234,'Budget Worksheet'!$B$5:$B$234,'Master Budget'!G78) -> 35000 | M78: =_xlfn.XLOOKUP(G78,'Budget Worksheet'!$B$5:$B$234,'Budget Worksheet'!$N$5:$N$234,0) -> 35000 | N78: =_xlfn.XLOOKUP(G78,'Budget Worksheet'!$B$5:$B$234,'Budget Worksheet'!$P$5:$P$234,0) -> 35000 | O78: =_xlfn.XLOOKUP(G78,'Budget Worksheet'!$B$4:$B$234,'Budget Worksheet'!$S$4:$S$234,0) -> 35000 | P78: =_xlfn.XLOOKUP(G78,'Budget Worksheet'!$B$4:$B$234,'Budget Worksheet'!$U$4:$U$234,0) -> 35000 | Q78: =MATCH(G78,'Budget Worksheet'!$B$5:$B$234,0) -> 26 | R78: =SUM(I78:N78) -> 180412.86
A79: 76 | B79: E | C79: =LEFT(G79,2) -> 20 | D79: 200 | E79: General and Administrative | F79: =D79&" "&E79 -> 200 General and Administrative | G79: 20-45-622 | H79: Legal Services | I79: 1000 | J79: =SUMIFS('Budget Worksheet'!$J$5:$J$234,'Budget Worksheet'!$B$5:$B$234,'Master Budget'!G79) -> 8000 | K79: =_xlfn.XLOOKUP(G79,'Budget Worksheet'!$B$5:$B$234,'Budget Worksheet'!$G$5:$G$234,0) -> 8564.2114 | L79: =SUMIFS('Budget Worksheet'!$L$5:$L$234,'Budget Worksheet'!$B$5:$B$234,'Master Budget'!G79) -> 5000 | M79: =_xlfn.XLOOKUP(G79,'Budget Worksheet'!$B$5:$B$234,'Budget Worksheet'!$N$5:$N$234,0) -> 10000 | N79: =_xlfn.XLOOKUP(G79,'Budget Worksheet'!$B$5:$B$234,'Budget Worksheet'!$P$5:$P$234,0) -> 10000 | O79: =_xlfn.XLOOKUP(G79,'Budget Worksheet'!$B$4:$B$234,'Budget Worksheet'!$S$4:$S$234,0) -> 10000 | P79: =_xlfn.XLOOKUP(G79,'Budget Worksheet'!$B$4:$B$234,'Budget Worksheet'!$U$4:$U$234,0) -> 10000 | Q79: =MATCH(G79,'Budget Worksheet'!$B$5:$B$234,0) -> 27 | R79: =SUM(I79:N79) -> 42564.211
A80: 77 | B80: E | C80: =LEFT(G80,2) -> 20 | D80: 200 | E80: General and Administrative | F80: =D80&" "&E80 -> 200 General and Administrative | G80: 20-45-623 | H80: Advertising | I80: 250 | J80: =SUMIFS('Budget Worksheet'!$J$5:$J$234,'Budget Worksheet'!$B$5:$B$234,'Master Budget'!G80) -> 250 | K80: =_xlfn.XLOOKUP(G80,'Budget Worksheet'!$B$5:$B$234,'Budget Worksheet'!$G$5:$G$234,0) -> 0 | L80: =SUMIFS('Budget Worksheet'!$L$5:$L$234,'Budget Worksheet'!$B$5:$B$234,'Master Budget'!G80) -> 250 | M80: =_xlfn.XLOOKUP(G80,'Budget Worksheet'!$B$5:$B$234,'Budget Worksheet'!$N$5:$N$234,0) -> 250 | N80: =_xlfn.XLOOKUP(G80,'Budget Worksheet'!$B$5:$B$234,'Budget Worksheet'!$P$5:$P$234,0) -> 250 | O80: =_xlfn.XLOOKUP(G80,'Budget Worksheet'!$B$4:$B$234,'Budget Worksheet'!$S$4:$S$234,0) -> 250 | P80: =_xlfn.XLOOKUP(G80,'Budget Worksheet'!$B$4:$B$234,'Budget Worksheet'!$U$4:$U$234,0) -> 250 | Q80: =MATCH(G80,'Budget Worksheet'!$B$5:$B$234,0) -> 28 | R80: =SUM(I80:N80) -> 1250
A81: 78 | B81: E | C81: =LEFT(G81,2) -> 20 | D81: 200 | E81: General and Administrative | F81: =D81&" "&E81 -> 200 General and Administrative | G81: 20-45-624 | H81: UDOT Station 2 Electricity | I81: 500 | J81: =SUMIFS('Budget Worksheet'!$J$5:$J$234,'Budget Worksheet'!$B$5:$B$234,'Master Budget'!G81) -> 500 | K81: =_xlfn.XLOOKUP(G81,'Budget Worksheet'!$B$5:$B$234,'Budget Worksheet'!$G$5:$G$234,0) -> 849.84 | L81: =SUMIFS('Budget Worksheet'!$L$5:$L$234,'Budget Worksheet'!$B$5:$B$234,'Master Budget'!G81) -> 500 | M81: =_xlfn.XLOOKUP(G81,'Budget Worksheet'!$B$5:$B$234,'Budget Worksheet'!$N$5:$N$234,0) -> 500 | N81: =_xlfn.XLOOKUP(G81,'Budget Worksheet'!$B$5:$B$234,'Budget Worksheet'!$P$5:$P$234,0) -> 500 | O81: =_xlfn.XLOOKUP(G81,'Budget Worksheet'!$B$4:$B$234,'Budget Worksheet'!$S$4:$S$234,0) -> 758.24 | P81: =_xlfn.XLOOKUP(G81,'Budget Worksheet'!$B$4:$B$234,'Budget Worksheet'!$U$4:$U$234,0) -> 800 | Q81: =MATCH(G81,'Budget Worksheet'!$B$5:$B$234,0) -> 29 | R81: =SUM(I81:N81) -> 3349.84
B82: E | C82: =LEFT(G82,2) -> 20 | D82: 200 | E82: General and Administrative | F82: =D82&" "&E82 -> 200 General and Administrative | G82: 20-45-625 | H82: Special Studies | J82: =SUMIFS('Budget Worksheet'!$J$5:$J$234,'Budget Worksheet'!$B$5:$B$234,'Master Budget'!G82) -> 0 | L82: =SUMIFS('Budget Worksheet'!$L$5:$L$234,'Budget Worksheet'!$B$5:$B$234,'Master Budget'!G82) -> 0 | M82: =_xlfn.XLOOKUP(G82,'Budget Worksheet'!$B$5:$B$234,'Budget Worksheet'!$N$5:$N$234,0) -> 0 | N82: =_xlfn.XLOOKUP(G82,'Budget Worksheet'!$B$5:$B$234,'Budget Worksheet'!$P$5:$P$234,0) -> 0 | O82: =_xlfn.XLOOKUP(G82,'Budget Worksheet'!$B$4:$B$234,'Budget Worksheet'!$S$4:$S$234,0) -> 10000 | P82: =_xlfn.XLOOKUP(G82,'Budget Worksheet'!$B$4:$B$234,'Budget Worksheet'!$U$4:$U$234,0) -> 0 | Q82: =MATCH(G82,'Budget Worksheet'!$B$5:$B$234,0) -> 30 | R82: =SUM(I82:N82) -> 0
A83: 79 | B83: E | C83: =LEFT(G83,2) -> 20 | D83: 200 | E83: General and Administrative | F83: =D83&" "&E83 -> 200 General and Administrative | G83: 20-45-629 | H83: Utilities-Communications | I83: 4000 | J83: =SUMIFS('Budget Worksheet'!$J$5:$J$234,'Budget Worksheet'!$B$5:$B$234,'Master Budget'!G83) -> 8000 | K83: =_xlfn.XLOOKUP(G83,'Budget Worksheet'!$B$5:$B$234,'Budget Worksheet'!$G$5:$G$234,0) -> 10661.229 | L83: =SUMIFS('Budget Worksheet'!$L$5:$L$234,'Budget Worksheet'!$B$5:$B$234,'Master Budget'!G83) -> 8000 | M83: =_xlfn.XLOOKUP(G83,'Budget Worksheet'!$B$5:$B$234,'Budget Worksheet'!$N$5:$N$234,0) -> 8000 | N83: =_xlfn.XLOOKUP(G83,'Budget Worksheet'!$B$5:$B$234,'Budget Worksheet'!$P$5:$P$234,0) -> 8000 | O83: =_xlfn.XLOOKUP(G83,'Budget Worksheet'!$B$4:$B$234,'Budget Worksheet'!$S$4:$S$234,0) -> 10798.38 | P83: =_xlfn.XLOOKUP(G83,'Budget Worksheet'!$B$4:$B$234,'Budget Worksheet'!$U$4:$U$234,0) -> 11000 | Q83: =MATCH(G83,'Budget Worksheet'!$B$5:$B$234,0) -> 31 | R83: =SUM(I83:N83) -> 46661.229
A84: 80 | B84: E | C84: =LEFT(G84,2) -> 20 | D84: 200 | E84: General and Administrative | F84: =D84&" "&E84 -> 200 General and Administrative | G84: 20-45-630 | H84: Telephone | I84: 0 | J84: =SUMIFS('Budget Worksheet'!$J$5:$J$234,'Budget Worksheet'!$B$5:$B$234,'Master Budget'!G84) -> 0 | L84: =SUMIFS('Budget Worksheet'!$L$5:$L$234,'Budget Worksheet'!$B$5:$B$234,'Master Budget'!G84) -> 0 | M84: =_xlfn.XLOOKUP(G84,'Budget Worksheet'!$B$5:$B$234,'Budget Worksheet'!$N$5:$N$234,0) -> 0 | N84: =_xlfn.XLOOKUP(G84,'Budget Worksheet'!$B$5:$B$234,'Budget Worksheet'!$P$5:$P$234,0) -> 0 | O84: =_xlfn.XLOOKUP(G84,'Budget Worksheet'!$B$4:$B$234,'Budget Worksheet'!$S$4:$S$234,0) -> 0 | P84: =_xlfn.XLOOKUP(G84,'Budget Worksheet'!$B$4:$B$234,'Budget Worksheet'!$U$4:$U$234,0) -> 0 | Q84: =MATCH(G84,'Budget Worksheet'!$B$5:$B$234,0) -> 32 | R84: =SUM(I84:N84) -> 0
A85: 81 | B85: E | C85: =LEFT(G85,2) -> 20 | D85: 200 | E85: General and Administrative | F85: =D85&" "&E85 -> 200 General and Administrative | G85: 20-45-632 | H85: Propane Station 2 | I85: 3000 | J85: =SUMIFS('Budget Worksheet'!$J$5:$J$234,'Budget Worksheet'!$B$5:$B$234,'Master Budget'!G85) -> 4500 | K85: =_xlfn.XLOOKUP(G85,'Budget Worksheet'!$B$5:$B$234,'Budget Worksheet'!$G$5:$G$234,0) -> 2480.9143 | L85: =SUMIFS('Budget Worksheet'!$L$5:$L$234,'Budget Worksheet'!$B$5:$B$234,'Master Budget'!G85) -> 4500 | M85: =_xlfn.XLOOKUP(G85,'Budget Worksheet'!$B$5:$B$234,'Budget Worksheet'!$N$5:$N$234,0) -> 4500 | N85: =_xlfn.XLOOKUP(G85,'Budget Worksheet'!$B$5:$B$234,'Budget Worksheet'!$P$5:$P$234,0) -> 4500 | O85: =_xlfn.XLOOKUP(G85,'Budget Worksheet'!$B$4:$B$234,'Budget Worksheet'!$S$4:$S$234,0) -> 2894.4 | P85: =_xlfn.XLOOKUP(G85,'Budget Worksheet'!$B$4:$B$234,'Budget Worksheet'!$U$4:$U$234,0) -> 3000 | Q85: =MATCH(G85,'Budget Worksheet'!$B$5:$B$234,0) -> 33 | R85: =SUM(I85:N85) -> 23480.914
A86: 82 | B86: E | C86: =LEFT(G86,2) -> 20 | D86: 200 | E86: General and Administrative | F86: =D86&" "&E86 -> 200 General and Administrative | G86: 20-45-635 | H86: Insurance | I86: 18000 | J86: =SUMIFS('Budget Worksheet'!$J$5:$J$234,'Budget Worksheet'!$B$5:$B$234,'Master Budget'!G86) -> 20000 | K86: =_xlfn.XLOOKUP(G86,'Budget Worksheet'!$B$5:$B$234,'Budget Worksheet'!$G$5:$G$234,0) -> 38632.234 | L86: =SUMIFS('Budget Worksheet'!$L$5:$L$234,'Budget Worksheet'!$B$5:$B$234,'Master Budget'!G86) -> 18000 | M86: =_xlfn.XLOOKUP(G86,'Budget Worksheet'!$B$5:$B$234,'Budget Worksheet'!$N$5:$N$234,0) -> 40000 | N86: =_xlfn.XLOOKUP(G86,'Budget Worksheet'!$B$5:$B$234,'Budget Worksheet'!$P$5:$P$234,0) -> 20000 | O86: =_xlfn.XLOOKUP(G86,'Budget Worksheet'!$B$4:$B$234,'Budget Worksheet'!$S$4:$S$234,0) -> 25000 | P86: =_xlfn.XLOOKUP(G86,'Budget Worksheet'!$B$4:$B$234,'Budget Worksheet'!$U$4:$U$234,0) -> 25000 | Q86: =MATCH(G86,'Budget Worksheet'!$B$5:$B$234,0) -> 34 | R86: =SUM(I86:N86) -> 154632.23
A87: 83 | B87: E | C87: =LEFT(G87,2) -> 20 | D87: 200 | E87: General and Administrative | F87: =D87&" "&E87 -> 200 General and Administrative | G87: 20-45-636 | H87: Rent | I87: 0 | J87: =SUMIFS('Budget Worksheet'!$J$5:$J$234,'Budget Worksheet'!$B$5:$B$234,'Master Budget'!G87) -> 0 | L87: =SUMIFS('Budget Worksheet'!$L$5:$L$234,'Budget Worksheet'!$B$5:$B$234,'Master Budget'!G87) -> 0 | M87: =_xlfn.XLOOKUP(G87,'Budget Worksheet'!$B$5:$B$234,'Budget Worksheet'!$N$5:$N$234,0) -> 0 | N87: =_xlfn.XLOOKUP(G87,'Budget Worksheet'!$B$5:$B$234,'Budget Worksheet'!$P$5:$P$234,0) -> 0 | O87: =_xlfn.XLOOKUP(G87,'Budget Worksheet'!$B$4:$B$234,'Budget Worksheet'!$S$4:$S$234,0) -> 0 | P87: =_xlfn.XLOOKUP(G87,'Budget Worksheet'!$B$4:$B$234,'Budget Worksheet'!$U$4:$U$234,0) -> 0 | Q87: =MATCH(G87,'Budget Worksheet'!$B$5:$B$234,0) -> 35 | R87: =SUM(I87:N87) -> 0
A88: 84 | B88: E | C88: =LEFT(G88,2) -> 20 | D88: 500 | E88: Repairs and Maintenance | F88: =D88&" "&E88 -> 500 Repairs and Maintenance | G88: 20-45-638 | H88: Repairs & Maintenance | I88: 0 | J88: =SUMIFS('Budget Worksheet'!$J$5:$J$234,'Budget Worksheet'!$B$5:$B$234,'Master Budget'!G88) -> 1500 | K88: =_xlfn.XLOOKUP(G88,'Budget Worksheet'!$B$5:$B$234,'Budget Worksheet'!$G$5:$G$234,0) -> 1062.8571 | L88: =SUMIFS('Budget Worksheet'!$L$5:$L$234,'Budget Worksheet'!$B$5:$B$234,'Master Budget'!G88) -> 1500 | M88: =_xlfn.XLOOKUP(G88,'Budget Worksheet'!$B$5:$B$234,'Budget Worksheet'!$N$5:$N$234,0) -> 1500 | N88: =_xlfn.XLOOKUP(G88,'Budget Worksheet'!$B$5:$B$234,'Budget Worksheet'!$P$5:$P$234,0) -> 5500 | O88: =_xlfn.XLOOKUP(G88,'Budget Worksheet'!$B$4:$B$234,'Budget Worksheet'!$S$4:$S$234,0) -> 5500 | P88: =_xlfn.XLOOKUP(G88,'Budget Worksheet'!$B$4:$B$234,'Budget Worksheet'!$U$4:$U$234,0) -> 5500 | Q88: =MATCH(G88,'Budget Worksheet'!$B$5:$B$234,0) -> 36 | R88: =SUM(I88:N88) -> 11062.857
A89: 85 | B89: E | C89: =LEFT(G89,2) -> 20 | D89: 200 | E89: General and Administrative | F89: =D89&" "&E89 -> 200 General and Administrative | G89: 20-45-653 | H89: DOH Assessment | I89: 0 | J89: =SUMIFS('Budget Worksheet'!$J$5:$J$234,'Budget Worksheet'!$B$5:$B$234,'Master Budget'!G89) -> 0 | L89: =SUMIFS('Budget Worksheet'!$L$5:$L$234,'Budget Worksheet'!$B$5:$B$234,'Master Budget'!G89) -> 0 | M89: =_xlfn.XLOOKUP(G89,'Budget Worksheet'!$B$5:$B$234,'Budget Worksheet'!$N$5:$N$234,0) -> 0 | N89: =_xlfn.XLOOKUP(G89,'Budget Worksheet'!$B$5:$B$234,'Budget Worksheet'!$P$5:$P$234,0) -> 0 | O89: =_xlfn.XLOOKUP(G89,'Budget Worksheet'!$B$4:$B$234,'Budget Worksheet'!$S$4:$S$234,0) -> 0 | P89: =_xlfn.XLOOKUP(G89,'Budget Worksheet'!$B$4:$B$234,'Budget Worksheet'!$U$4:$U$234,0) -> 0 | Q89: =MATCH(G89,'Budget Worksheet'!$B$5:$B$234,0) -> #N/A | R89: =SUM(I89:N89) -> 0
A90: 86 | B90: E | C90: =LEFT(G90,2) -> 20 | D90: 500 | E90: Repairs and Maintenance | F90: =D90&" "&E90 -> 500 Repairs and Maintenance | G90: 20-45-654 | H90: Vehicles Repairs & Maintenance | I90: 25000 | J90: =SUMIFS('Budget Worksheet'!$J$5:$J$234,'Budget Worksheet'!$B$5:$B$234,'Master Budget'!G90) -> 25000 | K90: =_xlfn.XLOOKUP(G90,'Budget Worksheet'!$B$5:$B$234,'Budget Worksheet'!$G$5:$G$234,0) -> 15961.217 | L90: =SUMIFS('Budget Worksheet'!$L$5:$L$234,'Budget Worksheet'!$B$5:$B$234,'Master Budget'!G90) -> 25000 | M90: =_xlfn.XLOOKUP(G90,'Budget Worksheet'!$B$5:$B$234,'Budget Worksheet'!$N$5:$N$234,0) -> 25000 | N90: =_xlfn.XLOOKUP(G90,'Budget Worksheet'!$B$5:$B$234,'Budget Worksheet'!$P$5:$P$234,0) -> 25000 | O90: =_xlfn.XLOOKUP(G90,'Budget Worksheet'!$B$4:$B$234,'Budget Worksheet'!$S$4:$S$234,0) -> 25000 | P90: =_xlfn.XLOOKUP(G90,'Budget Worksheet'!$B$4:$B$234,'Budget Worksheet'!$U$4:$U$234,0) -> 20000 | Q90: =MATCH(G90,'Budget Worksheet'!$B$5:$B$234,0) -> 37 | R90: =SUM(I90:N90) -> 140961.22
A91: 87 | B91: E | C91: =LEFT(G91,2) -> 20 | D91: 500 | E91: Repairs and Maintenance | F91: =D91&" "&E91 -> 500 Repairs and Maintenance | G91: 20-45-658 | H91: Vehicle Fuel | I91: 8000 | J91: =SUMIFS('Budget Worksheet'!$J$5:$J$234,'Budget Worksheet'!$B$5:$B$234,'Master Budget'!G91) -> 8000 | K91: =_xlfn.XLOOKUP(G91,'Budget Worksheet'!$B$5:$B$234,'Budget Worksheet'!$G$5:$G$234,0) -> 8311.0629 | L91: =SUMIFS('Budget Worksheet'!$L$5:$L$234,'Budget Worksheet'!$B$5:$B$234,'Master Budget'!G91) -> 8000 | M91: =_xlfn.XLOOKUP(G91,'Budget Worksheet'!$B$5:$B$234,'Budget Worksheet'!$N$5:$N$234,0) -> 8000 | N91: =_xlfn.XLOOKUP(G91,'Budget Worksheet'!$B$5:$B$234,'Budget Worksheet'!$P$5:$P$234,0) -> 8000 | O91: =_xlfn.XLOOKUP(G91,'Budget Worksheet'!$B$4:$B$234,'Budget Worksheet'!$S$4:$S$234,0) -> 8000 | P91: =_xlfn.XLOOKUP(G91,'Budget Worksheet'!$B$4:$B$234,'Budget Worksheet'!$U$4:$U$234,0) -> 8500 | Q91: =MATCH(G91,'Budget Worksheet'!$B$5:$B$234,0) -> 38 | R91: =SUM(I91:N91) -> 48311.063
A92: 88 | B92: E | C92: =LEFT(G92,2) -> 20 | D92: 500 | E92: Repairs and Maintenance | F92: =D92&" "&E92 -> 500 Repairs and Maintenance | G92: 20-45-659 | H92: Building Maintenance | I92: 10000 | J92: =SUMIFS('Budget Worksheet'!$J$5:$J$234,'Budget Worksheet'!$B$5:$B$234,'Master Budget'!G92) -> 10000 | K92: =_xlfn.XLOOKUP(G92,'Budget Worksheet'!$B$5:$B$234,'Budget Worksheet'!$G$5:$G$234,0) -> 11516.794 | L92: =SUMIFS('Budget Worksheet'!$L$5:$L$234,'Budget Worksheet'!$B$5:$B$234,'Master Budget'!G92) -> 20000 | M92: =_xlfn.XLOOKUP(G92,'Budget Worksheet'!$B$5:$B$234,'Budget Worksheet'!$N$5:$N$234,0) -> 10000 | N92: =_xlfn.XLOOKUP(G92,'Budget Worksheet'!$B$5:$B$234,'Budget Worksheet'!$P$5:$P$234,0) -> 20000 | O92: =_xlfn.XLOOKUP(G92,'Budget Worksheet'!$B$4:$B$234,'Budget Worksheet'!$S$4:$S$234,0) -> 12570 | P92: =_xlfn.XLOOKUP(G92,'Budget Worksheet'!$B$4:$B$234,'Budget Worksheet'!$U$4:$U$234,0) -> 15000 | Q92: =MATCH(G92,'Budget Worksheet'!$B$5:$B$234,0) -> 39 | R92: =SUM(I92:N92) -> 81516.794
A93: 89 | B93: E | C93: =LEFT(G93,2) -> 20 | D93: 500 | E93: Repairs and Maintenance | F93: =D93&" "&E93 -> 500 Repairs and Maintenance | G93: 20-45-661 | H93: Cleaning | I93: 0 | J93: =SUMIFS('Budget Worksheet'!$J$5:$J$234,'Budget Worksheet'!$B$5:$B$234,'Master Budget'!G93) -> 0 | L93: =SUMIFS('Budget Worksheet'!$L$5:$L$234,'Budget Worksheet'!$B$5:$B$234,'Master Budget'!G93) -> 0 | M93: =_xlfn.XLOOKUP(G93,'Budget Worksheet'!$B$5:$B$234,'Budget Worksheet'!$N$5:$N$234,0) -> 0 | N93: =_xlfn.XLOOKUP(G93,'Budget Worksheet'!$B$5:$B$234,'Budget Worksheet'!$P$5:$P$234,0) -> 0 | O93: =_xlfn.XLOOKUP(G93,'Budget Worksheet'!$B$4:$B$234,'Budget Worksheet'!$S$4:$S$234,0) -> 0 | P93: =_xlfn.XLOOKUP(G93,'Budget Worksheet'!$B$4:$B$234,'Budget Worksheet'!$U$4:$U$234,0) -> 0 | Q93: =MATCH(G93,'Budget Worksheet'!$B$5:$B$234,0) -> #N/A | R93: =SUM(I93:N93) -> 0
A94: 90 | B94: E | C94: =LEFT(G94,2) -> 20 | D94: 600 | E94: Bad Debt | F94: =D94&" "&E94 -> 600 Bad Debt | G94: 20-45-664 | H94: Bad Debt Expense | I94: 0 | J94: =SUMIFS('Budget Worksheet'!$J$5:$J$234,'Budget Worksheet'!$B$5:$B$234,'Master Budget'!G94) -> 0 | L94: =SUMIFS('Budget Worksheet'!$L$5:$L$234,'Budget Worksheet'!$B$5:$B$234,'Master Budget'!G94) -> 0 | M94: =_xlfn.XLOOKUP(G94,'Budget Worksheet'!$B$5:$B$234,'Budget Worksheet'!$N$5:$N$234,0) -> 0 | N94: =_xlfn.XLOOKUP(G94,'Budget Worksheet'!$B$5:$B$234,'Budget Worksheet'!$P$5:$P$234,0) -> 0 | O94: =_xlfn.XLOOKUP(G94,'Budget Worksheet'!$B$4:$B$234,'Budget Worksheet'!$S$4:$S$234,0) -> 0 | P94: =_xlfn.XLOOKUP(G94,'Budget Worksheet'!$B$4:$B$234,'Budget Worksheet'!$U$4:$U$234,0) -> 0 | Q94: =MATCH(G94,'Budget Worksheet'!$B$5:$B$234,0) -> 40 | R94: =SUM(I94:N94) -> 0
A95: 91 | B95: E | C95: =LEFT(G95,2) -> 20 | D95: 200 | E95: General and Administrative | F95: =D95&" "&E95 -> 200 General and Administrative | G95: 20-45-666 | H95: Station 2 Lease | I95: 12530 | J95: =SUMIFS('Budget Worksheet'!$J$5:$J$234,'Budget Worksheet'!$B$5:$B$234,'Master Budget'!G95) -> 12531 | K95: =_xlfn.XLOOKUP(G95,'Budget Worksheet'!$B$5:$B$234,'Budget Worksheet'!$G$5:$G$234,0) -> 0 | L95: =SUMIFS('Budget Worksheet'!$L$5:$L$234,'Budget Worksheet'!$B$5:$B$234,'Master Budget'!G95) -> 12531 | M95: =_xlfn.XLOOKUP(G95,'Budget Worksheet'!$B$5:$B$234,'Budget Worksheet'!$N$5:$N$234,0) -> 25574.93 | N95: =_xlfn.XLOOKUP(G95,'Budget Worksheet'!$B$5:$B$234,'Budget Worksheet'!$P$5:$P$234,0) -> 26070.91 | O95: =_xlfn.XLOOKUP(G95,'Budget Worksheet'!$B$4:$B$234,'Budget Worksheet'!$S$4:$S$234,0) -> 24470.49 | P95: =_xlfn.XLOOKUP(G95,'Budget Worksheet'!$B$4:$B$234,'Budget Worksheet'!$U$4:$U$234,0) -> 24470.49 | Q95: =MATCH(G95,'Budget Worksheet'!$B$5:$B$234,0) -> 41 | R95: =SUM(I95:N95) -> 89237.84
A96: 92 | B96: E | C96: =LEFT(G96,2) -> 20 | D96: 200 | E96: General and Administrative | F96: =D96&" "&E96 -> 200 General and Administrative | G96: 20-45-669 | H96: Fire Trucks Leases | I96: 0 | J96: =SUMIFS('Budget Worksheet'!$J$5:$J$234,'Budget Worksheet'!$B$5:$B$234,'Master Budget'!G96) -> 0 | L96: =SUMIFS('Budget Worksheet'!$L$5:$L$234,'Budget Worksheet'!$B$5:$B$234,'Master Budget'!G96) -> 0 | M96: =_xlfn.XLOOKUP(G96,'Budget Worksheet'!$B$5:$B$234,'Budget Worksheet'!$N$5:$N$234,0) -> 0 | N96: =_xlfn.XLOOKUP(G96,'Budget Worksheet'!$B$5:$B$234,'Budget Worksheet'!$P$5:$P$234,0) -> 0 | O96: =_xlfn.XLOOKUP(G96,'Budget Worksheet'!$B$4:$B$234,'Budget Worksheet'!$S$4:$S$234,0) -> 0 | P96: =_xlfn.XLOOKUP(G96,'Budget Worksheet'!$B$4:$B$234,'Budget Worksheet'!$U$4:$U$234,0) -> 0 | Q96: =MATCH(G96,'Budget Worksheet'!$B$5:$B$234,0) -> 42 | R96: =SUM(I96:N96) -> 0
A97: 93 | B97: E | C97: =LEFT(G97,2) -> 20 | D97: 200 | E97: General and Administrative | F97: =D97&" "&E97 -> 200 General and Administrative | G97: 20-45-670 | H97: Ambulance Lease | I97: 6600 | J97: =SUMIFS('Budget Worksheet'!$J$5:$J$234,'Budget Worksheet'!$B$5:$B$234,'Master Budget'!G97) -> 6600 | K97: =_xlfn.XLOOKUP(G97,'Budget Worksheet'!$B$5:$B$234,'Budget Worksheet'!$G$5:$G$234,0) -> 0 | L97: =SUMIFS('Budget Worksheet'!$L$5:$L$234,'Budget Worksheet'!$B$5:$B$234,'Master Budget'!G97) -> 6600 | M97: =_xlfn.XLOOKUP(G97,'Budget Worksheet'!$B$5:$B$234,'Budget Worksheet'!$N$5:$N$234,0) -> 6600 | N97: =_xlfn.XLOOKUP(G97,'Budget Worksheet'!$B$5:$B$234,'Budget Worksheet'!$P$5:$P$234,0) -> 0 | O97: =_xlfn.XLOOKUP(G97,'Budget Worksheet'!$B$4:$B$234,'Budget Worksheet'!$S$4:$S$234,0) -> 0 | P97: =_xlfn.XLOOKUP(G97,'Budget Worksheet'!$B$4:$B$234,'Budget Worksheet'!$U$4:$U$234,0) -> 0 | Q97: =MATCH(G97,'Budget Worksheet'!$B$5:$B$234,0) -> 43 | R97: =SUM(I97:N97) -> 26400
A98: 94 | B98: E | C98: =LEFT(G98,2) -> 20 | D98: 200 | E98: General and Administrative | F98: =D98&" "&E98 -> 200 General and Administrative | G98: 20-45-671 | H98: Truck Lease | I98: 6500 | J98: =SUMIFS('Budget Worksheet'!$J$5:$J$234,'Budget Worksheet'!$B$5:$B$234,'Master Budget'!G98) -> 6500 | K98: =_xlfn.XLOOKUP(G98,'Budget Worksheet'!$B$5:$B$234,'Budget Worksheet'!$G$5:$G$234,0) -> 0 | L98: =SUMIFS('Budget Worksheet'!$L$5:$L$234,'Budget Worksheet'!$B$5:$B$234,'Master Budget'!G98) -> 0 | M98: =_xlfn.XLOOKUP(G98,'Budget Worksheet'!$B$5:$B$234,'Budget Worksheet'!$N$5:$N$234,0) -> 6500 | N98: =_xlfn.XLOOKUP(G98,'Budget Worksheet'!$B$5:$B$234,'Budget Worksheet'!$P$5:$P$234,0) -> 0 | O98: =_xlfn.XLOOKUP(G98,'Budget Worksheet'!$B$4:$B$234,'Budget Worksheet'!$S$4:$S$234,0) -> 0 | P98: =_xlfn.XLOOKUP(G98,'Budget Worksheet'!$B$4:$B$234,'Budget Worksheet'!$U$4:$U$234,0) -> 0 | Q98: =MATCH(G98,'Budget Worksheet'!$B$5:$B$234,0) -> 44 | R98: =SUM(I98:N98) -> 19500
A99: 95 | B99: E | C99: =LEFT(G99,2) -> 20 | D99: 970 | E99: Debt Principle Payments | F99: =D99&" "&E99 -> 970 Debt Principle Payments | G99: 20-45-672 | H99: Station Expansion Bond | I99: 0 | J99: =SUMIFS('Budget Worksheet'!$J$5:$J$234,'Budget Worksheet'!$B$5:$B$234,'Master Budget'!G99) -> 0 | L99: =SUMIFS('Budget Worksheet'!$L$5:$L$234,'Budget Worksheet'!$B$5:$B$234,'Master Budget'!G99) -> 0 | M99: =_xlfn.XLOOKUP(G99,'Budget Worksheet'!$B$5:$B$234,'Budget Worksheet'!$N$5:$N$234,0) -> 0 | N99: =_xlfn.XLOOKUP(G99,'Budget Worksheet'!$B$5:$B$234,'Budget Worksheet'!$P$5:$P$234,0) -> 0 | O99: =_xlfn.XLOOKUP(G99,'Budget Worksheet'!$B$4:$B$234,'Budget Worksheet'!$S$4:$S$234,0) -> 20552 | P99: =_xlfn.XLOOKUP(G99,'Budget Worksheet'!$B$4:$B$234,'Budget Worksheet'!$U$4:$U$234,0) -> 21531.4 | Q99: =MATCH(G99,'Budget Worksheet'!$B$5:$B$234,0) -> 45 | R99: =SUM(I99:N99) -> 0
A100: 96 | B100: E | C100: =LEFT(G100,2) -> 20 | D100: 620 | E100: Interest Expense | F100: =D100&" "&E100 -> 620 Interest Expense | G100: 20-45-674 | H100: Interest Expense | I100: 9000 | J100: =SUMIFS('Budget Worksheet'!$J$5:$J$234,'Budget Worksheet'!$B$5:$B$234,'Master Budget'!G100) -> 9000 | K100: =_xlfn.XLOOKUP(G100,'Budget Worksheet'!$B$5:$B$234,'Budget Worksheet'!$G$5:$G$234,0) -> 0 | L100: =SUMIFS('Budget Worksheet'!$L$5:$L$234,'Budget Worksheet'!$B$5:$B$234,'Master Budget'!G100) -> 9000 | M100: =_xlfn.XLOOKUP(G100,'Budget Worksheet'!$B$5:$B$234,'Budget Worksheet'!$N$5:$N$234,0) -> 9000 | N100: =_xlfn.XLOOKUP(G100,'Budget Worksheet'!$B$5:$B$234,'Budget Worksheet'!$P$5:$P$234,0) -> 9000 | O100: =_xlfn.XLOOKUP(G100,'Budget Worksheet'!$B$4:$B$234,'Budget Worksheet'!$S$4:$S$234,0) -> 3918.49 | P100: =_xlfn.XLOOKUP(G100,'Budget Worksheet'!$B$4:$B$234,'Budget Worksheet'!$U$4:$U$234,0) -> 2939.1 | Q100: =MATCH(G100,'Budget Worksheet'!$B$5:$B$234,0) -> 46 | R100: =SUM(I100:N100) -> 45000
A101: 97 | B101: E | C101: =LEFT(G101,2) -> 20 | D101: 200 | E101: General and Administrative | F101: =D101&" "&E101 -> 200 General and Administrative | G101: 20-45-675 | H101: Bank Fees/CC Processing Fees | I101: 10000 | J101: =SUMIFS('Budget Worksheet'!$J$5:$J$234,'Budget Worksheet'!$B$5:$B$234,'Master Budget'!G101) -> 11000 | K101: =_xlfn.XLOOKUP(G101,'Budget Worksheet'!$B$5:$B$234,'Budget Worksheet'!$G$5:$G$234,0) -> 10611.051 | L101: =SUMIFS('Budget Worksheet'!$L$5:$L$234,'Budget Worksheet'!$B$5:$B$234,'Master Budget'!G101) -> 10000 | M101: =_xlfn.XLOOKUP(G101,'Budget Worksheet'!$B$5:$B$234,'Budget Worksheet'!$N$5:$N$234,0) -> 11500 | N101: =_xlfn.XLOOKUP(G101,'Budget Worksheet'!$B$5:$B$234,'Budget Worksheet'!$P$5:$P$234,0) -> 11500 | O101: =_xlfn.XLOOKUP(G101,'Budget Worksheet'!$B$4:$B$234,'Budget Worksheet'!$S$4:$S$234,0) -> 11500 | P101: =_xlfn.XLOOKUP(G101,'Budget Worksheet'!$B$4:$B$234,'Budget Worksheet'!$U$4:$U$234,0) -> 11500 | Q101: =MATCH(G101,'Budget Worksheet'!$B$5:$B$234,0) -> 47 | R101: =SUM(I101:N101) -> 64611.051
A102: 98 | B102: E | C102: =LEFT(G102,2) -> 20 | D102: 200 | E102: General and Administrative | F102: =D102&" "&E102 -> 200 General and Administrative | G102: 20-45-677 | H102: Travel/Conf/Meals | I102: 4500 | J102: =SUMIFS('Budget Worksheet'!$J$5:$J$234,'Budget Worksheet'!$B$5:$B$234,'Master Budget'!G102) -> 4500 | K102: =_xlfn.XLOOKUP(G102,'Budget Worksheet'!$B$5:$B$234,'Budget Worksheet'!$G$5:$G$234,0) -> 273.54857 | L102: =SUMIFS('Budget Worksheet'!$L$5:$L$234,'Budget Worksheet'!$B$5:$B$234,'Master Budget'!G102) -> 4500 | M102: =_xlfn.XLOOKUP(G102,'Budget Worksheet'!$B$5:$B$234,'Budget Worksheet'!$N$5:$N$234,0) -> 4500 | N102: =_xlfn.XLOOKUP(G102,'Budget Worksheet'!$B$5:$B$234,'Budget Worksheet'!$P$5:$P$234,0) -> 4500 | O102: =_xlfn.XLOOKUP(G102,'Budget Worksheet'!$B$4:$B$234,'Budget Worksheet'!$S$4:$S$234,0) -> 4500 | P102: =_xlfn.XLOOKUP(G102,'Budget Worksheet'!$B$4:$B$234,'Budget Worksheet'!$U$4:$U$234,0) -> 4500 | Q102: =MATCH(G102,'Budget Worksheet'!$B$5:$B$234,0) -> 48 | R102: =SUM(I102:N102) -> 22773.549
A103: 99 | B103: E | C103: =LEFT(G103,2) -> 20 | D103: 200 | E103: General and Administrative | F103: =D103&" "&E103 -> 200 General and Administrative | G103: 20-45-678 | H103: Meals | I103: 0 | J103: =SUMIFS('Budget Worksheet'!$J$5:$J$234,'Budget Worksheet'!$B$5:$B$234,'Master Budget'!G103) -> 0 | L103: =SUMIFS('Budget Worksheet'!$L$5:$L$234,'Budget Worksheet'!$B$5:$B$234,'Master Budget'!G103) -> 0 | M103: =_xlfn.XLOOKUP(G103,'Budget Worksheet'!$B$5:$B$234,'Budget Worksheet'!$N$5:$N$234,0) -> 0 | N103: =_xlfn.XLOOKUP(G103,'Budget Worksheet'!$B$5:$B$234,'Budget Worksheet'!$P$5:$P$234,0) -> 0 | O103: =_xlfn.XLOOKUP(G103,'Budget Worksheet'!$B$4:$B$234,'Budget Worksheet'!$S$4:$S$234,0) -> 0 | P103: =_xlfn.XLOOKUP(G103,'Budget Worksheet'!$B$4:$B$234,'Budget Worksheet'!$U$4:$U$234,0) -> 0 | Q103: =MATCH(G103,'Budget Worksheet'!$B$5:$B$234,0) -> #N/A | R103: =SUM(I103:N103) -> 0
A104: 100 | B104: E | C104: =LEFT(G104,2) -> 20 | D104: 200 | E104: General and Administrative | F104: =D104&" "&E104 -> 200 General and Administrative | G104: 20-45-680 | H104: Collections Expense | I104: 0 | J104: =SUMIFS('Budget Worksheet'!$J$5:$J$234,'Budget Worksheet'!$B$5:$B$234,'Master Budget'!G104) -> 0 | L104: =SUMIFS('Budget Worksheet'!$L$5:$L$234,'Budget Worksheet'!$B$5:$B$234,'Master Budget'!G104) -> 0 | M104: =_xlfn.XLOOKUP(G104,'Budget Worksheet'!$B$5:$B$234,'Budget Worksheet'!$N$5:$N$234,0) -> 0 | N104: =_xlfn.XLOOKUP(G104,'Budget Worksheet'!$B$5:$B$234,'Budget Worksheet'!$P$5:$P$234,0) -> 0 | O104: =_xlfn.XLOOKUP(G104,'Budget Worksheet'!$B$4:$B$234,'Budget Worksheet'!$S$4:$S$234,0) -> 0 | P104: =_xlfn.XLOOKUP(G104,'Budget Worksheet'!$B$4:$B$234,'Budget Worksheet'!$U$4:$U$234,0) -> 0 | Q104: =MATCH(G104,'Budget Worksheet'!$B$5:$B$234,0) -> #N/A | R104: =SUM(I104:N104) -> 0
A105: 101 | B105: E | C105: =LEFT(G105,2) -> 20 | D105: 200 | E105: General and Administrative | F105: =D105&" "&E105 -> 200 General and Administrative | G105: 20-45-681 | H105: Training | I105: 6000 | J105: =SUMIFS('Budget Worksheet'!$J$5:$J$234,'Budget Worksheet'!$B$5:$B$234,'Master Budget'!G105) -> 9300 | K105: =_xlfn.XLOOKUP(G105,'Budget Worksheet'!$B$5:$B$234,'Budget Worksheet'!$G$5:$G$234,0) -> 11778.291 | L105: =SUMIFS('Budget Worksheet'!$L$5:$L$234,'Budget Worksheet'!$B$5:$B$234,'Master Budget'!G105) -> 8000 | M105: =_xlfn.XLOOKUP(G105,'Budget Worksheet'!$B$5:$B$234,'Budget Worksheet'!$N$5:$N$234,0) -> 9500 | N105: =_xlfn.XLOOKUP(G105,'Budget Worksheet'!$B$5:$B$234,'Budget Worksheet'!$P$5:$P$234,0) -> 11000 | O105: =_xlfn.XLOOKUP(G105,'Budget Worksheet'!$B$4:$B$234,'Budget Worksheet'!$S$4:$S$234,0) -> 11000 | P105: =_xlfn.XLOOKUP(G105,'Budget Worksheet'!$B$4:$B$234,'Budget Worksheet'!$U$4:$U$234,0) -> 11000 | Q105: =MATCH(G105,'Budget Worksheet'!$B$5:$B$234,0) -> 49 | R105: =SUM(I105:N105) -> 55578.291
A106: 102 | B106: E | C106: =LEFT(G106,2) -> 20 | D106: 200 | E106: General and Administrative | F106: =D106&" "&E106 -> 200 General and Administrative | G106: 20-45-682 | H106: Grant Recruitment/Retention | I106: 5000 | J106: =SUMIFS('Budget Worksheet'!$J$5:$J$234,'Budget Worksheet'!$B$5:$B$234,'Master Budget'!G106) -> 5000 | K106: =_xlfn.XLOOKUP(G106,'Budget Worksheet'!$B$5:$B$234,'Budget Worksheet'!$G$5:$G$234,0) -> 0 | L106: =SUMIFS('Budget Worksheet'!$L$5:$L$234,'Budget Worksheet'!$B$5:$B$234,'Master Budget'!G106) -> 5000 | M106: =_xlfn.XLOOKUP(G106,'Budget Worksheet'!$B$5:$B$234,'Budget Worksheet'!$N$5:$N$234,0) -> 5000 | N106: =_xlfn.XLOOKUP(G106,'Budget Worksheet'!$B$5:$B$234,'Budget Worksheet'!$P$5:$P$234,0) -> 2000 | O106: =_xlfn.XLOOKUP(G106,'Budget Worksheet'!$B$4:$B$234,'Budget Worksheet'!$S$4:$S$234,0) -> 2000 | P106: =_xlfn.XLOOKUP(G106,'Budget Worksheet'!$B$4:$B$234,'Budget Worksheet'!$U$4:$U$234,0) -> 2000 | Q106: =MATCH(G106,'Budget Worksheet'!$B$5:$B$234,0) -> 50 | R106: =SUM(I106:N106) -> 22000
A107: 103 | B107: E | C107: =LEFT(G107,2) -> 20 | D107: 200 | E107: General and Administrative | F107: =D107&" "&E107 -> 200 General and Administrative | G107: 20-45-683 | H107: License & Certification | I107: 2000 | J107: =SUMIFS('Budget Worksheet'!$J$5:$J$234,'Budget Worksheet'!$B$5:$B$234,'Master Budget'!G107) -> 2000 | K107: =_xlfn.XLOOKUP(G107,'Budget Worksheet'!$B$5:$B$234,'Budget Worksheet'!$G$5:$G$234,0) -> 1156.7829 | L107: =SUMIFS('Budget Worksheet'!$L$5:$L$234,'Budget Worksheet'!$B$5:$B$234,'Master Budget'!G107) -> 2000 | M107: =_xlfn.XLOOKUP(G107,'Budget Worksheet'!$B$5:$B$234,'Budget Worksheet'!$N$5:$N$234,0) -> 1000 | N107: =_xlfn.XLOOKUP(G107,'Budget Worksheet'!$B$5:$B$234,'Budget Worksheet'!$P$5:$P$234,0) -> 2000 | O107: =_xlfn.XLOOKUP(G107,'Budget Worksheet'!$B$4:$B$234,'Budget Worksheet'!$S$4:$S$234,0) -> 2000 | P107: =_xlfn.XLOOKUP(G107,'Budget Worksheet'!$B$4:$B$234,'Budget Worksheet'!$U$4:$U$234,0) -> 2000 | Q107: =MATCH(G107,'Budget Worksheet'!$B$5:$B$234,0) -> 51 | R107: =SUM(I107:N107) -> 10156.783
A108: 104 | B108: E | C108: =LEFT(G108,2) -> 20 | D108: 200 | E108: General and Administrative | F108: =D108&" "&E108 -> 200 General and Administrative | G108: 20-45-685 | H108: Fund Raising | I108: 0 | J108: =SUMIFS('Budget Worksheet'!$J$5:$J$234,'Budget Worksheet'!$B$5:$B$234,'Master Budget'!G108) -> 2400 | K108: =_xlfn.XLOOKUP(G108,'Budget Worksheet'!$B$5:$B$234,'Budget Worksheet'!$G$5:$G$234,0) -> 5762.3657 | L108: =SUMIFS('Budget Worksheet'!$L$5:$L$234,'Budget Worksheet'!$B$5:$B$234,'Master Budget'!G108) -> 0 | M108: =_xlfn.XLOOKUP(G108,'Budget Worksheet'!$B$5:$B$234,'Budget Worksheet'!$N$5:$N$234,0) -> 1200 | N108: =_xlfn.XLOOKUP(G108,'Budget Worksheet'!$B$5:$B$234,'Budget Worksheet'!$P$5:$P$234,0) -> 1000 | O108: =_xlfn.XLOOKUP(G108,'Budget Worksheet'!$B$4:$B$234,'Budget Worksheet'!$S$4:$S$234,0) -> 5000 | P108: =_xlfn.XLOOKUP(G108,'Budget Worksheet'!$B$4:$B$234,'Budget Worksheet'!$U$4:$U$234,0) -> 2500 | Q108: =MATCH(G108,'Budget Worksheet'!$B$5:$B$234,0) -> 52 | R108: =SUM(I108:N108) -> 10362.366
A109: 105 | B109: E | C109: =LEFT(G109,2) -> 20 | D109: 200 | E109: General and Administrative | F109: =D109&" "&E109 -> 200 General and Administrative | G109: 20-45-687 | H109: Evacuation Equip & Supplies | I109: 0 | J109: =SUMIFS('Budget Worksheet'!$J$5:$J$234,'Budget Worksheet'!$B$5:$B$234,'Master Budget'!G109) -> 0 | L109: =SUMIFS('Budget Worksheet'!$L$5:$L$234,'Budget Worksheet'!$B$5:$B$234,'Master Budget'!G109) -> 0 | M109: =_xlfn.XLOOKUP(G109,'Budget Worksheet'!$B$5:$B$234,'Budget Worksheet'!$N$5:$N$234,0) -> 0 | N109: =_xlfn.XLOOKUP(G109,'Budget Worksheet'!$B$5:$B$234,'Budget Worksheet'!$P$5:$P$234,0) -> 0 | O109: =_xlfn.XLOOKUP(G109,'Budget Worksheet'!$B$4:$B$234,'Budget Worksheet'!$S$4:$S$234,0) -> 0 | P109: =_xlfn.XLOOKUP(G109,'Budget Worksheet'!$B$4:$B$234,'Budget Worksheet'!$U$4:$U$234,0) -> 0 | Q109: =MATCH(G109,'Budget Worksheet'!$B$5:$B$234,0) -> 53 | R109: =SUM(I109:N109) -> 0
A110: 106 | B110: E | C110: =LEFT(G110,2) -> 20 | D110: 700 | E110: Depreciation and Amortization | F110: =D110&" "&E110 -> 700 Depreciation and Amortization | G110: 20-45-688 | H110: Depreciation | I110: 110000 | J110: =SUMIFS('Budget Worksheet'!$J$5:$J$234,'Budget Worksheet'!$B$5:$B$234,'Master Budget'!G110) -> 110000 | K110: =_xlfn.XLOOKUP(G110,'Budget Worksheet'!$B$5:$B$234,'Budget Worksheet'!$G$5:$G$234,0) -> 79740.857 | L110: =SUMIFS('Budget Worksheet'!$L$5:$L$234,'Budget Worksheet'!$B$5:$B$234,'Master Budget'!G110) -> 110000 | M110: =_xlfn.XLOOKUP(G110,'Budget Worksheet'!$B$5:$B$234,'Budget Worksheet'!$N$5:$N$234,0) -> 110000 | N110: =_xlfn.XLOOKUP(G110,'Budget Worksheet'!$B$5:$B$234,'Budget Worksheet'!$P$5:$P$234,0) -> 110000 | O110: =_xlfn.XLOOKUP(G110,'Budget Worksheet'!$B$4:$B$234,'Budget Worksheet'!$S$4:$S$234,0) -> 110000 | P110: =_xlfn.XLOOKUP(G110,'Budget Worksheet'!$B$4:$B$234,'Budget Worksheet'!$U$4:$U$234,0) -> 110000 | Q110: =MATCH(G110,'Budget Worksheet'!$B$5:$B$234,0) -> 54 | R110: =SUM(I110:N110) -> 629740.86
A111: 107 | B111: E | C111: =LEFT(G111,2) -> 20 | D111: 710 | E111: Capital Outlay | F111: =D111&" "&E111 -> 710 Capital Outlay | G111: 20-45-690 | H111: Capital Outlay | I111: 40000 | J111: =SUMIFS('Budget Worksheet'!$J$5:$J$234,'Budget Worksheet'!$B$5:$B$234,'Master Budget'!G111) -> 0 | K111: =_xlfn.XLOOKUP(G111,'Budget Worksheet'!$B$5:$B$234,'Budget Worksheet'!$G$5:$G$234,0) -> 0 | L111: =SUMIFS('Budget Worksheet'!$L$5:$L$234,'Budget Worksheet'!$B$5:$B$234,'Master Budget'!G111) -> 14000000 | M111: =_xlfn.XLOOKUP(G111,'Budget Worksheet'!$B$5:$B$234,'Budget Worksheet'!$N$5:$N$234,0) -> 0 | N111: =_xlfn.XLOOKUP(G111,'Budget Worksheet'!$B$5:$B$234,'Budget Worksheet'!$P$5:$P$234,0) -> 0 | O111: =_xlfn.XLOOKUP(G111,'Budget Worksheet'!$B$4:$B$234,'Budget Worksheet'!$S$4:$S$234,0) -> 0 | P111: =_xlfn.XLOOKUP(G111,'Budget Worksheet'!$B$4:$B$234,'Budget Worksheet'!$U$4:$U$234,0) -> 0 | Q111: =MATCH(G111,'Budget Worksheet'!$B$5:$B$234,0) -> 55 | R111: =SUM(I111:N111) -> 14040000
A112: 108 | B112: E | C112: =LEFT(G112,2) -> 20 | D112: 710 | E112: Capital Outlay | F112: =D112&" "&E112 -> 710 Capital Outlay | G112: 20-45-691 | H112: Capital Equipment | I112: 0 | J112: =SUMIFS('Budget Worksheet'!$J$5:$J$234,'Budget Worksheet'!$B$5:$B$234,'Master Budget'!G112) -> 40000 | K112: =_xlfn.XLOOKUP(G112,'Budget Worksheet'!$B$5:$B$234,'Budget Worksheet'!$G$5:$G$234,0) -> 0 | L112: =SUMIFS('Budget Worksheet'!$L$5:$L$234,'Budget Worksheet'!$B$5:$B$234,'Master Budget'!G112) -> 295000 | M112: =_xlfn.XLOOKUP(G112,'Budget Worksheet'!$B$5:$B$234,'Budget Worksheet'!$N$5:$N$234,0) -> 295000 | N112: =_xlfn.XLOOKUP(G112,'Budget Worksheet'!$B$5:$B$234,'Budget Worksheet'!$P$5:$P$234,0) -> 0 | O112: =_xlfn.XLOOKUP(G112,'Budget Worksheet'!$B$4:$B$234,'Budget Worksheet'!$S$4:$S$234,0) -> 0 | P112: =_xlfn.XLOOKUP(G112,'Budget Worksheet'!$B$4:$B$234,'Budget Worksheet'!$U$4:$U$234,0) -> 619000 | Q112: =MATCH(G112,'Budget Worksheet'!$B$5:$B$234,0) -> 56 | R112: =SUM(I112:N112) -> 630000
A113: 109 | B113: E | C113: =LEFT(G113,2) -> 20 | D113: 200 | E113: General and Administrative | F113: =D113&" "&E113 -> 200 General and Administrative | G113: 20-45-694 | H113: Clothing & Protective Gear | I113: 50000 | J113: =SUMIFS('Budget Worksheet'!$J$5:$J$234,'Budget Worksheet'!$B$5:$B$234,'Master Budget'!G113) -> 50000 | K113: =_xlfn.XLOOKUP(G113,'Budget Worksheet'!$B$5:$B$234,'Budget Worksheet'!$G$5:$G$234,0) -> 8633.3314 | L113: =SUMIFS('Budget Worksheet'!$L$5:$L$234,'Budget Worksheet'!$B$5:$B$234,'Master Budget'!G113) -> 50000 | M113: =_xlfn.XLOOKUP(G113,'Budget Worksheet'!$B$5:$B$234,'Budget Worksheet'!$N$5:$N$234,0) -> 25000 | N113: =_xlfn.XLOOKUP(G113,'Budget Worksheet'!$B$5:$B$234,'Budget Worksheet'!$P$5:$P$234,0) -> 40000 | O113: =_xlfn.XLOOKUP(G113,'Budget Worksheet'!$B$4:$B$234,'Budget Worksheet'!$S$4:$S$234,0) -> 20000 | P113: =_xlfn.XLOOKUP(G113,'Budget Worksheet'!$B$4:$B$234,'Budget Worksheet'!$U$4:$U$234,0) -> 20000 | Q113: =MATCH(G113,'Budget Worksheet'!$B$5:$B$234,0) -> 58 | R113: =SUM(I113:N113) -> 223633.33
A114: 110 | B114: E | C114: =LEFT(G114,2) -> 20 | D114: 200 | E114: General and Administrative | F114: =D114&" "&E114 -> 200 General and Administrative | G114: 20-45-695 | H114: Hoses | I114: 0 | J114: =SUMIFS('Budget Worksheet'!$J$5:$J$234,'Budget Worksheet'!$B$5:$B$234,'Master Budget'!G114) -> 0 | L114: =SUMIFS('Budget Worksheet'!$L$5:$L$234,'Budget Worksheet'!$B$5:$B$234,'Master Budget'!G114) -> 0 | M114: =_xlfn.XLOOKUP(G114,'Budget Worksheet'!$B$5:$B$234,'Budget Worksheet'!$N$5:$N$234,0) -> 0 | N114: =_xlfn.XLOOKUP(G114,'Budget Worksheet'!$B$5:$B$234,'Budget Worksheet'!$P$5:$P$234,0) -> 0 | O114: =_xlfn.XLOOKUP(G114,'Budget Worksheet'!$B$4:$B$234,'Budget Worksheet'!$S$4:$S$234,0) -> 0 | P114: =_xlfn.XLOOKUP(G114,'Budget Worksheet'!$B$4:$B$234,'Budget Worksheet'!$U$4:$U$234,0) -> 0 | Q114: =MATCH(G114,'Budget Worksheet'!$B$5:$B$234,0) -> #N/A | R114: =SUM(I114:N114) -> 0
A115: 111 | B115: E | C115: =LEFT(G115,2) -> 20 | D115: 200 | E115: General and Administrative | F115: =D115&" "&E115 -> 200 General and Administrative | G115: 20-45-696 | H115: Radios & Pagers | I115: 40000 | J115: =SUMIFS('Budget Worksheet'!$J$5:$J$234,'Budget Worksheet'!$B$5:$B$234,'Master Budget'!G115) -> 40000 | K115: =_xlfn.XLOOKUP(G115,'Budget Worksheet'!$B$5:$B$234,'Budget Worksheet'!$G$5:$G$234,0) -> 32892.48 | L115: =SUMIFS('Budget Worksheet'!$L$5:$L$234,'Budget Worksheet'!$B$5:$B$234,'Master Budget'!G115) -> 40000 | M115: =_xlfn.XLOOKUP(G115,'Budget Worksheet'!$B$5:$B$234,'Budget Worksheet'!$N$5:$N$234,0) -> 40000 | N115: =_xlfn.XLOOKUP(G115,'Budget Worksheet'!$B$5:$B$234,'Budget Worksheet'!$P$5:$P$234,0) -> 25000 | O115: =_xlfn.XLOOKUP(G115,'Budget Worksheet'!$B$4:$B$234,'Budget Worksheet'!$S$4:$S$234,0) -> 25000 | P115: =_xlfn.XLOOKUP(G115,'Budget Worksheet'!$B$4:$B$234,'Budget Worksheet'!$U$4:$U$234,0) -> 15000 | Q115: =MATCH(G115,'Budget Worksheet'!$B$5:$B$234,0) -> 59 | R115: =SUM(I115:N115) -> 217892.48
...

Sheet Budget Worksheet
B1: NFSSD | F1: Month | G1: 7 | H1: =SUM(H5:H234) -> 712533.26 | J1: =SUM(J5:J234) -> 1022490 | L1: =SUM(L5:L234) -> 18133160 | N1: =SUM(N5:N234) -> -1069270.7 | P1: =SUM(P5:P234) -> 3320992.4 | S1: =SUM(S5:S234) -> 3703478.3 | U1: =SUM(U5:U234) -> 2597661.9
B2: Budget Worksheet | I2: Change | K2: Change | M2: Change | O2: Change | Q2: Change | T2: Change | V2: Change
D3: Grouping | E3: Prior Year | F3: YTD | G3: YTD | H3: 2024 | I3: Annualized | J3: 2024 | K3: Adopted | L3: 2025 | M3: 24 Amended | N3: 2025 | O3: 25 Adopted | P3: 2026 | Q3: 24 Amended | S3: 2026 | T3: 26 Projected | U3: 2027 | V3: 26 Projected
A4: No | B4: Account | C4: Account Name | D4: Code | E4: 2023 Amount | F4: ='Data (TB)'!B2 -> 45930 | G4: Annualized | H4: Adopted | I4: to Adoped | J4: Amended Budget | K4: To Amended | L4: Adopted | M4: to 25 Proposed | N4: Amended | O4: to 25 Amended | P4: Proposed | Q4: to 25 Proposed | R4: 2026 Projection | S4: Amended | T4: to 26 Amended | U4: Proposed | V4: to 27 Proposed | X4: Match
A5: 1 | B5: 20-30-200 | C5: Fire Response | D5: =_xlfn.XLOOKUP(B5,'Master Budget'!$G$4:$G$210,'Master Budget'!$D$4:$D$210,0) -> 30 | X5: =MATCH(B5,'Master Budget'!$G$4:$G$360,0) -> 48
A6: 2 | B6: 20-30-400 | C6: Fire Fees | D6: =_xlfn.XLOOKUP(B6,'Master Budget'!$G$4:$G$210,'Master Budget'!$D$4:$D$210,0) -> 30 | E6: -744735.14 | F6: =SUMIFS('Data (TB)'!$E$6:$E$524,'Data (TB)'!$A$6:$A$524,'Budget Worksheet'!B6) -> -729867.04 | G6: =F6/$G$1*12 -> -1251200.6 | H6: -815780 | I6: =-H6+G6 -> -435420.64 | J6: -815780 | K6: =ROUND(H6-J6,0) -> 0 | L6: -815780 | M6: =J6-L6 -> 0 | N6: -815780 | O6: =L6-N6 -> 0 | P6: -898000 | Q6: =L6-P6 -> 82220 | R6: =_xlfn.XLOOKUP(B6,'Data (TB)'!$A$6:$A$554,'Data (TB)'!$E$6:$E$554,0)/'Data (TB)'!$C$2*12 -> -973156.05 | S6: =-SUMIFS(Dave!$G$5:$G$152,Dave!$A$5:$A$152,B6) -> -898000 | T6: =ABS(S6)-ABS(R6) -> -75156.053 | U6: =-SUMIFS(Dave!$H$5:$H$152,Dave!$A$5:$A$152,B6) -> -933078.32 | V6: =R6-U6 -> -40077.733 | X6: =MATCH(B6,'Master Budget'!$G$4:$G$360,0) -> 49
A7: 3 | B7: 20-30-410 | C7: Fire/EMS Grants | D7: =_xlfn.XLOOKUP(B7,'Master Budget'!$G$4:$G$210,'Master Budget'!$D$4:$D$210,0) -> 70 | E7: -106607 | F7: =SUMIFS('Data (TB)'!$E$6:$E$524,'Data (TB)'!$A$6:$A$524,'Budget Worksheet'!B7) -> -3449 | G7: =F7/$G$1*12 -> -5912.5714 | H7: -20000 | I7: =-H7+G7 -> 14087.429 | J7: -107000 | K7: =ROUND(H7-J7,0) -> 87000 | L7: -107000 | M7: =J7-L7 -> 0 | N7: -107000 | O7: =L7-N7 -> 0 | P7: -100000 | Q7: =L7-P7 -> -7000 | R7: =_xlfn.XLOOKUP(B7,'Data (TB)'!$A$6:$A$554,'Data (TB)'!$E$6:$E$554,0)/'Data (TB)'!$C$2*12 -> -4598.6667 | S7: =-SUMIFS(Dave!$G$5:$G$152,Dave!$A$5:$A$152,B7) -> -100000 | T7: =ABS(S7)-ABS(R7) -> 95401.333 | U7: =-SUMIFS(Dave!$H$5:$H$152,Dave!$A$5:$A$152,B7) -> -55250 | V7: =R7-U7 -> 50651.333 | X7: =MATCH(B7,'Master Budget'!$G$4:$G$360,0) -> 50
A8: 4 | B8: 20-30-425 | C8: Ambulance Income | D8: =_xlfn.XLOOKUP(B8,'Master Budget'!$G$4:$G$210,'Master Budget'!$D$4:$D$210,0) -> 30 | E8: -131321.29 | F8: =SUMIFS('Data (TB)'!$E$6:$E$524,'Data (TB)'!$A$6:$A$524,'Budget Worksheet'!B8) -> -64465.95 | G8: =F8/$G$1*12 -> -110513.06 | H8: -135000 | I8: =-H8+G8 -> 24486.943 | J8: -135000 | K8: =ROUND(H8-J8,0) -> 0 | L8: -135000 | M8: =J8-L8 -> 0 | N8: -135000 | O8: =L8-N8 -> 0 | P8: -140000 | Q8: =L8-P8 -> 5000 | R8: =_xlfn.XLOOKUP(B8,'Data (TB)'!$A$6:$A$554,'Data (TB)'!$E$6:$E$554,0)/'Data (TB)'!$C$2*12 -> -85954.6 | S8: =-SUMIFS(Dave!$G$5:$G$152,Dave!$A$5:$A$152,B8) -> -140000 | T8: =ABS(S8)-ABS(R8) -> 54045.4 | U8: =-SUMIFS(Dave!$H$5:$H$152,Dave!$A$5:$A$152,B8) -> -156000 | V8: =R8-U8 -> 70045.4 | X8: =MATCH(B8,'Master Budget'!$G$4:$G$360,0) -> 51
A9: 5 | B9: 20-30-470 | C9: Interest & Finance Charges | D9: =_xlfn.XLOOKUP(B9,'Master Budget'!$G$4:$G$210,'Master Budget'!$D$4:$D$210,0) -> 960 | E9: -10076.01 | F9: =SUMIFS('Data (TB)'!$E$6:$E$524,'Data (TB)'!$A$6:$A$524,'Budget Worksheet'!B9) -> -3247.73 | G9: =F9/$G$1*12 -> -5567.5371 | H9: -14000 | I9: =-H9+G9 -> 8432.4629 | J9: -14000 | K9: =ROUND(H9-J9,0) -> 0 | L9: -14000 | M9: =J9-L9 -> 0 | N9: -14000 | O9: =L9-N9 -> 0 | P9: -14000 | Q9: =L9-P9 -> 0 | R9: =_xlfn.XLOOKUP(B9,'Data (TB)'!$A$6:$A$554,'Data (TB)'!$E$6:$E$554,0)/'Data (TB)'!$C$2*12 -> -4330.3067 | S9: =-SUMIFS(Dave!$G$5:$G$152,Dave!$A$5:$A$152,B9) -> -14000 | T9: =ABS(S9)-ABS(R9) -> 9669.6933 | U9: =-SUMIFS(Dave!$H$5:$H$152,Dave!$A$5:$A$152,B9) -> -9000 | V9: =R9-U9 -> 4669.6933 | X9: =MATCH(B9,'Master Budget'!$G$4:$G$360,0) -> 52
A10: 6 | B10: 20-30-475 | C10: Other Income | D10: =_xlfn.XLOOKUP(B10,'Master Budget'!$G$4:$G$210,'Master Budget'!$D$4:$D$210,0) -> 40 | E10: -3143.5 | F10: =SUMIFS('Data (TB)'!$E$6:$E$524,'Data (TB)'!$A$6:$A$524,'Budget Worksheet'!B10) -> 0 | G10: =F10/$G$1*12 -> 0 | H10: -1000 | I10: =-H10+G10 -> 1000 | J10: -1300 | K10: =ROUND(H10-J10,0) -> 300 | L10: -1300 | M10: =J10-L10 -> 0 | N10: -1300 | O10: =L10-N10 -> 0 | P10: -1300 | Q10: =L10-P10 -> 0 | R10: =_xlfn.XLOOKUP(B10,'Data (TB)'!$A$6:$A$554,'Data (TB)'!$E$6:$E$554,0)/'Data (TB)'!$C$2*12 -> 0 | S10: =-SUMIFS(Dave!$G$5:$G$152,Dave!$A$5:$A$152,B10) -> -1300 | T10: =ABS(S10)-ABS(R10) -> 1300 | U10: =-SUMIFS(Dave!$H$5:$H$152,Dave!$A$5:$A$152,B10) -> -1300 | V10: =R10-U10 -> 1300 | X10: =MATCH(B10,'Master Budget'!$G$4:$G$360,0) -> 53
A11: 7 | B11: 20-30-500 | C11: Property Tax Income | D11: =_xlfn.XLOOKUP(B11,'Master Budget'!$G$4:$G$210,'Master Budget'!$D$4:$D$210,0) -> 950 | E11: -87846.42 | F11: =SUMIFS('Data (TB)'!$E$6:$E$524,'Data (TB)'!$A$6:$A$524,'Budget Worksheet'!B11) -> -6902.11 | G11: =F11/$G$1*12 -> -11832.189 | H11: -85000 | I11: =-H11+G11 -> 73167.811 | J11: -85000 | K11: =ROUND(H11-J11,0) -> 0 | L11: -85000 | M11: =J11-L11 -> 0 | N11: -85000 | O11: =L11-N11 -> 0 | P11: -85000 | Q11: =L11-P11 -> 0 | R11: =_xlfn.XLOOKUP(B11,'Data (TB)'!$A$6:$A$554,'Data (TB)'!$E$6:$E$554,0)/'Data (TB)'!$C$2*12 -> -9202.8133 | S11: =-SUMIFS(Dave!$G$5:$G$152,Dave!$A$5:$A$152,B11) -> -85000 | T11: =ABS(S11)-ABS(R11) -> 75797.187 | U11: =-SUMIFS(Dave!$H$5:$H$152,Dave!$A$5:$A$152,B11) -> -85000 | V11: =R11-U11 -> 75797.187 | X11: =MATCH(B11,'Master Budget'!$G$4:$G$360,0) -> 54
A12: 8 | B12: 20-30-505 | C12: Interest on Investments | D12: =_xlfn.XLOOKUP(B12,'Master Budget'!$G$4:$G$210,'Master Budget'!$D$4:$D$210,0) -> 960 | E12: -7510 | F12: =SUMIFS('Data (TB)'!$E$6:$E$524,'Data (TB)'!$A$6:$A$524,'Budget Worksheet'!B12) -> -25238.14 | G12: =F12/$G$1*12 -> -43265.383 | H12: -5000 | I12: =-H12+G12 -> -38265.383 | J12: -25000 | K12: =ROUND(H12-J12,0) -> 20000 | L12: -25000 | M12: =J12-L12 -> 0 | N12: -25000 | O12: =L12-N12 -> 0 | P12: -25000 | Q12: =L12-P12 -> 0 | R12: =_xlfn.XLOOKUP(B12,'Data (TB)'!$A$6:$A$554,'Data (TB)'!$E$6:$E$554,0)/'Data (TB)'!$C$2*12 -> -33650.853 | S12: =-SUMIFS(Dave!$G$5:$G$152,Dave!$A$5:$A$152,B12) -> -25000 | T12: =ABS(S12)-ABS(R12) -> -8650.8533 | U12: =-SUMIFS(Dave!$H$5:$H$152,Dave!$A$5:$A$152,B12) -> -31000 | V12: =R12-U12 -> -2650.8533 | X12: =MATCH(B12,'Master Budget'!$G$4:$G$360,0) -> 55
A13: 9 | B13: 20-30-510 | C13: Donations and Fund Raising | D13: =_xlfn.XLOOKUP(B13,'Master Budget'!$G$4:$G$210,'Master Budget'!$D$4:$D$210,0) -> 60 | E13: -22306.5 | F13: =SUMIFS('Data (TB)'!$E$6:$E$524,'Data (TB)'!$A$6:$A$524,'Budget Worksheet'!B13) -> -12514.72 | G13: =F13/$G$1*12 -> -21453.806 | H13: -15000 | I13: =-H13+G13 -> -6453.8057 | J13: -15000 | K13: =ROUND(H13-J13,0) -> 0 | L13: -15000 | M13: =J13-L13 -> 0 | N13: -15000 | O13: =L13-N13 -> 0 | P13: -15000 | Q13: =L13-P13 -> 0 | R13: =_xlfn.XLOOKUP(B13,'Data (TB)'!$A$6:$A$554,'Data (TB)'!$E$6:$E$554,0)/'Data (TB)'!$C$2*12 -> -16686.293 | S13: =-SUMIFS(Dave!$G$5:$G$152,Dave!$A$5:$A$152,B13) -> -15000 | T13: =ABS(S13)-ABS(R13) -> -1686.2933 | U13: =-SUMIFS(Dave!$H$5:$H$152,Dave!$A$5:$A$152,B13) -> -15000 | V13: =R13-U13 -> -1686.2933 | X13: =MATCH(B13,'Master Budget'!$G$4:$G$360,0) -> 56
A14: 10 | B14: 20-30-520 | C14: Contract Fees-Utah County | D14: =_xlfn.XLOOKUP(B14,'Master Budget'!$G$4:$G$210,'Master Budget'!$D$4:$D$210,0) -> 30 | E14: -57514.03 | F14: =SUMIFS('Data (TB)'!$E$6:$E$524,'Data (TB)'!$A$6:$A$524,'Budget Worksheet'!B14) -> -88636.21 | G14: =F14/$G$1*12 -> -151947.79 | H14: -80000 | I14: =-H14+G14 -> -71947.789 | J14: -80000 | K14: =ROUND(H14-J14,0) -> 0 | L14: -80000 | M14: =J14-L14 -> 0 | N14: -80000 | O14: =L14-N14 -> 0 | P14: -80000 | Q14: =L14-P14 -> 0 | R14: =_xlfn.XLOOKUP(B14,'Data (TB)'!$A$6:$A$554,'Data (TB)'!$E$6:$E$554,0)/'Data (TB)'!$C$2*12 -> -118181.61 | S14: =-SUMIFS(Dave!$G$5:$G$152,Dave!$A$5:$A$152,B14) -> -88000 | T14: =ABS(S14)-ABS(R14) -> -30181.613 | U14: =-SUMIFS(Dave!$H$5:$H$152,Dave!$A$5:$A$152,B14) -> -100000 | V14: =R14-U14 -> -18181.613 | X14: =MATCH(B14,'Master Budget'!$G$4:$G$360,0) -> 57
A15: 12 | B15: 20-45-600 | C15: Salaries & Wages | D15: =_xlfn.XLOOKUP(B15,'Master Budget'!$G$4:$G$210,'Master Budget'!$D$4:$D$210,0) -> 100 | E15: 481209.98 | F15: =SUMIFS('Data (TB)'!$E$6:$E$524,'Data (TB)'!$A$6:$A$524,'Budget Worksheet'!B15) -> 581541.52 | G15: =F15/$G$1*12 -> 996928.32 | H15: 652549.87 | I15: =-H15+G15 -> 344378.45 | J15: 652549.87 | K15: =ROUND(H15-J15,0) -> 0 | L15: 746500 | M15: =J15-L15 -> -93950.13 | N15: 652549.87 | O15: =L15-N15 -> 93950.13 | P15: 821625 | Q15: =L15-P15 -> -75125 | R15: =_xlfn.XLOOKUP(B15,'Data (TB)'!$A$6:$A$554,'Data (TB)'!$E$6:$E$554,0)/'Data (TB)'!$C$2*12 -> 775388.69 | S15: =SUMIFS(Dave!$G$5:$G$152,Dave!$A$5:$A$152,B15) -> 821625 | T15: =ABS(S15)-ABS(R15) -> 46236.307 | U15: =SUMIFS(Dave!$H$5:$H$152,Dave!$A$5:$A$152,B15) -> 752263.29 | V15: =R15-U15 -> 23125.407 | X15: =MATCH(B15,'Master Budget'!$G$4:$G$360,0) -> 59
A16: 13 | B16: 20-45-601 | C16: Payroll Taxes | D16: =_xlfn.XLOOKUP(B16,'Master Budget'!$G$4:$G$210,'Master Budget'!$D$4:$D$210,0) -> 100 | E16: 45534.79 | F16: =SUMIFS('Data (TB)'!$E$6:$E$524,'Data (TB)'!$A$6:$A$524,'Budget Worksheet'!B16) -> 44878.22 | G16: =F16/$G$1*12 -> 76934.091 | H16: 49920.065 | I16: =-H16+G16 -> 27014.027 | J16: 49920.06 | K16: =ROUND(H16-J16,0) -> 0 | L16: 57107.25 | M16: =J16-L16 -> -7187.19 | N16: 49920.06 | O16: =L16-N16 -> 7187.19 | P16: 62854.313 | Q16: =L16-P16 -> -5747.0625 | R16: =_xlfn.XLOOKUP(B16,'Data (TB)'!$A$6:$A$554,'Data (TB)'!$E$6:$E$554,0)/'Data (TB)'!$C$2*12 -> 59837.627 | S16: =SUMIFS(Dave!$G$5:$G$152,Dave!$A$5:$A$152,B16) -> 62854.31 | T16: =ABS(S16)-ABS(R16) -> 3016.6833 | U16: =SUMIFS(Dave!$H$5:$H$152,Dave!$A$5:$A$152,B16) -> 57548.141 | V16: =R16-U16 -> 2289.4853 | X16: =MATCH(B16,'Master Budget'!$G$4:$G$360,0) -> 60
A17: 14 | B17: 20-45-602 | C17: Retirement | D17: =_xlfn.XLOOKUP(B17,'Master Budget'!$G$4:$G$210,'Master Budget'!$D$4:$D$210,0) -> 100 | E17: 3811.44 | F17: =SUMIFS('Data (TB)'!$E$6:$E$524,'Data (TB)'!$A$6:$A$524,'Budget Worksheet'!B17) -> 116958.44 | G17: =F17/$G$1*12 -> 200500.18 | H17: 101623.32 | I17: =-H17+G17 -> 98876.863 | J17: 101623.32 | K17: =ROUND(H17-J17,0) -> 0 | L17: 112500 | M17: =J17-L17 -> -10876.68 | N17: 154731.2 | O17: =L17-N17 -> -42231.2 | P17: 125685 | Q17: =L17-P17 -> -13185 | R17: =_xlfn.XLOOKUP(B17,'Data (TB)'!$A$6:$A$554,'Data (TB)'!$E$6:$E$554,0)/'Data (TB)'!$C$2*12 -> 155944.59 | S17: =SUMIFS(Dave!$G$5:$G$152,Dave!$A$5:$A$152,B17) -> 157685 | T17: =ABS(S17)-ABS(R17) -> 1740.4133 | U17: =SUMIFS(Dave!$H$5:$H$152,Dave!$A$5:$A$152,B17) -> 98664.842 | V17: =R17-U17 -> 57279.744 | X17: =MATCH(B17,'Master Budget'!$G$4:$G$360,0) -> 61
A18: 15 | B18: 20-45-603 | C18: Medical, LTD, Life, AD&D | D18: =_xlfn.XLOOKUP(B18,'Master Budget'!$G$4:$G$210,'Master Budget'!$D$4:$D$210,0) -> 100 | E18: 71725.1 | F18: =SUMIFS('Data (TB)'!$E$6:$E$524,'Data (TB)'!$A$6:$A$524,'Budget Worksheet'!B18) -> 103997.06 | G18: =F18/$G$1*12 -> 178280.67 | H18: 178874.61 | I18: =-H18+G18 -> -593.93194 | J18: 178874.61 | K18: =ROUND(H18-J18,0) -> 0 | L18: 236063.5 | M18: =J18-L18 -> -57188.89 | N18: 178874.61 | O18: =L18-N18 -> 57188.89 | P18: 277457.47 | Q18: =L18-P18 -> -41393.975 | R18: =_xlfn.XLOOKUP(B18,'Data (TB)'!$A$6:$A$554,'Data (TB)'!$E$6:$E$554,0)/'Data (TB)'!$C$2*12 -> 138662.75 | S18: =SUMIFS(Dave!$G$5:$G$152,Dave!$A$5:$A$152,B18) -> 277457.48 | T18: =ABS(S18)-ABS(R18) -> 138794.73 | U18: =SUMIFS(Dave!$H$5:$H$152,Dave!$A$5:$A$152,B18) -> 183789.54 | V18: =R18-U18 -> -45126.794 | X18: =MATCH(B18,'Master Budget'!$G$4:$G$360,0) -> 62
A19: 16 | B19: 20-45-604 | C19: Worker's Compensation | D19: =_xlfn.XLOOKUP(B19,'Master Budget'!$G$4:$G$210,'Master Budget'!$D$4:$D$210,0) -> 100 | E19: 18885.33 | F19: =SUMIFS('Data (TB)'!$E$6:$E$524,'Data (TB)'!$A$6:$A$524,'Budget Worksheet'!B19) -> 8700.55 | G19: =F19/$G$1*12 -> 14915.229 | H19: 17162.061 | I19: =-H19+G19 -> -2246.8329 | J19: 17162.06 | K19: =ROUND(H19-J19,0) -> 0 | L19: 14930 | M19: =J19-L19 -> 2232.06 | N19: 17162.06 | O19: =L19-N19 -> -2232.06 | P19: 16432.5 | Q19: =L19-P19 -> -1502.5 | R19: =_xlfn.XLOOKUP(B19,'Data (TB)'!$A$6:$A$554,'Data (TB)'!$E$6:$E$554,0)/'Data (TB)'!$C$2*12 -> 11600.733 | S19: =SUMIFS(Dave!$G$5:$G$152,Dave!$A$5:$A$152,B19) -> 16432.5 | T19: =ABS(S19)-ABS(R19) -> 4831.7667 | U19: =SUMIFS(Dave!$H$5:$H$152,Dave!$A$5:$A$152,B19) -> 15045.266 | V19: =R19-U19 -> -3444.5324 | X19: =MATCH(B19,'Master Budget'!$G$4:$G$360,0) -> 63
A20: 17 | B20: 20-45-607 | C20: Vacation/Sick/Holiday | D20: =_xlfn.XLOOKUP(B20,'Master Budget'!$G$4:$G$210,'Master Budget'!$D$4:$D$210,0) -> 100 | E20: 12000.94 | F20: =SUMIFS('Data (TB)'!$E$6:$E$524,'Data (TB)'!$A$6:$A$524,'Budget Worksheet'!B20) -> 10668.49 | G20: =F20/$G$1*12 -> 18288.84 | H20: 0 | I20: =-H20+G20 -> 18288.84 | J20: 39000 | K20: =ROUND(H20-J20,0) -> -39000 | L20: 20000 | M20: =J20-L20 -> 19000 | N20: 0 | O20: =L20-N20 -> 20000 | P20: 0 | Q20: =L20-P20 -> 20000 | R20: =_xlfn.XLOOKUP(B20,'Data (TB)'!$A$6:$A$554,'Data (TB)'!$E$6:$E$554,0)/'Data (TB)'!$C$2*12 -> 14224.653 | S20: =SUMIFS(Dave!$G$5:$G$152,Dave!$A$5:$A$152,B20) -> 0 | T20: =ABS(S20)-ABS(R20) -> -14224.653 | U20: =SUMIFS(Dave!$H$5:$H$152,Dave!$A$5:$A$152,B20) -> 0 | V20: =R20-U20 -> 14224.653 | X20: =MATCH(B20,'Master Budget'!$G$4:$G$360,0) -> 64
A21: 18 | B21: 20-45-608 | C21: Flex Plan | D21: =_xlfn.XLOOKUP(B21,'Master Budget'!$G$4:$G$210,'Master Budget'!$D$4:$D$210,0) -> 100 | E21: 102.88 | F21: =SUMIFS('Data (TB)'!$E$6:$E$524,'Data (TB)'!$A$6:$A$524,'Budget Worksheet'!B21) -> 71.68 | G21: =F21/$G$1*12 -> 122.88 | H21: 11 | I21: =-H21+G21 -> 111.88 | J21: 130 | K21: =ROUND(H21-J21,0) -> -119 | L21: 36 | M21: =J21-L21 -> 94 | N21: 57 | O21: =L21-N21 -> -21 | P21: 38.4 | Q21: =L21-P21 -> -2.4 | R21: =_xlfn.XLOOKUP(B21,'Data (TB)'!$A$6:$A$554,'Data (TB)'!$E$6:$E$554,0)/'Data (TB)'!$C$2*12 -> 95.573333 | S21: =SUMIFS(Dave!$G$5:$G$152,Dave!$A$5:$A$152,B21) -> 100 | T21: =ABS(S21)-ABS(R21) -> 4.4266667 | U21: =SUMIFS(Dave!$H$5:$H$152,Dave!$A$5:$A$152,B21) -> 38.4 | V21: =R21-U21 -> 57.173333 | X21: =MATCH(B21,'Master Budget'!$G$4:$G$360,0) -> 65
A22: 19 | B22: 20-45-609 | C22: Employee/Vol Incentives | D22: =_xlfn.XLOOKUP(B22,'Master Budget'!$G$4:$G$210,'Master Budget'!$D$4:$D$210,0) -> 100 | E22: 4000 | F22: =SUMIFS('Data (TB)'!$E$6:$E$524,'Data (TB)'!$A$6:$A$524,'Budget Worksheet'!B22) -> 634.02 | G22: =F22/$G$1*12 -> 1086.8914 | H22: 0 | I22: =-H22+G22 -> 1086.8914 | J22: 5000 | K22: =ROUND(H22-J22,0) -> -5000 | L22: 5000 | M22: =J22-L22 -> 0 | N22: 5000 | O22: =L22-N22 -> 0 | P22: 5000 | Q22: =L22-P22 -> 0 | R22: =_xlfn.XLOOKUP(B22,'Data (TB)'!$A$6:$A$554,'Data (TB)'!$E$6:$E$554,0)/'Data (TB)'!$C$2*12 -> 845.36 | S22: =SUMIFS(Dave!$G$5:$G$152,Dave!$A$5:$A$152,B22) -> 2000 | T22: =ABS(S22)-ABS(R22) -> 1154.64 | U22: =SUMIFS(Dave!$H$5:$H$152,Dave!$A$5:$A$152,B22) -> 5000 | V22: =R22-U22 -> -4154.64 | X22: =MATCH(B22,'Master Budget'!$G$4:$G$360,0) -> 66
A23: 20 | B23: 20-45-610 | C23: Volunteer Recruitment | D23: =_xlfn.XLOOKUP(B23,'Master Budget'!$G$4:$G$210,'Master Budget'!$D$4:$D$210,0) -> 100 | E23: 0 | F23: =SUMIFS('Data (TB)'!$E$6:$E$524,'Data (TB)'!$A$6:$A$524,'Budget Worksheet'!B23) -> 1105.69 | G23: =F23/$G$1*12 -> 1895.4686 | H23: 0 | I23: =-H23+G23 -> 1895.4686 | J23: 50000 | K23: =ROUND(H23-J23,0) -> -50000 | L23: 47225 | M23: =J23-L23 -> 2775 | N23: 6425 | O23: =L23-N23 -> 40800 | P23: 0 | Q23: =L23-P23 -> 47225 | R23: =_xlfn.XLOOKUP(B23,'Data (TB)'!$A$6:$A$554,'Data (TB)'!$E$6:$E$554,0)/'Data (TB)'!$C$2*12 -> 1474.2533 | S23: =SUMIFS(Dave!$G$5:$G$152,Dave!$A$5:$A$152,B23) -> 3500 | T23: =ABS(S23)-ABS(R23) -> 2025.7467 | U23: =SUMIFS(Dave!$H$5:$H$152,Dave!$A$5:$A$152,B23) -> 3500 | V23: =R23-U23 -> -2025.7467 | X23: =MATCH(B23,'Master Budget'!$G$4:$G$360,0) -> 67
A24: 21 | B24: 20-45-612 | C24: Supplies | D24: =_xlfn.XLOOKUP(B24,'Master Budget'!$G$4:$G$210,'Master Budget'!$D$4:$D$210,0) -> 200 | E24: 22146.58 | F24: =SUMIFS('Data (TB)'!$E$6:$E$524,'Data (TB)'!$A$6:$A$524,'Budget Worksheet'!B24) -> 12289.65 | G24: =F24/$G$1*12 -> 21067.971 | H24: 20000 | I24: =-H24+G24 -> 1067.9714 | J24: 20000 | K24: =ROUND(H24-J24,0) -> 0 | L24: 20000 | M24: =J24-L24 -> 0 | N24: 20000 | O24: =L24-N24 -> 0 | P24: 20000 | Q24: =L24-P24 -> 0 | R24: =_xlfn.XLOOKUP(B24,'Data (TB)'!$A$6:$A$554,'Data (TB)'!$E$6:$E$554,0)/'Data (TB)'!$C$2*12 -> 16386.2 | S24: =SUMIFS(Dave!$G$5:$G$152,Dave!$A$5:$A$152,B24) -> 20000 | T24: =ABS(S24)-ABS(R24) -> 3613.8 | U24: =SUMIFS(Dave!$H$5:$H$152,Dave!$A$5:$A$152,B24) -> 20000 | V24: =R24-U24 -> -3613.8 | X24: =MATCH(B24,'Master Budget'!$G$4:$G$360,0) -> 68
A25: 22 | B25: 20-45-614 | C25: Medical Supplies and Equipment | D25: =_xlfn.XLOOKUP(B25,'Master Budget'!$G$4:$G$210,'Master Budget'!$D$4:$D$210,0) -> 200 | E25: 10016.14 | F25: =SUMIFS('Data (TB)'!$E$6:$E$524,'Data (TB)'!$A$6:$A$524,'Budget Worksheet'!B25) -> 16269.74 | G25: =F25/$G$1*12 -> 27890.983 | H25: 10000 | I25: =-H25+G25 -> 17890.983 | J25: 21000 | K25: =ROUND(H25-J25,0) -> -11000 | L25: 20000 | M25: =J25-L25 -> 1000 | N25: 21000 | O25: =L25-N25 -> -1000 | P25: 25000 | Q25: =L25-P25 -> -5000 | R25: =_xlfn.XLOOKUP(B25,'Data (TB)'!$A$6:$A$554,'Data (TB)'!$E$6:$E$554,0)/'Data (TB)'!$C$2*12 -> 21692.987 | S25: =SUMIFS(Dave!$G$5:$G$152,Dave!$A$5:$A$152,B25) -> 25000 | T25: =ABS(S25)-ABS(R25) -> 3307.0133 | U25: =SUMIFS(Dave!$H$5:$H$152,Dave!$A$5:$A$152,B25) -> 25000 | V25: =R25-U25 -> -3307.0133 | X25: =MATCH(B25,'Master Budget'!$G$4:$G$360,0) -> 69
A26: 23 | B26: 20-45-615 | C26: Dues & Subscriptions | D26: =_xlfn.XLOOKUP(B26,'Master Budget'!$G$4:$G$210,'Master Budget'!$D$4:$D$210,0) -> 200 | E26: 16995.56 | F26: =SUMIFS('Data (TB)'!$E$6:$E$524,'Data (TB)'!$A$6:$A$524,'Budget Worksheet'!B26) -> 37018.88 | G26: =F26/$G$1*12 -> 63460.937 | H26: 22000 | I26: =-H26+G26 -> 41460.937 | J26: 24000 | K26: =ROUND(H26-J26,0) -> -2000 | L26: 22000 | M26: =J26-L26 -> 2000 | N26: 28000 | O26: =L26-N26 -> -6000 | P26: 20000 | Q26: =L26-P26 -> 2000 | R26: =_xlfn.XLOOKUP(B26,'Data (TB)'!$A$6:$A$554,'Data (TB)'!$E$6:$E$554,0)/'Data (TB)'!$C$2*12 -> 49358.507 | S26: =SUMIFS(Dave!$G$5:$G$152,Dave!$A$5:$A$152,B26) -> 45000 | T26: =ABS(S26)-ABS(R26) -> -4358.5067 | U26: =SUMIFS(Dave!$H$5:$H$152,Dave!$A$5:$A$152,B26) -> 35000 | V26: =R26-U26 -> 14358.507 | X26: =MATCH(B26,'Master Budget'!$G$4:$G$360,0) -> 70
... A33: 30 | B33: 20-45-624 | C33: UDOT Station 2 Electricity | D33: =_xlfn.XLOOKUP(B33,'Master Budget'!$G$4:$G$210,'Master Budget'!$D$4:$D$210,0) -> 200 | E33: 709 | F33: =SUMIFS('Data (TB)'!$E$6:$E$524,'Data (TB)'!$A$6:$A$524,'Budget Worksheet'!B33) -> 495.74 | G33: =F33/$G$1*12 -> 849.84 | H33: 500 | I33: =-H33+G33 -> 349.84 | J33: 500 | K33: =ROUND(H33-J33,0) -> 0 | L33: 500 | M33: =J33-L33 -> 0 | N33: 500 | O33: =L33-N33 -> 0 | P33: 500 | Q33: =L33-P33 -> 0 | R33: =_xlfn.XLOOKUP(B33,'Data (TB)'!$A$6:$A$554,'Data (TB)'!$E$6:$E$554,0)/'Data (TB)'!$C$2*12 -> 660.98667 | S33: =SUMIFS(Dave!$G$5:$G$152,Dave!$A$5:$A$152,B33) -> 758.24 | T33: =ABS(S33)-ABS(R33) -> 97.253333 | U33: =SUMIFS(Dave!$H$5:$H$152,Dave!$A$5:$A$152,B33) -> 800 | V33: =R33-U33 -> -139.01333 | X33: =MATCH(B33,'Master Budget'!$G$4:$G$360,0) -> 78
B34: 20-45-625 | C34: Special Studies | J34: 0 | L34: 0 | N34: 0 | P34: 0 | R34: =_xlfn.XLOOKUP(B34,'Data (TB)'!$A$6:$A$554,'Data (TB)'!$E$6:$E$554,0)/'Data (TB)'!$C$2*12 -> 13333.333 | S34: =SUMIFS(Dave!$G$5:$G$152,Dave!$A$5:$A$152,B34) -> 10000 | T34: =ABS(S34)-ABS(R34) -> -3333.3333 | U34: =SUMIFS(Dave!$H$5:$H$152,Dave!$A$5:$A$152,B34) -> 0 | V34: =R34-U34 -> 13333.333 | X34: =MATCH(B34,'Master Budget'!$G$4:$G$360,0) -> 79
A35: 31 | B35: 20-45-629 | C35: Utilities-Communications | D35: =_xlfn.XLOOKUP(B35,'Master Budget'!$G$4:$G$210,'Master Budget'!$D$4:$D$210,0) -> 200 | E35: 4369.94 | F35: =SUMIFS('Data (TB)'!$E$6:$E$524,'Data (TB)'!$A$6:$A$524,'Budget Worksheet'!B35) -> 6219.05 | G35: =F35/$G$1*12 -> 10661.229 | H35: 4000 | I35: =-H35+G35 -> 6661.2286 | J35: 8000 | K35: =ROUND(H35-J35,0) -> -4000 | L35: 8000 | M35: =J35-L35 -> 0 | N35: 8000 | O35: =L35-N35 -> 0 | P35: 8000 | Q35: =L35-P35 -> 0 | R35: =_xlfn.XLOOKUP(B35,'Data (TB)'!$A$6:$A$554,'Data (TB)'!$E$6:$E$554,0)/'Data (TB)'!$C$2*12 -> 8292.0667 | S35: =SUMIFS(Dave!$G$5:$G$152,Dave!$A$5:$A$152,B35) -> 10798.38 | T35: =ABS(S35)-ABS(R35) -> 2506.3133 | U35: =SUMIFS(Dave!$H$5:$H$152,Dave!$A$5:$A$152,B35) -> 11000 | V35: =R35-U35 -> -2707.9333 | X35: =MATCH(B35,'Master Budget'!$G$4:$G$360,0) -> 80
A36: 32 | B36: 20-45-630 | C36: Telephone | D36: =_xlfn.XLOOKUP(B36,'Master Budget'!$G$4:$G$210,'Master Budget'!$D$4:$D$210,0) -> 200 | E36: 0 | F36: =SUMIFS('Data (TB)'!$E$6:$E$524,'Data (TB)'!$A$6:$A$524,'Budget Worksheet'!B36) -> 0 | G36: =F36/$G$1*12 -> 0 | H36: 0 | I36: =-H36+G36 -> 0 | J36: 0 | K36: =ROUND(H36-J36,0) -> 0 | L36: 0 | M36: =J36-L36 -> 0 | N36: 0 | O36: =L36-N36 -> 0 | P36: 0 | Q36: =L36-P36 -> 0 | R36: =_xlfn.XLOOKUP(B36,'Data (TB)'!$A$6:$A$554,'Data (TB)'!$E$6:$E$554,0)/'Data (TB)'!$C$2*12 -> 0 | S36: =SUMIFS(Dave!$G$5:$G$152,Dave!$A$5:$A$152,B36) -> 0 | T36: =ABS(S36)-ABS(R36) -> 0 | U36: =SUMIFS(Dave!$H$5:$H$152,Dave!$A$5:$A$152,B36) -> 0 | V36: =R36-U36 -> 0 | X36: =MATCH(B36,'Master Budget'!$G$4:$G$360,0) -> 81
A37: 33 | B37: 20-45-632 | C37: Propane Station 2 | D37: =_xlfn.XLOOKUP(B37,'Master Budget'!$G$4:$G$210,'Master Budget'!$D$4:$D$210,0) -> 200 | E37: 2993.26 | F37: =SUMIFS('Data (TB)'!$E$6:$E$524,'Data (TB)'!$A$6:$A$524,'Budget Worksheet'!B37) -> 1447.2 | G37: =F37/$G$1*12 -> 2480.9143 | H37: 3000 | I37: =-H37+G37 -> -519.08571 | J37: 4500 | K37: =ROUND(H37-J37,0) -> -1500 | L37: 4500 | M37: =J37-L37 -> 0 | N37: 4500 | O37: =L37-N37 -> 0 | P37: 4500 | Q37: =L37-P37 -> 0 | R37: =_xlfn.XLOOKUP(B37,'Data (TB)'!$A$6:$A$554,'Data (TB)'!$E$6:$E$554,0)/'Data (TB)'!$C$2*12 -> 1929.6 | S37: =SUMIFS(Dave!$G$5:$G$152,Dave!$A$5:$A$152,B37) -> 2894.4 | T37: =ABS(S37)-ABS(R37) -> 964.8 | U37: =SUMIFS(Dave!$H$5:$H$152,Dave!$A$5:$A$152,B37) -> 3000 | V37: =R37-U37 -> -1070.4 | X37: =MATCH(B37,'Master Budget'!$G$4:$G$360,0) -> 82
A38: 34 | B38: 20-45-635 | C38: Insurance | D38: =_xlfn.XLOOKUP(B38,'Master Budget'!$G$4:$G$210,'Master Budget'!$D$4:$D$210,0) -> 200 | E38: 19467.27 | F38: =SUMIFS('Data (TB)'!$E$6:$E$524,'Data (TB)'!$A$6:$A$524,'Budget Worksheet'!B38) -> 22535.47 | G38: =F38/$G$1*12 -> 38632.234 | H38: 18000 | I38: =-H38+G38 -> 20632.234 | J38: 20000 | K38: =ROUND(H38-J38,0) -> -2000 | L38: 18000 | M38: =J38-L38 -> 2000 | N38: 40000 | O38: =L38-N38 -> -22000 | P38: 20000 | Q38: =L38-P38 -> -2000 | R38: =_xlfn.XLOOKUP(B38,'Data (TB)'!$A$6:$A$554,'Data (TB)'!$E$6:$E$554,0)/'Data (TB)'!$C$2*12 -> 30047.293 | S38: =SUMIFS(Dave!$G$5:$G$152,Dave!$A$5:$A$152,B38) -> 25000 | T38: =ABS(S38)-ABS(R38) -> -5047.2933 | U38: =SUMIFS(Dave!$H$5:$H$152,Dave!$A$5:$A$152,B38) -> 25000 | V38: =R38-U38 -> 5047.2933 | X38: =MATCH(B38,'Master Budget'!$G$4:$G$360,0) -> 83
